Workbook
Name Constr: '04-40703-0-0-АК.ЛС'!$A$1
Name FOT: '04-40703-0-0-АК.ЛС'!$B$19
Name Ind: '04-40703-0-0-АК.ЛС'!$C$9
Name Obj: '04-40703-0-0-АК.ЛС'!#REF!
Name Obosn: '04-40703-0-0-АК.ЛС'!$B$15
Name SmPr: '04-40703-0-0-АК.ЛС'!$B$16
Name аааааппппппрррппппппп: #REF!
Name аараооооооооооооо: #REF!
Name автом: #REF!
Name алшрльоплварл: #REF!
Name аолвлддддддддддддддддввввввввв: #REF!
Name апарв: #REF!
Name апрлдджаоырыфрпопрлпрлпрлп: #REF!
Name арлггаджаш: #REF!
Name ароррбллтблпроорапииас: #REF!
Name арррррблллпдрлдддддддддд: #REF!
Name варпаааааааааа: #REF!
Name ввпьььььлднд: #REF!
Name вед: #REF!
Name вертикальная: #REF!
Name вертикплан: #REF!
Name волен: #REF!
Name вп: #REF!
Name впырпфдыпл: #REF!
Name впьглорьтитттттттттт: #REF!
Name всввввввввввввввввввввввввв: #REF!
Name выб: #REF!
Name выпуск: #REF!
Name выьлепвввввпмп: #REF!
Name еваопродолжэрщэрзшщщх: #REF!
Name измен: #REF!
Name итого: #REF!
Name итого_сантех: #REF!
Name итого_стр: #REF!
Name итого_строит: #REF!
Name итого_технол: #REF!
Name итого_электр: #REF!
Name квота: #REF!
Name кккккккккк: #REF!
Name корек: #REF!
Name корект: #REF!
Name корректир: #REF!
Name лен: #REF!
Name лот: #REF!
Name мамиааааааааааааааааааааааааааааа: #REF!
Name ммпоослччччччччччрччапппппппппр: #REF!
Name мрол: #REF!
Name оз: #REF!
Name озелен: #REF!
Name озеленение: #REF!
Name озеленение2: #REF!
Name ОСР: #REF!
Name ОСР110: #REF!
Name ОСР111: #REF!
Name план: #REF!
Name планировка: #REF!
Name плдщхэж.юрббдлююбо: #REF!
Name площадки: #REF!
Name пос: #REF!
Name прав: #REF!

Sheet 04-40703-0-0-АК.ЛС
A1: СОГЛАСОВАНО: | J1: УТВЕРЖДАЮ:
A4: ________________ | J4: ________________
A5: " _____ " ________________ 2011 г. | J5: "______ " _______________2011 г.
E7: (наименование стройки)
D9: ЛОКАЛЬНЫЙ СМЕТНЫЙ РАСЧЕТ № 04-40703-0-0-АК.ЛС
D10: (локальная смета)
B12: на | C12: Автоматизация комплексная
E13: (наименование работ и затрат, наименование объекта)
C15: Основание: РД 04-40703-0-0-АК
C16: Сметная стоимость _______________________________________________________________________________________________ | E16: ___________________________418,834 | G16: тыс. руб.
C17: строительных работ _______________________________________________________________________________________________ | E17: _______________________________________________________________________________________________12,960 | G17: тыс. руб.
C18: монтажных работ _______________________________________________________________________________________________ | E18: _______________________________________________________________________________________________19,173 | G18: тыс. руб.
C19: оборудования _______________________________________________________________________________________________ | E19: _______________________________________________________________________________________________386,701 | G19: тыс. руб.
C20: Средства на оплату труда _______________________________________________________________________________________________ | E20: ___________________________4,119 | G20: тыс. руб.
C21: Сметная трудоемкость _______________________________________________________________________________________________ | E21: _______________________________________________________________________________________________238,08 | G21: чел.час
C22: Составлен(а) в текущих (прогнозных) ценах по состоянию на _______2011 г.
A25: № пп | B25: Обоснование | C25: Наименование | D25: Ед. изм. | E25: Кол. | F25: Стоимость единицы, руб. | J25: Общая стоимость, руб.
F26: Всего | G26: В том числе | J26: Всего | K26: В том числе
G27: Осн.З/п | H27: Эк.Маш. | I27: З/пМех | K27: Осн.З/п | L27: Эк.Маш. | M27: З/пМех
A28: 1 | B28: 2 | C28: 3 | D28: 4 | E28: 5 | F28: 6 | G28: 7 | H28: 8 | I28: 9 | J28: 10 | K28: 11 | L28: 12 | M28: 13
A29: Раздел 1. Приборы
B30: КП №75/749 от 14.10.2014 ОАО "Манотомь " лист 1 поз.1 | C30: Манометр показывающий сигнализирующий ДМ2010Сr-У2-4 кгс/кв.см КОЭФ. К ПОЗИЦИИ: приведение к базисному уровню цен на оборудование, мебель, инвентарь ПЗ=ПЗ/4,48-ПЗ; Расходы на комплектацию оборудования - согласно п.4.63 из МДС 81-35.2004 ПЗ=1% (ОЗП=1%; ЭМ=1%; МАТ=1%); Транспортные расходы - согласно п.4.60 из МДС 81-35.2004 ПЗ=3% (ОЗП=3%; ЭМ=3%; МАТ=3%); Заготовительно-складские расходы - согласно п.4.64 из МДС 81-35.2004 ПЗ=1,2% (ОЗП=1,2%; ЭМ=1,2%; МАТ=1,2%); МДС 81-35.2004 п.4.58._Стоимость тары и упаковки - для электрооборудования, КИПиА, инструмента ПЗ=1,015 (ОЗП=1,015; ЭМ=1,015; МАТ=1,015) | D30: шт | E30: 2 | F30: 238.51 | J30: 477
B31: ТЕРм11-02-022-01 Постан.Правит.Свердл.обл. от 10.11.10 №1616-ПП | C31: Ротаметр показывающий, диаметр условного прохода до 10 мм; счетчик, диаметр условного прохода до 40 мм, устанавливаемые на резьбовых (муфтовых) соединениях НР (34 руб.): 80% от ФОТ (42 руб.) СП (25 руб.): 60% от ФОТ (42 руб.) | D31: 1 шт. | E31: 2 | F31: 12.94 | G31: 12.69 | J31: 26 | K31: 25
B32: КП "Emersonprocess" лист 1 поз.2 | C32: Термопреобразователь с унифицированным выходным сигналом ТСПУ-Метран-276-03-120-0,5%-Н10...0100 КОЭФ. К ПОЗИЦИИ: приведение к базисному уровню цен на оборудование, мебель, инвентарь ПЗ=ПЗ/4,48-ПЗ; Расходы на комплектацию оборудования - согласно п.4.63 из МДС 81-35.2004 ПЗ=1% (ОЗП=1%; ЭМ=1%; МАТ=1%); Транспортные расходы - согласно п.4.60 из МДС 81-35.2004 ПЗ=3% (ОЗП=3%; ЭМ=3%; МАТ=3%); Заготовительно-складские расходы - согласно п.4.64 из МДС 81-35.2004 ПЗ=1,2% (ОЗП=1,2%; ЭМ=1,2%; МАТ=1,2%); МДС 81-35.2004 п.4.58._Стоимость тары и упаковки - для электрооборудования, КИПиА, инструмента ПЗ=1,015 (ОЗП=1,015; ЭМ=1,015; МАТ=1,015) | D32: шт | E32: 2 | F32: 789.51 | J32: 1579
B33: ТЕРм11-02-001-01 Постан.Правит.Свердл.обл. от 10.11.10 №1616-ПП | C33: Прибор, устанавливаемый на резьбовых соединениях, масса до 1,5 кг НР (39 руб.): 80% от ФОТ (49 руб.) СП (29 руб.): 60% от ФОТ (49 руб.) | D33: 1 шт. | E33: 2 | F33: 15.88 | G33: 14.39 | J33: 32 | K33: 29
B34: КП №944М от 15.10.2014 ООО "ГАЗ-КОМПЛЕКТ" лист 1 поз.3 | C34: Кондуктометрическая ячейка для измерения электропроводности ф.JUMO 202924/0010-0000-105-37-88-26/000 КОЭФ. К ПОЗИЦИИ: Итого без НДС ПЗ=ПЗ/1,18-ПЗ; приведение к базисному уровню цен на оборудование, мебель, инвентарь ПЗ=ПЗ/4,48-ПЗ; Расходы на комплектацию оборудования - согласно п.4.63 из МДС 81-35.2004 ПЗ=1% (ОЗП=1%; ЭМ=1%; МАТ=1%); Транспортные расходы - согласно п.4.60 из МДС 81-35.2004 ПЗ=3% (ОЗП=3%; ЭМ=3%; МАТ=3%); Заготовительно-складские расходы - согласно п.4.64 из МДС 81-35.2004 ПЗ=1,2% (ОЗП=1,2%; ЭМ=1,2%; МАТ=1,2%); МДС 81-35.2004 п.4.58._Стоимость тары и упаковки - для электрооборудования, КИПиА, инструмента ПЗ=1,015 (ОЗП=1,015; ЭМ=1,015; МАТ=1,015) | D34: шт | E34: 1 | F34: 440*49,95 | J34: 4443
B35: ТЕРм11-02-001-01 Постан.Правит.Свердл.обл. от 10.11.10 №1616-ПП | C35: Прибор, устанавливаемый на резьбовых соединениях, масса до 1,5 кг НР (19 руб.): 80% от ФОТ (24 руб.) СП (14 руб.): 60% от ФОТ (24 руб.) | D35: 1 шт. | E35: 1 | F35: 15.88 | G35: 14.39 | J35: 16 | K35: 14
B36: КП №944М от 15.10.2014 ООО "ГАЗ-КОМПЛЕКТ" лист 1 поз.4 | C36: Микропроцессорный регулятор электропроводности ф.JUMO 202540/00-000-000-23-00-000 КОЭФ. К ПОЗИЦИИ: Итого без НДС ПЗ=ПЗ/1,18-ПЗ; приведение к базисному уровню цен на оборудование, мебель, инвентарь ПЗ=ПЗ/4,48-ПЗ; Расходы на комплектацию оборудования - согласно п.4.63 из МДС 81-35.2004 ПЗ=1% (ОЗП=1%; ЭМ=1%; МАТ=1%); Транспортные расходы - согласно п.4.60 из МДС 81-35.2004 ПЗ=3% (ОЗП=3%; ЭМ=3%; МАТ=3%); Заготовительно-складские расходы - согласно п.4.64 из МДС 81-35.2004 ПЗ=1,2% (ОЗП=1,2%; ЭМ=1,2%; МАТ=1,2%); МДС 81-35.2004 п.4.58._Стоимость тары и упаковки - для электрооборудования, КИПиА, инструмента ПЗ=1,015 (ОЗП=1,015; ЭМ=1,015; МАТ=1,015) | D36: шт | E36: 1 | F36: 9087,06 900*49,95 | J36: 9087
B37: ТЕРм11-03-001-01 Постан.Правит.Свердл.обл. от 10.11.10 №1616-ПП | C37: Приборы, устанавливаемые на металлоконструкциях, щитах и пультах, масса до 5 кг НР (9 руб.): 80% от ФОТ (11 руб.) СП (7 руб.): 60% от ФОТ (11 руб.) | D37: 1 шт. | E37: 1 | F37: 8.41 | G37: 7.26 | J37: 8 | K37: 7
A38: Итого по разделу 1 Приборы | J38: 15896
A39: Раздел 2. Щиты и пульты
B40: КП №2014-5702 от 15.10.2014 " " лист1 поз.6 | C40: Шкаф ASD 04-40703-0-0-АК.ОЛ1 КОЭФ. К ПОЗИЦИИ: приведение к базисному уровню цен на оборудование, мебель, инвентарь ПЗ=ПЗ/4,48-ПЗ; Расходы на комплектацию оборудования - согласно п.4.63 из МДС 81-35.2004 ПЗ=1% (ОЗП=1%; ЭМ=1%; МАТ=1%); Транспортные расходы - согласно п.4.60 из МДС 81-35.2004 ПЗ=3% (ОЗП=3%; ЭМ=3%; МАТ=3%); Заготовительно-складские расходы - согласно п.4.64 из МДС 81-35.2004 ПЗ=1,2% (ОЗП=1,2%; ЭМ=1,2%; МАТ=1,2%); МДС 81-35.2004 п.4.58._Стоимость тары и упаковки - для электрооборудования, КИПиА, инструмента ПЗ=1,015 (ОЗП=1,015; ЭМ=1,015; МАТ=1,015) | D40: шт | E40: 1 | F40: 84508.09 | J40: 84508
B41: ТЕРм11-06-001-01 Постан.Правит.Свердл.обл. от 10.11.10 №1616-ПП | C41: Щиты и пульты, масса до 50 кг НР (87 руб.): 80% от ФОТ (109 руб.) СП (65 руб.): 60% от ФОТ (109 руб.) | D41: 1 шт. | E41: 1 | F41: 159.05 | G41: 64.27 | H41: 13.7 | I41: 0.73 | J41: 159 | K41: 64 | L41: 14 | M41: 1
B42: КП №2014-5702 от 15.10.2014 " " лист1 поз.7 | C42: Щиток AR 04-40703-0-0-АК.ОЛ2 КОЭФ. К ПОЗИЦИИ: приведение к базисному уровню цен на оборудование, мебель, инвентарь ПЗ=ПЗ/4,48-ПЗ; Расходы на комплектацию оборудования - согласно п.4.63 из МДС 81-35.2004 ПЗ=1% (ОЗП=1%; ЭМ=1%; МАТ=1%); Транспортные расходы - согласно п.4.60 из МДС 81-35.2004 ПЗ=3% (ОЗП=3%; ЭМ=3%; МАТ=3%); Заготовительно-складские расходы - согласно п.4.64 из МДС 81-35.2004 ПЗ=1,2% (ОЗП=1,2%; ЭМ=1,2%; МАТ=1,2%); МДС 81-35.2004 п.4.58._Стоимость тары и упаковки - для электрооборудования, КИПиА, инструмента ПЗ=1,015 (ОЗП=1,015; ЭМ=1,015; МАТ=1,015) | D42: шт | E42: 1 | F42: 12307.7 | J42: 12308
B43: ТЕРм11-06-001-01 Постан.Правит.Свердл.обл. от 10.11.10 №1616-ПП | C43: Щиты и пульты, масса до 50 кг НР (87 руб.): 80% от ФОТ (109 руб.) СП (65 руб.): 60% от ФОТ (109 руб.) | D43: 1 шт. | E43: 1 | F43: 159.05 | G43: 64.27 | H43: 13.7 | I43: 0.73 | J43: 159 | K43: 64 | L43: 14 | M43: 1
B44: КП №2014-5702 от 15.10.2014 " " лист1 поз.8 | C44: Рабочее место оператора NW 04-40703-0-0-АК.ОЛ3 КОЭФ. К ПОЗИЦИИ: приведение к базисному уровню цен на оборудование, мебель, инвентарь ПЗ=ПЗ/4,48-ПЗ; Расходы на комплектацию оборудования - согласно п.4.63 из МДС 81-35.2004 ПЗ=1% (ОЗП=1%; ЭМ=1%; МАТ=1%); Транспортные расходы - согласно п.4.60 из МДС 81-35.2004 ПЗ=3% (ОЗП=3%; ЭМ=3%; МАТ=3%); Заготовительно-складские расходы - согласно п.4.64 из МДС 81-35.2004 ПЗ=1,2% (ОЗП=1,2%; ЭМ=1,2%; МАТ=1,2%); МДС 81-35.2004 п.4.58._Стоимость тары и упаковки - для электрооборудования, КИПиА, инструмента ПЗ=1,015 (ОЗП=1,015; ЭМ=1,015; МАТ=1,015) | D44: шт | E44: 1 | F44: 2774299.5 | J44: 274299
B45: ТЕРм11-04-005-01 Постан.Правит.Свердл.обл. от 10.11.10 №1616-ПП | C45: Пульт, рабочее место, масса до 0,3 т НР (408 руб.): 92% от ФОТ (444 руб.) СП (289 руб.): 65% от ФОТ (444 руб.) | D45: 1 шт. | E45: 1 | F45: 433.03 | G45: 255.13 | H45: 132.28 | I45: 7.83 | J45: 433 | K45: 255 | L45: 132 | M45: 8
A46: Итого по разделу 2 Щиты и пульты | J46: 373238
A47: Раздел 3. Электроаппараты
B48: ТЕРм11-04-020-01 Постан.Правит.Свердл.обл. от 10.11.10 №1616-ПП | C48: Разъемы штепсельные с разделкой и включением экранированного кабеля, сечение жилы до 1 мм2, количество подключаемых жил 14 шт. КОЭФ. К ПОЗИЦИИ: ПЗ=0,85 (ОЗП=0,85; ЭМ=0,85 к расх.; ЗПМ=0,85; МАТ=0,85 к расх.; ТЗ=0,85; ТЗМ=0,85) НР (72 руб.): 92% от ФОТ (78 руб.) СП (51 руб.): 65% от ФОТ (78 руб.) | D48: 1 шт. | E48: 2 | F48: 28.78 | G48: 23.21 | J48: 58 | K48: 46
B49: Прайс "Интернет-Магазин сетевого оборудования " лист2 поз.9 | C49: Разъем для кабелей UTR RJ-45 PLUG-8P8C-UV-C5 КОЭФ. К ПОЗИЦИИ: Итого без НДС МАТ=МАТ/1,18-МАТ; приведение к базисному уровню цен на материалы МАТ=МАТ/5,73-МАТ | D49: шт | E49: 2 | F49: 4.69 | J49: 9
B50: ТЕРм11-08-001-03 Постан.Правит.Свердл.обл. от 10.11.10 №1616-ПП лист2 поз.10 | C50: Присоединение к приборам электрических проводок под винт без изготовления колец с обслуживанием НР (4 руб.): 80% от ФОТ (5 руб.) СП (3 руб.): 60% от ФОТ (5 руб.) | D50: 100 концов | E50: 0,02 2 / 100 | F50: 211.16 | G50: 148.11 | J50: 4 | K50: 3
B51: ТСЦ-509-0584 Постан.Правит.Свердл.обл. от 10.11.10 №1616-ПП | C51: Резисторы | D51: шт. | E51: 1 | F51: 1.19 | J51: 1
A52: Итого по разделу 3 Электроаппараты | J52: 236
A53: Раздел 4. Кабели и провода
B54: ТЕРм08-03-574-01 Постан.Правит.Свердл.обл. от 10.11.10 №1616-ПП | C54: Разводка по устройствам и подключение жил кабелей или проводов сечением до 10 мм2 НР (335 руб.): 95% от ФОТ (353 руб.) СП (229 руб.): 65% от ФОТ (353 руб.) | D54: 100 жил | E54: 0,89 89 / 100 | F54: 1652.15 | G54: 234.7 | H54: 2.92 | I54: 0.18 | J54: 1470 | K54: 209 | L54: 3
B55: ФЕРм08-02-390-03 И2-Пр. Минрегион от 21.12.10 №747 лист 3 поз.40 | C55: Короба пластмассовые: шириной до 120 мм КОЭФ. К ПОЗИЦИИ: Приведение расценок ФЕР к территориальному уровню (Письмо УРЦЦС Ц-297 от 12.04.2011) ОЗП=1,41; ЭМ=1,242; ЗПМ=1,41; МАТ=1,052 НР (44 руб.): 95% от ФОТ (46 руб.) СП (30 руб.): 65% от ФОТ (46 руб.) | D55: 100 м | E55: 0,1 (2*5) / 100 | F55: 419.25 | G55: 272.61 | H55: 48.52 | I55: 0.17 | J55: 42 | K55: 27 | L55: 5
B56: ТЕРм08-02-409-01 Постан.Правит.Свердл.обл. от 10.11.10 №1616-ПП лист 4 поз.46 | C56: Труба винипластовая по установленным конструкциям, по стенам и колоннам с креплением скобами, диаметр до 25 мм =DN12 мм НР (229 руб.): 95% от ФОТ (241 руб.) СП (157 руб.): 65% от ФОТ (241 руб.) | D56: 100 м | E56: 0,2548 (26*0,98) / 100 | F56: 2435.2 | G56: 315.35 | H56: 611.58 | I56: 248.83 | J56: 620 | K56: 80 | L56: 156 | M56: 63
B57: ТЕРм08-02-409-01 Постан.Правит.Свердл.обл. от 10.11.10 №1616-ПП лист 4 поз.47 | C57: Труба винипластовая по установленным конструкциям, по стенам и колоннам с креплением скобами, диаметр до 25 мм =DN20 мм НР (160 руб.): 95% от ФОТ (168 руб.) СП (109 руб.): 65% от ФОТ (168 руб.) | D57: 100 м | E57: 0,1764 (18*0,98) / 100 | F57: 2435.2 | G57: 315.35 | H57: 611.58 | I57: 248.83 | J57: 430 | K57: 56 | L57: 108 | M57: 44
B58: ТЕРм08-02-395-01 Постан.Правит.Свердл.обл. от 10.11.10 №1616-ПП | C58: Лоток металлический штампованный по установленным конструкциям, ширина лотка до 200 мм НР (188 руб.): 95% от ФОТ (198 руб.) СП (129 руб.): 65% от ФОТ (198 руб.) | D58: 1 т | E58: 0,095285 95,285/1000 | F58: 2242.32 | G58: 894.38 | H58: 1248.2 | I58: 337.7 | J58: 214 | K58: 85 | L58: 119 | M58: 32
B59: ТЕРм08-02-147-01 Постан.Правит.Свердл.обл. от 10.11.10 №1616-ПП лист 2 поз.11-16 | C59: Кабель до 35 кВ по установленным конструкциям и лоткам с креплением на поворотах и в конце трассы, масса 1 м кабеля до 1 кг НР (1497 руб.): 95% от ФОТ (1576 руб.) СП (1024 руб.): 65% от ФОТ (1576 руб.) | D59: 100 м кабеля | E59: 4,4884 (458*0,98) / 100 | F59: 806.06 | G59: 157.18 | H59: 456.3 | I59: 50.35 | J59: 3618 | K59: 705 | L59: 2048 | M59: 226
B60: ТЕРм08-02-158-04 Постан.Правит.Свердл.обл. от 10.11.10 №1616-ПП | C60: Заделка концевая сухая для контрольного кабеля сечением одной жилы до 2,5 мм2, количество жил до 4 НР (106 руб.): 95% от ФОТ (112 руб.) СП (73 руб.): 65% от ФОТ (112 руб.) | D60: 1 шт. | E60: 18 | F60: 38.4 | G60: 3.52 | H60: 2.92 | I60: 0.18 | J60: 691 | K60: 63 | L60: 53 | M60: 3
B61: ТЕРм08-02-158-07 Постан.Правит.Свердл.обл. от 10.11.10 №1616-ПП | C61: Заделка концевая сухая для контрольного кабеля сечением одной жилы до 2,5 мм2, количество жил до 14 НР (90 руб.): 95% от ФОТ (95 руб.) СП (62 руб.): 65% от ФОТ (95 руб.) | D61: 1 шт. | E61: 6 | F61: 46.46 | G61: 9.35 | H61: 2.92 | I61: 0.18 | J61: 279 | K61: 56 | L61: 18 | M61: 1
B62: ТЕРм08-02-152-15 Постан.Правит.Свердл.обл. от 10.11.10 №1616-ПП лист 3 поз.34 | C62: Скоба, масса до 6,5 кг НР (1 руб.): 95% от ФОТ (1 руб.) СП (1 руб.): 65% от ФОТ (1 руб.) | D62: 100 шт. | E62: 0,04 4 / 100 | F62: 34.69 | G62: 30.49 | H62: 2.92 | I62: 0.18 | J62: 1 | K62: 1
B63: ТЕРм08-02-152-07 Постан.Правит.Свердл.обл. от 10.11.10 №1616-ПП лист 3 поз.33,35 | C63: Консоль, масса до 0,4 кг НР (10 руб.): 95% от ФОТ (10 руб.) СП (7 руб.): 65% от ФОТ (10 руб.) | D63: 100 шт. | E63: 0,21 (9+12) / 100 | F63: 62.76 | G63: 27.91 | H63: 32.15 | I63: 2 | J63: 13 | K63: 6 | L63: 7
B64: ТЕРм08-02-407-03 Постан.Правит.Свердл.обл. от 10.11.10 №1616-ПП лист 4 поз.56 | C64: Труба стальная по установленным конструкциям, по стенам с креплением скобами, диаметр до 50 мм НР (361 руб.): 95% от ФОТ (380 руб.) СП (247 руб.): 65% от ФОТ (380 руб.) | D64: 100 м | E64: 0,2 20 / 100 | F64: 3549 | G64: 628.05 | H64: 1373.2 | I64: 497.53 | J64: 710 | K64: 126 | L64: 275 | M64: 100
B65: ТЕР26-02-023-01 Постан.Правит.Свердл.обл. от 10.11.10 №1616-ПП | C65: Огнезащитное уплотнение пустот кабельных проходок огнестойкой пеной DF 4 434,07 = 117 820,07 - 1300 x 87,22 НР (64 руб.): 100% от ФОТ (64 руб.) СП (45 руб.): 70% от ФОТ (64 руб.) | D65: 1 м3 нагнетенного раствора | E65: 0.016 | F65: 4434.07 | G65: 2296.76 | H65: 2137.26 | J65: 71 | K65: 37 | L65: 34
A66: Уд | B66: 1. 113-0505 | C66: Состав огнезащитный «Файрекс-600», уплотнительный | D66: кг | E66: 1300 20,8 | F66: 87.22 | J66: 1814.18
B67: Прайс ОАО"НП"ПОДОЛЬСККАБЕЛЬ" лист2 поз.11 | C67: Кабель КМПЭВнг(А)-LS 12х 0.5 КОЭФ. К ПОЗИЦИИ: приведение к базисному уровню цен на материалы МАТ=МАТ/5,73-МАТ | D67: км | E67: 0.035 | F67: 19120.42 | J67: 669
B68: Прайс ОАО"НП"ПОДОЛЬСККАБЕЛЬ" лист2 поз.12 | C68: Кабель КМПЭВнг(А)-LS 12х 0.75 КОЭФ. К ПОЗИЦИИ: приведение к базисному уровню цен на материалы МАТ=МАТ/5,73-МАТ | D68: км | E68: 0.038 | F68: 21719.02 | J68: 825
B69: Прайс ООО "Спецкабель Спб" лист2 поз.13 | C69: Спецкабель КПСВЭВнг(А)-LS 1х2х0,5 КОЭФ. К ПОЗИЦИИ: приведение к базисному уровню цен на материалы МАТ=МАТ/5,73-МАТ | D69: км | E69: 0.27 | F69: 2355.15 | J69: 636
B70: Прайс ООО "Спецкабель Спб" лист2 поз.14 | C70: Спецкабель КИПвЭВнг(А)-LS 2х2х0,78 КОЭФ. К ПОЗИЦИИ: Итого без НДС МАТ=МАТ/1,18-МАТ; приведение к базисному уровню цен на материалы МАТ=МАТ/5,73-МАТ | D70: км | E70: 0.02 | F70: 16145.18 | J70: 323
B71: Прайс ООО "Спецкабель Спб" лист2 поз.15 | C71: Кабель КВПУ-5е 4х2х0,52 КОЭФ. К ПОЗИЦИИ: Итого без НДС МАТ=МАТ/1,18-МАТ; приведение к базисному уровню цен на материалы МАТ=МАТ/5,73-МАТ | D71: км | E71: 0.07 | F71: 11649.95 | J71: 815
B72: КП №944М от 15.10.2014 ООО "ГАЗ-КОМПЛЕКТ" лист2 поз.16 | C72: Кабель 202990/09-00-25-00 JUMO (25 м) КОЭФ. К ПОЗИЦИИ: Итого без НДС МАТ=МАТ/1,18-МАТ; приведение к базисному уровню цен на материалы МАТ=МАТ/5,73-МАТ | D72: шт | E72: 1 | F72: 886,5 120*49,95 | J72: 887
B73: ТСЦ-103-0349 Постан.Правит.Свердл.обл. от 10.11.10 №1616-ПП ПРИМ | C73: Трубы стальные бесшовные, горячедеформированные со снятой фаской из стали марок 15, 20, 25, наружным диаметром 45 мм, толщина стенки 2,5 мм=труба 40х2,5 | D73: м | E73: 20 | F73: 29.86 | J73: 597
A74: Итого по разделу 4 Кабели и провода | J74: 20896
A75: Раздел 5. Монтажные изделия
B76: Прайс ООО"СветЭлектро" лис т3 поз.20 | C76: 35020 Лоток 50х50 L3000 КОЭФ. К ПОЗИЦИИ: Итого без НДС МАТ=МАТ/1,18-МАТ; приведение к базисному уровню цен на материалы МАТ=МАТ/5,73-МАТ | D76: м | E76: 105 3*35 | F76: 23.91 | J76: 2511
B77: Прайс ООО"СветЭлектро" лис т3 поз.21 | C77: 35520 Крышка с заземлением на лоток осн.50 L3000 КОЭФ. К ПОЗИЦИИ: Итого без НДС МАТ=МАТ/1,18-МАТ; приведение к базисному уровню цен на материалы МАТ=МАТ/5,73-МАТ | D77: м | E77: 105 3*35 | F77: 15.58 | J77: 1636
B78: Прайс ООО"СветЭлектро" лис т3 поз.22 | C78: 35022 Лоток 100х50 L3000 КОЭФ. К ПОЗИЦИИ: Итого без НДС МАТ=МАТ/1,18-МАТ; приведение к базисному уровню цен на материалы МАТ=МАТ/5,73-МАТ | D78: м | E78: 15 3*5 | F78: 30.36 | J78: 455
B79: Прайс ООО"СветЭлектро" лис т3 поз.23 | C79: 35522 Крышка с заземлением на лоток осн.100 L3000 КОЭФ. К ПОЗИЦИИ: Итого без НДС МАТ=МАТ/1,18-МАТ; приведение к базисному уровню цен на материалы МАТ=МАТ/5,73-МАТ | D79: м | E79: 15 3*5 | F79: 20.51 | J79: 308
B80: Прайс ООО"СветЭлектро" лис т3 поз.24 | C80: 36002 Угол CPO 90 горизонтальный 90° 100х50 КОЭФ. К ПОЗИЦИИ: Итого без НДС МАТ=МАТ/1,18-МАТ; приведение к базисному уровню цен на материалы МАТ=МАТ/5,73-МАТ | D80: шт | E80: 1 | F80: 76.57 | J80: 77
B81: Прайс ООО"СветЭлектро" лис т3 поз.25 | C81: 38002 Крышка на угол CPO 90 горизонтальный 90° осн.100 8,99 КОЭФ. К ПОЗИЦИИ: Итого без НДС МАТ=МАТ/1,18-МАТ; приведение к базисному уровню цен на материалы МАТ=МАТ/5,73-МАТ | D81: шт | E81: 1 | F81: 47.18 | J81: 47
B82: Прайс ООО"СветЭлектро" лис т3 поз.26 | C82: 37502Угол CDSD 90 вертикальный внеш. переходник прав. осн.100 H50 КОЭФ. К ПОЗИЦИИ: Итого без НДС МАТ=МАТ/1,18-МАТ; приведение к базисному уровню цен на материалы МАТ=МАТ/5,73-МАТ | D82: шт | E82: 1 | F82: 195.61 | J82: 196
B83: Прайс ООО"СветЭлектро" лис т3 поз.27 | C83: 38282 Крышка на угол CDSD/CDSS 90 вертикальный внеш. переходник осн.100 КОЭФ. К ПОЗИЦИИ: Итого без НДС МАТ=МАТ/1,18-МАТ; приведение к базисному уровню цен на материалы МАТ=МАТ/5,73-МАТ | D83: шт | E83: 1 | F83: 61.07 | J83: 61
B84: Прайс ООО"СветЭлектро" лис т3 поз.28 | C84: 37301 Пластина соединительная GTO H50 КОЭФ. К ПОЗИЦИИ: Итого без НДС МАТ=МАТ/1,18-МАТ; приведение к базисному уровню цен на материалы МАТ=МАТ/5,73-МАТ | D84: шт | E84: 80 | F84: 5.21 | J84: 417
B85: Прайс ООО"СветЭлектро" лис т3 поз.29 | C85: 37501 Пластина PTCE для заземления (медь+ никель) КОЭФ. К ПОЗИЦИИ: Итого без НДС МАТ=МАТ/1,18-МАТ; приведение к базисному уровню цен на материалы МАТ=МАТ/5,73-МАТ | D85: шт | E85: 40 | F85: 6.33 | J85: 253
B86: Прайс ООО"СветЭлектро" лис т3 поз.30 | C86: CM010610 Винт с крестообразным шлицем М6х10 КОЭФ. К ПОЗИЦИИ: Итого без НДС МАТ=МАТ/1,18-МАТ; приведение к базисному уровню цен на материалы МАТ=МАТ/5,73-МАТ | D86: шт | E86: 200 | F86: 0.28 | J86: 56
B87: Прайс ООО"СветЭлектро" лис т3 поз.31 | C87: CM100600 Гайка с насечкой, препятствующей откручиванию М62 КОЭФ. К ПОЗИЦИИ: Итого без НДС МАТ=МАТ/1,18-МАТ; приведение к базисному уровню цен на материалы МАТ=МАТ/5,73-МАТ | D87: шт | E87: 200 | F87: 0.29 | J87: 58
B88: Прайс ООО"СветЭлектро" лис т3 поз.32 | C88: CM030508 Винт для электрического соединения М5х8 КОЭФ. К ПОЗИЦИИ: Итого без НДС МАТ=МАТ/1,18-МАТ; приведение к базисному уровню цен на материалы МАТ=МАТ/5,73-МАТ | D88: шт | E88: 200 | F88: 0.43 | J88: 86
B89: Прайс ООО"СветЭлектро" лис т3 поз.33 | C89: BBL4010 Консоль с опорой ML облегченная осн. 100 КОЭФ. К ПОЗИЦИИ: Итого без НДС МАТ=МАТ/1,18-МАТ; приведение к базисному уровню цен на материалы МАТ=МАТ/5,73-МАТ | D89: шт | E89: 9 | F89: 17.09 | J89: 154
B90: Прайс ООО"СветЭлектро" лис т3 поз.34 | C90: BMM1010 Крепление ТМ к стене для вертикального монтажа осн.100 КОЭФ. К ПОЗИЦИИ: Итого без НДС МАТ=МАТ/1,18-МАТ; приведение к базисному уровню цен на материалы МАТ=МАТ/5,73-МАТ | D90: шт | E90: 4 | F90: 33.78 | J90: 135
B91: Прайс ООО"СветЭлектро" лис т3 поз.35 | C91: BBA1005 Скоба CS на лоток с осн.50 КОЭФ. К ПОЗИЦИИ: Итого без НДС МАТ=МАТ/1,18-МАТ; приведение к базисному уровню цен на материалы МАТ=МАТ/5,73-МАТ | D91: шт | E91: 12 | F91: 28.04 | J91: 336
... B95: Прайс ООО"СветЭлектро" лис т3 поз.39 | C95: CM120800 Шайба белого цвета М8 кузовная DIN9021 КОЭФ. К ПОЗИЦИИ: Итого без НДС МАТ=МАТ/1,18-МАТ; приведение к базисному уровню цен на материалы МАТ=МАТ/5,73-МАТ | D95: шт | E95: 24 | F95: 0.29 | J95: 7
B96: Прайс ООО"СветЭлектро" лис т3 поз.40 | C96: 01780 TA-GN 60x40 Короб с крышкой, с направляющими для установки разделителей КОЭФ. К ПОЗИЦИИ: Итого без НДС МАТ=МАТ/1,18-МАТ; приведение к базисному уровню цен на материалы МАТ=МАТ/5,73-МАТ | D96: м | E96: 10 2*5 | F96: 28.95 | J96: 290
B97: Прайс ООО"СветЭлектро" лис т3 поз.41 | C97: 00885 GAN 60 Накладка на стык крышки КОЭФ. К ПОЗИЦИИ: Итого без НДС МАТ=МАТ/1,18-МАТ; приведение к базисному уровню цен на материалы МАТ=МАТ/5,73-МАТ | D97: шт | E97: 4 | F97: 5.86 | J97: 23
B98: Прайс ООО"СветЭлектро" лис т4 поз.42 | C98: 01823 NIA 60х40 Угол внутренний неизменяемый (90°) КОЭФ. К ПОЗИЦИИ: Итого без НДС МАТ=МАТ/1,18-МАТ; приведение к базисному уровню цен на материалы МАТ=МАТ/5,73-МАТ | D98: шт | E98: 2 | F98: 18.15 | J98: 36
B99: Прайс ООО"СветЭлектро" лис т4 поз.43 | C99: 01739 NPAN 60x40 Угол плоский КОЭФ. К ПОЗИЦИИ: Итого без НДС МАТ=МАТ/1,18-МАТ; приведение к базисному уровню цен на материалы МАТ=МАТ/5,73-МАТ | D99: шт | E99: 2 | F99: 27.9 | J99: 56
B100: Прайс ООО"СветЭлектро" лис т4 поз.44 | C100: 02307 GTA-SN 40 Соединитель оснований коробов внутренний КОЭФ. К ПОЗИЦИИ: Итого без НДС МАТ=МАТ/1,18-МАТ; приведение к базисному уровню цен на материалы МАТ=МАТ/5,73-МАТ | D100: шт | E100: 6 | F100: 22.36 | J100: 134
B101: Прайс ООО"СветЭлектро" лис т4 поз.45 | C101: 06541 Саморез 3,5х50 мм с дюбелем F6 КОЭФ. К ПОЗИЦИИ: Итого без НДС МАТ=МАТ/1,18-МАТ; приведение к базисному уровню цен на материалы МАТ=МАТ/5,73-МАТ | D101: шт | E101: 100 | F101: 0.75 | J101: 75
B102: Прайс ООО"СветЭлектро" лис т4 поз.46 | C102: 57012 Труба гибкая армированная внутр. д.12мм оссийский метр 0,00061 0,09 42,24 КОЭФ. К ПОЗИЦИИ: Итого без НДС МАТ=МАТ/1,18-МАТ; приведение к базисному уровню цен на материалы МАТ=МАТ/5,73-МАТ | D102: м | E102: 26 | F102: 6.25 | J102: 163
B103: Прайс ООО"СветЭлектро" лис т4 поз.47 | C103: 57020 Труба гибкая армированная внутр. д.20 мм КОЭФ. К ПОЗИЦИИ: Итого без НДС МАТ=МАТ/1,18-МАТ; приведение к базисному уровню цен на материалы МАТ=МАТ/5,73-МАТ | D103: м | E103: 18 | F103: 8.72 | J103: 157
B104: Прайс ООО"СветЭлектро" лис т4 поз.48 | C104: 25208 Хомут P6.6 стандартный, белый, 3,6x370 КОЭФ. К ПОЗИЦИИ: Итого без НДС МАТ=МАТ/1,18-МАТ; приведение к базисному уровню цен на материалы МАТ=МАТ/5,73-МАТ | D104: шт | E104: 300 100*3 | F104: 0.46 | J104: 138
B105: Прайс ООО"СветЭлектро" лис т4 поз.49 | C105: 51263 Держатель с хомутиком, д.25 - 63мм КОЭФ. К ПОЗИЦИИ: Итого без НДС МАТ=МАТ/1,18-МАТ; приведение к базисному уровню цен на материалы МАТ=МАТ/5,73-МАТ | D105: шт | E105: 10 | F105: 3.87 | J105: 39
B106: Прайс ООО"СветЭлектро" лис т4 поз.50 | C106: 63768 Крепежный комплект для стальных хомутов (винт-шуруп и дюбель) КОЭФ. К ПОЗИЦИИ: Итого без НДС МАТ=МАТ/1,18-МАТ; приведение к базисному уровню цен на материалы МАТ=МАТ/5,73-МАТ | D106: шт | E106: 10 | F106: 1.09 | J106: 11
B107: Прайс ООО"СветЭлектро" лис т4 поз.51 | C107: 55112 Переходник армированная труба-коробка, IP65, 3/8", д.12мм КОЭФ. К ПОЗИЦИИ: Итого без НДС МАТ=МАТ/1,18-МАТ; приведение к базисному уровню цен на материалы МАТ=МАТ/5,73-МАТ | D107: шт | E107: 8 | F107: 8.02 | J107: 64
B108: Прайс ООО"СветЭлектро" лис т4 поз.52 | C108: 55120 Переходник армированная труба-коробка, IP65, 3/4", д.20мм КОЭФ. К ПОЗИЦИИ: Итого без НДС МАТ=МАТ/1,18-МАТ; приведение к базисному уровню цен на материалы МАТ=МАТ/5,73-МАТ | D108: шт | E108: 5 | F108: 9.25 | J108: 46
B109: Прайс ООО"СветЭлектро" лис т4 поз.55 | C109: DF1201 Пена однокомп. огнезащитная балл.740 мл КОЭФ. К ПОЗИЦИИ: Итого без НДС МАТ=МАТ/1,18-МАТ; приведение к базисному уровню цен на материалы МАТ=МАТ/5,73-МАТ | D109: шт | E109: 2 | F109: 196.17 | J109: 392
A110: Итого по разделу 5 Монтажные изделия | J110: 8568
A111: ИТОГИ ПО СМЕТЕ:
...

Sheet 04-40703-0-0-ОВ.ЛС
A1: СОГЛАСОВАНО: | J1: УТВЕРЖДАЮ:
A4: ________________ | J4: ________________
A5: " _____ " ________________ 2011 г. | J5: "______ " _______________2011 г.
E7: (наименование стройки)
D9: ЛОКАЛЬНЫЙ СМЕТНЫЙ РАСЧЕТ № 04-40703-00-ОВ.ЛС
D10: (локальная смета)
B12: на | C12: Вентиляция
E13: (наименование работ и затрат, наименование объекта)
C15: Основание: РД 04-40703-0-0-ОВ
C16: Сметная стоимость строительных работ _______________________________________________________________________________________________ | E16: ___________________________67,147 | G16: тыс. руб.
C17: Средства на оплату труда _______________________________________________________________________________________________ | E17: ___________________________3,954 | G17: тыс. руб.
C18: Сметная трудоемкость _______________________________________________________________________________________________ | E18: _______________________________________________________________________________________________306,05 | G18: чел.час
C19: Составлен(а) в текущих (прогнозных) ценах по состоянию на _______2011 г.
A22: № пп | B22: Обоснование | C22: Наименование | D22: Ед. изм. | E22: Кол. | F22: Стоимость единицы, руб. | J22: Общая стоимость, руб.
F23: Всего | G23: В том числе | J23: Всего | K23: В том числе
G24: Осн.З/п | H24: Эк.Маш. | I24: З/пМех | K24: Осн.З/п | L24: Эк.Маш. | M24: З/пМех
A25: 1 | B25: 2 | C25: 3 | D25: 4 | E25: 5 | F25: 6 | G25: 7 | H25: 8 | I25: 9 | J25: 10 | K25: 11 | L25: 12 | M25: 13
A26: Раздел 1. ПУI
B27: ТЕР20-03-001-02 Постан.Правит.Свердл.обл. от 10.11.10 №1616-ПП лист 1 поз.1 | C27: Установка вентиляторов радиальных массой до 0,12 т НР (237 руб.): 128% от ФОТ (185 руб.) СП (154 руб.): 83% от ФОТ (185 руб.) | D27: 1 вентилятор | E27: 1 | F27: 138.43 | G27: 108.09 | H27: 15.2 | I27: 0.55 | J27: 138 | K27: 108 | L27: 15 | M27: 1
B28: Коммерческое предложение № 0000016954 от 15 сентября 2014 г. ООО "ВЕЗА" лист 1 поз.1 | C28: Вентилятор УНИВЕНТ-4-4-3-1-01 КОЭФ. К ПОЗИЦИИ: Итого без НДС МАТ=МАТ/1,18-МАТ; приведение к базисному уровню цен на материалы МАТ=МАТ/5,73-МАТ | D28: шт. | E28: 1 | F28: 2900.29 | J28: 2900
B29: ТЕР20-02-006-08 Постан.Правит.Свердл.обл. от 10.11.10 №1616-ПП лист 1 поз.2 | C29: Установка заслонок воздушных и клапанов воздушных КВР с электрическим или пневматическим приводом периметром до 2400 мм НР (69 руб.): 128% от ФОТ (54 руб.) СП (45 руб.): 83% от ФОТ (54 руб.) | D29: 1 шт. | E29: 1 | F29: 70.98 | G29: 31.7 | H29: 4.89 | I29: 0.18 | J29: 71 | K29: 32 | L29: 5
B30: КП ООО "ВЕЗА" лист 1 поз.2 | C30: Клапан РЕГУЛЯР-Л-500х500-Н-1*LM230A-S-У = 8826 КОЭФ. К ПОЗИЦИИ: Итого без НДС МАТ=МАТ/1,18-МАТ; приведение к базисному уровню цен на материалы МАТ=МАТ/5,73-МАТ | D30: шт. | E30: 1 | F30: 1305.35 | J30: 1305
B31: ТСЦ-101-0875 Постан.Правит.Свердл.обл. от 10.11.10 №1616-ПП лист 1 поз.3,4 | C31: Сетка тканая с квадратными ячейками № 05 оцинкованная | D31: м2 | E31: 0,55 0,3*0,5*2+0,5*0,5 | F31: 39 | J31: 21
B32: ТЕР20-01-001-11 Постан.Правит.Свердл.обл. от 10.11.10 №1616-ПП лист 1 поз.5,6 | C32: Прокладка воздуховодов из листовой, оцинкованной стали и алюминия класса Н (нормальные) толщиной 0,7 мм, периметром до 2400 мм НР (138 руб.): 128% от ФОТ (108 руб.) СП (90 руб.): 83% от ФОТ (108 руб.) | D32: 100 м2 поверхности воздуховодов | E32: 0,052 (4+1,2) / 100 | F32: 1821 | G32: 1232.74 | H32: 124.57 | I32: 5.1 | J32: 95 | K32: 64 | L32: 6
B33: ТСЦ-301-1795 Постан.Правит.Свердл.обл. от 10.11.10 №1616-ПП Прим. лист 1 поз.5,6 | C33: Воздуховоды из оцинкованной стали толщиной 0,7 мм, периметром от 1700 до 4000 мм | D33: м2 | E33: 5,2 4+1,2 | F33: 265.49 | J33: 1381
B34: ТСЦ-301-0478 Постан.Правит.Свердл.обл. от 10.11.10 №1616-ПП Прим. лист 1 поз.7 | C34: Крепления для воздуховодов хомуты СТД 205 | D34: т | E34: 0,008 ОКР(8/1000; 3) | F34: 9467.64 | J34: 76
B35: ТЕР20-02-019-01 Постан.Правит.Свердл.обл. от 10.11.10 №1616-ПП Прим. лист 1 поз.8 | C35: Установка кронштейнов под вентиляционное оборудование НР (17 руб.): 128% от ФОТ (13 руб.) СП (11 руб.): 83% от ФОТ (13 руб.) | D35: 100 кг изделия | E35: 0,105 10.5 / 100 | F35: 1155.74 | G35: 77.9 | H35: 14.44 | J35: 121 | K35: 8 | L35: 2
B36: Цена поставщика ВентСнаб лист 2 поз.9 | C36: Лючок для замеров параметров воздуха КОЭФ. К ПОЗИЦИИ: Итого без НДС МАТ=МАТ/1,18-МАТ; приведение к базисному уровню цен на материалы МАТ=МАТ/5,73-МАТ | D36: шт. | E36: 1 | F36: 16.71 | J36: 17
B37: ТСЦ-301-3099 Постан.Правит.Свердл.обл. от 10.11.10 №1616-ПП лист 2 п.10 | C37: Шиберы в обечайке из тонколистовой оцинкованной и сортовой стали прямоугольные периметром до 2400 мм | D37: шт. | E37: 1 | F37: 445.25 | J37: 445
A38: Итого по разделу 1 ПУI | J38: 7492
A39: Раздел 2. ПУII
B40: ТЕР20-02-006-02 Постан.Правит.Свердл.обл. от 10.11.10 №1616-ПП лист 2 поз.11 | C40: Установка заслонок воздушных и клапанов воздушных КВР с электрическим или пневматическим приводом диаметром до 355 мм НР (49 руб.): 128% от ФОТ (38 руб.) СП (32 руб.): 83% от ФОТ (38 руб.) | D40: 1 шт. | E40: 1 | F40: 38.44 | G40: 23.24 | H40: 2.24 | J40: 38 | K40: 23 | L40: 2
B41: КП ООО "ВЕЗА" лист 2 поз.11 | C41: Клапан РЕГУЛЯР-Л-315-Н-1*LM230A-S-У КОЭФ. К ПОЗИЦИИ: Итого без НДС МАТ=МАТ/1,18-МАТ; приведение к базисному уровню цен на материалы МАТ=МАТ/5,73-МАТ | D41: шт. | E41: 1 | F41: 1144.14 | J41: 1144
B42: ТЕР20-02-005-08 Постан.Правит.Свердл.обл. от 10.11.10 №1616-ПП лист 2 поз.12 | C42: Установка заслонок воздушных и клапанов воздушных КВР с ручным приводом периметром до 2400 мм НР (46 руб.): 128% от ФОТ (36 руб.) СП (30 руб.): 83% от ФОТ (36 руб.) | D42: 1 шт. | E42: 1 | F42: 57.38 | G42: 21.34 | H42: 2.15 | J42: 57 | K42: 21 | L42: 2
B43: КП ООО "ВЕЗА" лист 2 поз.11 | C43: Клапан РЕГУЛЯР-Л-700х400-Н-1*NM230A-S-У КОЭФ. К ПОЗИЦИИ: Итого без НДС МАТ=МАТ/1,18-МАТ; приведение к базисному уровню цен на материалы МАТ=МАТ/5,73-МАТ | D43: шт. | E43: 1 | F43: 1615.94 | J43: 1616
B44: ТСЦ-101-0875 Постан.Правит.Свердл.обл. от 10.11.10 №1616-ПП лист 2 поз.13 | C44: Сетка тканая с квадратными ячейками № 05 оцинкованная | D44: м2 | E44: 0,64 0.4*0.4*4 | F44: 39 | J44: 25
B45: ТЕР20-01-001-05 Постан.Правит.Свердл.обл. от 10.11.10 №1616-ПП | C45: Прокладка воздуховодов из листовой, оцинкованной стали и алюминия класса Н (нормальные) толщиной 0,6 мм, диаметром до 355 мм НР (264 руб.): 128% от ФОТ (206 руб.) СП (171 руб.): 83% от ФОТ (206 руб.) | D45: 100 м2 поверхности воздуховодов | E45: 0,0645 (4.95+1.5) / 100 | F45: 2537.97 | G45: 1893.46 | H45: 139.84 | I45: 7.83 | J45: 164 | K45: 122 | L45: 9 | M45: 1
B46: ТСЦ-301-1790 Постан.Правит.Свердл.обл. от 10.11.10 №1616-ПП | C46: Воздуховоды из оцинкованной стали толщиной 0,6 мм, диаметром до 450 мм | D46: м2 | E46: 6,45 4.95+1.5 | F46: 214.85 | J46: 1386
B47: ТСЦ-301-0478 Постан.Правит.Свердл.обл. от 10.11.10 №1616-ПП Прим. лист 3 поз.16 | C47: Крепления для воздуховодов хомуты СТД 205 | D47: т | E47: 0,004 ОКР((3.6)/1000; 3) | F47: 9467.64 | J47: 38
B48: Цена поставщика ВентСнаб лист 3 поз.17 | C48: Лючок для замеров параметров воздуха КОЭФ. К ПОЗИЦИИ: Итого без НДС МАТ=МАТ/1,18-МАТ; приведение к базисному уровню цен на материалы МАТ=МАТ/5,73-МАТ | D48: шт. | E48: 2 | F48: 16.71 | J48: 33
A49: Итого по разделу 2 ПУII | J49: 5220
A50: Раздел 3. ВУI
B51: ТЕР20-03-001-01 Постан.Правит.Свердл.обл. от 10.11.10 №1616-ПП лист 3 поз.19 | C51: Установка вентиляторов радиальных массой до 0,05 т НР (170 руб.): 128% от ФОТ (133 руб.) СП (110 руб.): 83% от ФОТ (133 руб.) | D51: 1 вентилятор | E51: 1 | F51: 100.35 | G51: 78.55 | H51: 6.66 | I51: 0.18 | J51: 100 | K51: 79 | L51: 7
B52: Коммерческое предложение № 0000016954 от 15 сентября 2014 г. ООО "ВЕЗА" лист 3 поз.19 | C52: Вентилятор УНИВЕНТ-2,5-2-2-1-01 КОЭФ. К ПОЗИЦИИ: Итого без НДС МАТ=МАТ/1,18-МАТ; приведение к базисному уровню цен на материалы МАТ=МАТ/5,73-МАТ | D52: шт. | E52: 1 | F52: 1964.09 | J52: 1964
B53: ТЕР20-02-006-02 Постан.Правит.Свердл.обл. от 10.11.10 №1616-ПП лист 3 поз.20 | C53: Установка заслонок воздушных и клапанов воздушных КВР с электрическим или пневматическим приводом диаметром до 355 мм НР (100 руб.): 128% от ФОТ (78 руб.) СП (65 руб.): 83% от ФОТ (78 руб.) | D53: 1 шт. | E53: 2 | F53: 38.44 | G53: 23.24 | H53: 2.24 | J53: 77 | K53: 46 | L53: 4
B54: КП ООО "ВЕЗА" лист 3 поз.20 | C54: Клапан РЕГУЛЯР-Л-315-Н-1*LM230A-S-У КОЭФ. К ПОЗИЦИИ: Итого без НДС МАТ=МАТ/1,18-МАТ; приведение к базисному уровню цен на материалы МАТ=МАТ/5,73-МАТ | D54: шт. | E54: 2 | F54: 1144.14 | J54: 2288
B55: ТЕР20-01-001-04 Постан.Правит.Свердл.обл. от 10.11.10 №1616-ПП Лист 3 п.21 | C55: Прокладка воздуховодов из листовой, оцинкованной стали и алюминия класса Н (нормальные) толщиной 0,6 мм, диаметром до 250 мм НР (170 руб.): 128% от ФОТ (133 руб.) СП (110 руб.): 83% от ФОТ (133 руб.) | D55: 100 м2 поверхности воздуховодов | E55: 0,038 3,8 / 100 | F55: 2812.85 | G55: 2068.04 | H55: 172.49 | I55: 9.46 | J55: 107 | K55: 79 | L55: 7
B56: ТСЦ-301-1789 Постан.Правит.Свердл.обл. от 10.11.10 №1616-ПП | C56: Воздуховоды из оцинкованной стали толщиной 0,6 мм, диаметром до 250 мм | D56: м2 | E56: 3.8 | F56: 251.81 | J56: 957
B57: ТЕР20-01-001-05 Постан.Правит.Свердл.обл. от 10.11.10 №1616-ПП Лист 3 п.22, Лист 4 п.27 | C57: Прокладка воздуховодов из листовой, оцинкованной стали и алюминия класса Н (нормальные) толщиной 0,6 мм, диаметром до 355 мм НР (1714 руб.): 128% от ФОТ (1339 руб.) СП (1111 руб.): 83% от ФОТ (1339 руб.) | D57: 100 м2 поверхности воздуховодов | E57: 0,417 (30,2+11,5) / 100 | F57: 2537.97 | G57: 1893.46 | H57: 139.84 | I57: 7.83 | J57: 1058 | K57: 790 | L57: 58 | M57: 3
B58: ТСЦ-301-1790 Постан.Правит.Свердл.обл. от 10.11.10 №1616-ПП Лист 3 п.22 , лист 4 п.27 | C58: Воздуховоды из оцинкованной стали толщиной 0,6 мм, диаметром до 450 мм | D58: м2 | E58: 41.7 | F58: 214.85 | J58: 8959
B59: ТЕР20-01-001-05 Постан.Правит.Свердл.обл. от 10.11.10 №1616-ПП Прим. Лист 4 п.23,28 | C59: Прокладка воздуховодов из листовой, оцинкованной стали и алюминия класса Н (нормальные) толщиной 0,6 мм, диаметром до 355 мм НР (268 руб.): 128% от ФОТ (209 руб.) СП (173 руб.): 83% от ФОТ (209 руб.) | D59: 100 м2 поверхности воздуховодов | E59: 0,065 (5+1,5) / 100 | F59: 2537.97 | G59: 1893.46 | H59: 139.84 | I59: 7.83 | J59: 165 | K59: 123 | L59: 9 | M59: 1
B60: ТСЦ-301-1804 Постан.Правит.Свердл.обл. от 10.11.10 №1616-ПП Прим. | C60: Воздуховоды из листовой стали толщиной 1,5 мм, диаметром до 500 мм | D60: м2 | E60: 6.5 | F60: 296.99 | J60: 1930
B61: ТСЦ-101-0875 Постан.Правит.Свердл.обл. от 10.11.10 №1616-ПП лист 4 поз.24,25 | C61: Сетка тканая с квадратными ячейками № 05 оцинкованная | D61: м2 | E61: 0,38 0.1*0.1*2+0,4*0,3*3 | F61: 39 | J61: 15
B62: ТЕР20-02-009-03 Постан.Правит.Свердл.обл. от 10.11.10 №1616-ПП | C62: Установка зонтов над шахтами из листовой стали круглого сечения диаметром 315 мм НР (17 руб.): 128% от ФОТ (13 руб.) СП (11 руб.): 83% от ФОТ (13 руб.) | D62: 1 зонт | E62: 1 | F62: 15.34 | G62: 8.28 | H62: 1.97 | J62: 15 | K62: 8 | L62: 2
B63: ТСЦ-301-0279 Постан.Правит.Свердл.обл. от 10.11.10 №1616-ПП Лист 4 п.26 | C63: Зонты вентиляционных систем из листовой оцинкованной стали, круглые, диаметром шахты 315 мм | D63: шт. | E63: 1 | F63: 229 | J63: 229
B64: ТСЦ-301-0478 Постан.Правит.Свердл.обл. от 10.11.10 №1616-ПП Прим. лист 4 поз.29 | C64: Крепления для воздуховодов хомуты СТД 205 | D64: т | E64: 0,03 ОКР(30/1000; 3) | F64: 9467.64 | J64: 284
B65: ТЕР20-02-019-01 Постан.Правит.Свердл.обл. от 10.11.10 №1616-ПП Прим. лист 4 поз.29.1 | C65: Установка кронштейнов под вентиляционное оборудование НР (13 руб.): 128% от ФОТ (10 руб.) СП (8 руб.): 83% от ФОТ (10 руб.) | D65: 100 кг изделия | E65: 0,08 8 / 100 | F65: 1155.74 | G65: 77.9 | H65: 14.44 | J65: 92 | K65: 6 | L65: 1
B66: ТЕР20-02-020-01 Постан.Правит.Свердл.обл. от 10.11.10 №1616-ПП | C66: Установка виброизолятора номер 38 НР (46 руб.): 128% от ФОТ (36 руб.) СП (30 руб.): 83% от ФОТ (36 руб.) | D66: 10 виброизоляторов | E66: 0,4 4 / 10 | F66: 86.73 | G66: 51.69 | H66: 1.09 | J66: 35 | K66: 21
B67: ТСЦ-301-0144 Постан.Правит.Свердл.обл. от 10.11.10 №1616-ПП | C67: Виброизоляторы пружинные до № 38 | D67: шт. | E67: 4 | F67: 55.34 | J67: 221
B68: ТСЦ-301-3090 Постан.Правит.Свердл.обл. от 10.11.10 №1616-ПП | C68: Шиберы в обечайке из тонколистовой оцинкованной и сортовой стали круглые диаметром до 315 мм | D68: шт. | E68: 1 | F68: 113.9 | J68: 114
B69: ТСЦ-301-1901 Постан.Правит.Свердл.обл. от 10.11.10 №1616-ПП | C69: Дроссель-клапаны в обечайке с сектором управления из тонколистовой оцинкованной и сортовой стали круглые диаметром до 280 мм | D69: шт. | E69: 1 | F69: 131.5 | J69: 132
B70: ТСЦ-301-1902 Постан.Правит.Свердл.обл. от 10.11.10 №1616-ПП | C70: Дроссель-клапаны в обечайке с сектором управления из тонколистовой оцинкованной и сортовой стали круглые диаметром до 450 мм | D70: шт. | E70: 1 | F70: 212 | J70: 212
B71: Цена поставщика ВентСнаб лист 4 поз.33 | C71: Лючок для замеров параметров воздуха КОЭФ. К ПОЗИЦИИ: Итого без НДС МАТ=МАТ/1,18-МАТ; приведение к базисному уровню цен на материалы МАТ=МАТ/5,73-МАТ | D71: шт. | E71: 2 | F71: 16.71 | J71: 33
A72: Итого по разделу 3 ВУI | J72: 23961
A73: Раздел 4. ВУII
B74: ТЕР20-03-001-02 Постан.Правит.Свердл.обл. от 10.11.10 №1616-ПП лист 3 поз.19 | C74: Установка вентиляторов радиальных массой до 0,12 т НР (237 руб.): 128% от ФОТ (185 руб.) СП (154 руб.): 83% от ФОТ (185 руб.) | D74: 1 вентилятор | E74: 1 | F74: 138.43 | G74: 108.09 | H74: 15.2 | I74: 0.55 | J74: 138 | K74: 108 | L74: 15 | M74: 1
B75: Коммерческое предложение № 0000016954 от 15 сентября 2014 г. ООО "ВЕЗА" лист 5 поз.35 | C75: Вентилятор УНИВЕНТ-4-4-1-1,1-01 КОЭФ. К ПОЗИЦИИ: Итого без НДС МАТ=МАТ/1,18-МАТ; приведение к базисному уровню цен на материалы МАТ=МАТ/5,73-МАТ | D75: шт. | E75: 1 | F75: 3264.12 | J75: 3264
B76: ТЕР20-02-006-02 Постан.Правит.Свердл.обл. от 10.11.10 №1616-ПП лист 3 поз.20 | C76: Установка заслонок воздушных и клапанов воздушных КВР с электрическим или пневматическим приводом диаметром до 355 мм НР (100 руб.): 128% от ФОТ (78 руб.) СП (65 руб.): 83% от ФОТ (78 руб.) | D76: 1 шт. | E76: 2 | F76: 38.44 | G76: 23.24 | H76: 2.24 | J76: 77 | K76: 46 | L76: 4
B77: КП ООО "ВЕЗА" лист 5 поз.36 | C77: Клапан РЕГУЛЯР-Л-315-Н-1*LM230A-S-У КОЭФ. К ПОЗИЦИИ: Итого без НДС МАТ=МАТ/1,18-МАТ; приведение к базисному уровню цен на материалы МАТ=МАТ/5,73-МАТ | D77: шт. | E77: 2 | F77: 1144.14 | J77: 2288
B78: ТЕР20-01-001-05 Постан.Правит.Свердл.обл. от 10.11.10 №1616-ПП | C78: Прокладка воздуховодов из листовой, оцинкованной стали и алюминия класса Н (нормальные) толщиной 0,6 мм, диаметром до 355 мм НР (82 руб.): 128% от ФОТ (64 руб.) СП (53 руб.): 83% от ФОТ (64 руб.) | D78: 100 м2 поверхности воздуховодов | E78: 0,0195 (1,5+0.45) / 100 | F78: 2537.97 | G78: 1893.46 | H78: 139.84 | I78: 7.83 | J78: 49 | K78: 37 | L78: 3
B79: ТСЦ-301-1789 Постан.Правит.Свердл.обл. от 10.11.10 №1616-ПП | C79: Воздуховоды из оцинкованной стали толщиной 0,6 мм, диаметром до 250 мм | D79: м2 | E79: 1.95 | F79: 251.81 | J79: 491
B80: ТСЦ-301-0478 Постан.Правит.Свердл.обл. от 10.11.10 №1616-ПП Прим. лист 5 поз.39 | C80: Крепления для воздуховодов хомуты СТД 205 | D80: т | E80: 0,001 ОКР(1.1/1000; 3) | F80: 9467.64 | J80: 9
B81: ТЕР20-02-019-01 Постан.Правит.Свердл.обл. от 10.11.10 №1616-ПП Прим. лист 5 поз.39.1 | C81: Установка кронштейнов под вентиляционное оборудование НР (13 руб.): 128% от ФОТ (10 руб.) СП (8 руб.): 83% от ФОТ (10 руб.) | D81: 100 кг изделия | E81: 0,08 8 / 100 | F81: 1155.74 | G81: 77.9 | H81: 14.44 | J81: 92 | K81: 6 | L81: 1
B82: ТЕР20-02-020-03 Постан.Правит.Свердл.обл. от 10.11.10 №1616-ПП Прим. ВР-201 | C82: Установка виброизолятора номер 40 НР (59 руб.): 128% от ФОТ (46 руб.) СП (38 руб.): 83% от ФОТ (46 руб.) | D82: 10 виброизоляторов | E82: 0,4 4 / 10 | F82: 119.42 | G82: 67.06 | H82: 1.09 | J82: 48 | K82: 27
B83: Цена поставщика ООО ТД Уралвентиляция лист 5 поз.40 | C83: Виброизолятор ВР-201=3000 КОЭФ. К ПОЗИЦИИ: Итого без НДС МАТ=МАТ/1,18-МАТ; приведение к базисному уровню цен на материалы МАТ=МАТ/5,73-МАТ | D83: шт. | E83: 4 | F83: 443.69 | J83: 1775
B84: ТСЦ-301-3090 Постан.Правит.Свердл.обл. от 10.11.10 №1616-ПП | C84: Шиберы в обечайке из тонколистовой оцинкованной и сортовой стали круглые диаметром до 315 мм | D84: шт. | E84: 1 | F84: 113.9 | J84: 114
B85: Цена поставщика ВентСнаб лист 5 поз.42 | C85: Лючок для замеров параметров воздуха КОЭФ. К ПОЗИЦИИ: Итого без НДС МАТ=МАТ/1,18-МАТ; приведение к базисному уровню цен на материалы МАТ=МАТ/5,73-МАТ | D85: шт. | E85: 2 | F85: 16.71 | J85: 33
A86: Итого по разделу 4 ВУII | J86: 9348
A87: Раздел 5. Т31, Т32
B88: ТСЦ-101-0875 Постан.Правит.Свердл.обл. от 10.11.10 №1616-ПП лист 6 поз.45,46 | C88: Сетка тканая с квадратными ячейками № 05 оцинкованная | D88: м2 | E88: 4 0.5*1*2+0,75*1*4 | F88: 39 | J88: 156
B89: ТЕР20-01-001-14 Постан.Правит.Свердл.обл. от 10.11.10 №1616-ПП | C89: Прокладка воздуховодов из листовой, оцинкованной стали и алюминия класса Н (нормальные) толщиной 0,7 мм, периметром 4000 мм НР (617 руб.): 128% от ФОТ (482 руб.) СП (400 руб.): 83% от ФОТ (482 руб.) | D89: 100 м2 поверхности воздуховодов | E89: 0,338 (26+7,8) / 100 | F89: 1385.79 | G89: 838.01 | H89: 120.16 | I89: 5.28 | J89: 468 | K89: 283 | L89: 41 | M89: 2
B90: ТЕР20-01-001-12 Постан.Правит.Свердл.обл. от 10.11.10 №1616-ПП | C90: Прокладка воздуховодов из листовой, оцинкованной стали и алюминия класса Н (нормальные) толщиной 0,7 мм, периметром до 3200 мм НР (640 руб.): 128% от ФОТ (500 руб.) СП (415 руб.): 83% от ФОТ (500 руб.) | D90: 100 м2 поверхности воздуховодов | E90: 0,2942 (22,62+14,6-7,8) / 100 | F90: 1531.47 | G90: 996.44 | H90: 130.58 | I90: 5.64 | J90: 451 | K90: 293 | L90: 38 | M90: 2
B91: ТСЦ-301-1797 Постан.Правит.Свердл.обл. от 10.11.10 №1616-ПП | C91: Воздуховоды из оцинкованной стали толщиной 0,9 мм, периметром до 7200 мм | D91: м2 | E91: 63,22 33,8+29,42 | F91: 272.33 | J91: 17217
B92: ТСЦ-301-0478 Постан.Правит.Свердл.обл. от 10.11.10 №1616-ПП Прим. лист 6 поз.50 | C92: Крепления для воздуховодов хомуты СТД 205 | D92: т | E92: 0,034 ОКР(34/1000; 3) | F92: 9467.64 | J92: 322
A93: Итого по разделу 5 Т31, Т32 | J93: 21126
A94: ИТОГИ ПО СМЕТЕ:
A95: Итого прямые затраты по смете в ценах 2001г. | J95: 57050 | K95: 2330 | L95: 231 | M95: 11
A96: Итого прямые затраты по смете с учетом коэффициентов к итогам | J96: 58804 | K96: 3939 | L96: 376 | M96: 15
A97: Накладные расходы | J97: 5061
A98: Сметная прибыль | J98: 3282
A99: Итоги по смете:
A100: Итоги по разделу 1 ПУI :
A101: Сантехнические работы - внутренние (трубопроводы, водопровод, канализация, отопление, газоснабжение, вентиляция и кондиционирование воздуха):
A102: Итого Поз. | J102: 2348 | K102: 212 | L102: 28 | M102: 1
A103: Всего с учетом районного к-та 4,34% | J103: 2357 | K103: 221 | L103: 28 | M103: 1
A104: Всего с учетом "МДС35 пр.1 т.1 п.3._Производство строительных и других работ в существующих зданиях и сооружениях в стесненных условиях: с наличием в зоне производства работ действующего технологического оборудования (станков, установок, кранов и т.п.) или загромождающих предметов (лабораторное оборудование, мебель и т. п.) или движения транспорта по внутрицеховым путям ОЗП=1,35; ЭМ=1,35; ЗПМ=1,35; ТЗ=1,35; ТЗМ=1,35" | J104: 2444 | K104: 298 | L104: 38 | M104: 1
A105: Всего с учетом "МДС35 пр.1 т.1 п.5._Производство строительных и других работ вблизи объектов, находящихся под высоким напряжением, в том числе в охранной зоне действующей воздушной линии электропередачи ОЗП=1,2; ЭМ=1,2; ЗПМ=1,2; ТЗ=1,2; ТЗМ=1,2" | J105: 2512 | K105: 358 | L105: 46 | M105: 1
A106: Накладные расходы 128% ФОТ (от 359) | J106: 460
A107: Сметная прибыль 83% ФОТ (от 359) | J107: 298
A108: Итого c накладными и см. прибылью | J108: 3270
...

Sheet 04-40703-0-0-ЭМ.ЛС изм.1
A1: СОГЛАСОВАНО: | J1: УТВЕРЖДАЮ:
A4: ________________ | J4: ________________
A5: " _____ " ________________ 2011 г. | J5: "______ " _______________2011 г.
E7: (наименование стройки)
D9: ЛОКАЛЬНЫЙ СМЕТНЫЙ РАСЧЕТ № 04-40703-0-0-ЭМ.ЛС изм.1
D10: (локальная смета)
B12: на | C12: Силовое электрооборудование
E13: (наименование работ и затрат, наименование объекта)
C15: Основание: 04-40703-0-0-ЭМ
C16: Сметная стоимость _______________________________________________________________________________________________ | E16: ___________________________125,448 | G16: тыс. руб.
C17: строительных работ _______________________________________________________________________________________________ | E17: _______________________________________________________________________________________________45,948 | G17: тыс. руб.
C18: монтажных работ _______________________________________________________________________________________________ | E18: _______________________________________________________________________________________________55,124 | G18: тыс. руб.
C19: оборудования _______________________________________________________________________________________________ | E19: _______________________________________________________________________________________________24,376 | G19: тыс. руб.
C20: Средства на оплату труда _______________________________________________________________________________________________ | E20: ___________________________11,752 | G20: тыс. руб.
C21: Сметная трудоемкость _______________________________________________________________________________________________ | E21: _______________________________________________________________________________________________721 | G21: чел.час
C22: Составлен(а) в текущих (прогнозных) ценах по состоянию на _______2011 г.
A25: № пп | B25: Обоснование | C25: Наименование | D25: Ед. изм. | E25: Кол. | F25: Стоимость единицы, руб. | J25: Общая стоимость, руб.
F26: Всего | G26: В том числе | J26: Всего | K26: В том числе
G27: Осн.З/п | H27: Эк.Маш. | I27: З/пМех | K27: Осн.З/п | L27: Эк.Маш. | M27: З/пМех
A28: 1 | B28: 2 | C28: 3 | D28: 4 | E28: 5 | F28: 6 | G28: 7 | H28: 8 | I28: 9 | J28: 10 | K28: 11 | L28: 12 | M28: 13
A29: Раздел 1. Оборудование и монтажные работы
B30: Цена поставщика Спф. л.1, п. 1 | C30: Шкаф управления вентилятором вентсистем ШУВ-ВУI КОЭФ. К ПОЗИЦИИ: Итого без НДС ПЗ=ПЗ/1,18-ПЗ; приведение к базисному уровню цен на оборудование, мебель, инвентарь ПЗ=ПЗ/4,39-ПЗ; Расходы на комплектацию оборудования - согласно п.4.63 из МДС 81-35.2004 ПЗ=1% (ОЗП=1%; ЭМ=1%; МАТ=1%); Транспортные расходы - согласно п.4.60 из МДС 81-35.2004 ПЗ=3% (ОЗП=3%; ЭМ=3%; МАТ=3%); Заготовительно-складские расходы - согласно п.4.64 из МДС 81-35.2004 ПЗ=1,2% (ОЗП=1,2%; ЭМ=1,2%; МАТ=1,2%) | D30: шт. | E30: 1 | F30: 6029.96 | J30: 6030
B31: ТЕРм08-03-572-04 Постан.Правит.Свердл.обл. от 10.11.10 №1616-ПП Спф. л.1, п. 1 | C31: Блок управления шкафного исполнения или распределительный пункт (шкаф), устанавливаемый на стене, высота и ширина до 1200х1000 мм НР (86 руб.): 95% от ФОТ (91 руб.) СП (59 руб.): 65% от ФОТ (91 руб.) | D31: 1 шт. | E31: 1 | F31: 555.09 | G31: 48.76 | H31: 95.07 | I31: 5.28 | J31: 555 | K31: 49 | L31: 95 | M31: 5
B32: Цена поставщика Спф. л.1, п. 2 | C32: Шкаф управления вентилятором вентсистемы ШУВ-ВУII КОЭФ. К ПОЗИЦИИ: Итого без НДС ПЗ=ПЗ/1,18-ПЗ; приведение к базисному уровню цен на оборудование, мебель, инвентарь ПЗ=ПЗ/4,39-ПЗ; Расходы на комплектацию оборудования - согласно п.4.63 из МДС 81-35.2004 ПЗ=1% (ОЗП=1%; ЭМ=1%; МАТ=1%); Транспортные расходы - согласно п.4.60 из МДС 81-35.2004 ПЗ=3% (ОЗП=3%; ЭМ=3%; МАТ=3%); Заготовительно-складские расходы - согласно п.4.64 из МДС 81-35.2004 ПЗ=1,2% (ОЗП=1,2%; ЭМ=1,2%; МАТ=1,2%) | D32: шт. | E32: 1 | F32: 6029.96 | J32: 6030
B33: ТЕРм08-03-572-04 Постан.Правит.Свердл.обл. от 10.11.10 №1616-ПП Спф. л.1, п. 2 | C33: Блок управления шкафного исполнения или распределительный пункт (шкаф), устанавливаемый на стене, высота и ширина до 1200х1000 мм НР (86 руб.): 95% от ФОТ (91 руб.) СП (59 руб.): 65% от ФОТ (91 руб.) | D33: 1 шт. | E33: 1 | F33: 555.09 | G33: 48.76 | H33: 95.07 | I33: 5.28 | J33: 555 | K33: 49 | L33: 95 | M33: 5
B34: Цена поставщика Спф. л.1, п. 3 (применительно) | C34: Шкаф управления вентилятором вентсистемы ШУВ-ПУI КОЭФ. К ПОЗИЦИИ: Итого без НДС ПЗ=ПЗ/1,18-ПЗ; приведение к базисному уровню цен на оборудование, мебель, инвентарь ПЗ=ПЗ/4,39-ПЗ; Расходы на комплектацию оборудования - согласно п.4.63 из МДС 81-35.2004 ПЗ=1% (ОЗП=1%; ЭМ=1%; МАТ=1%); Транспортные расходы - согласно п.4.60 из МДС 81-35.2004 ПЗ=3% (ОЗП=3%; ЭМ=3%; МАТ=3%); Заготовительно-складские расходы - согласно п.4.64 из МДС 81-35.2004 ПЗ=1,2% (ОЗП=1,2%; ЭМ=1,2%; МАТ=1,2%) | D34: шт. | E34: 1 | F34: 6029.96 | J34: 6030
B35: ТЕРм08-03-572-04 Постан.Правит.Свердл.обл. от 10.11.10 №1616-ПП Спф. л.1, п. 3 | C35: Блок управления шкафного исполнения или распределительный пункт (шкаф), устанавливаемый на стене, высота и ширина до 1200х1000 мм НР (86 руб.): 95% от ФОТ (91 руб.) СП (59 руб.): 65% от ФОТ (91 руб.) | D35: 1 шт. | E35: 1 | F35: 555.09 | G35: 48.76 | H35: 95.07 | I35: 5.28 | J35: 555 | K35: 49 | L35: 95 | M35: 5
B36: Цена поставщика Спф. л.1, п. 4 | C36: Шкаф АВР КОЭФ. К ПОЗИЦИИ: Итого без НДС ПЗ=ПЗ/1,18-ПЗ; приведение к базисному уровню цен на оборудование, мебель, инвентарь ПЗ=ПЗ/4,39-ПЗ; Расходы на комплектацию оборудования - согласно п.4.63 из МДС 81-35.2004 ПЗ=1% (ОЗП=1%; ЭМ=1%; МАТ=1%); Транспортные расходы - согласно п.4.60 из МДС 81-35.2004 ПЗ=3% (ОЗП=3%; ЭМ=3%; МАТ=3%); Заготовительно-складские расходы - согласно п.4.64 из МДС 81-35.2004 ПЗ=1,2% (ОЗП=1,2%; ЭМ=1,2%; МАТ=1,2%) | D36: шт. | E36: 1 | F36: 1898.97 | J36: 1899
B37: ТЕРм08-03-572-03 Постан.Правит.Свердл.обл. от 10.11.10 №1616-ПП Спф. л.1, п. 4 | C37: Блок управления шкафного исполнения или распределительный пункт (шкаф), устанавливаемый на стене, высота и ширина до 600х600 мм НР (55 руб.): 95% от ФОТ (58 руб.) СП (38 руб.): 65% от ФОТ (58 руб.) | D37: 1 шт. | E37: 1 | F37: 316.86 | G37: 32.41 | H37: 36.13 | I37: 1.82 | J37: 317 | K37: 32 | L37: 36 | M37: 2
B38: ТЕРм08-03-575-01 Постан.Правит.Свердл.обл. от 10.11.10 №1616-ПП Спф. л.1, п. 6 | C38: Прибор или аппарат НР (150 руб.): 95% от ФОТ (158 руб.) СП (103 руб.): 65% от ФОТ (158 руб.) | D38: 1 шт. | E38: 6 | F38: 16.3 | G38: 15.65 | J38: 98 | K38: 94
B39: ТЕРм08-03-575-01 Постан.Правит.Свердл.обл. от 10.11.10 №1616-ПП Спф. л.1, п. 7 | C39: Прибор или аппарат НР (150 руб.): 95% от ФОТ (158 руб.) СП (103 руб.): 65% от ФОТ (158 руб.) | D39: 1 шт. | E39: 6 | F39: 16.3 | G39: 15.65 | J39: 98 | K39: 94
B40: ТЕРм08-03-575-01 Постан.Правит.Свердл.обл. от 10.11.10 №1616-ПП Спф. л.1, п. 8 | C40: Прибор или аппарат НР (150 руб.): 95% от ФОТ (158 руб.) СП (103 руб.): 65% от ФОТ (158 руб.) | D40: 1 шт. | E40: 6 | F40: 16.3 | G40: 15.65 | J40: 98 | K40: 94
B41: ТЕРм08-03-575-01 Постан.Правит.Свердл.обл. от 10.11.10 №1616-ПП Спф. л.1, п. 9 | C41: Прибор или аппарат НР (150 руб.): 95% от ФОТ (158 руб.) СП (103 руб.): 65% от ФОТ (158 руб.) | D41: 1 шт. | E41: 6 | F41: 16.3 | G41: 15.65 | J41: 98 | K41: 94
B42: ТЕРм08-03-575-01 Постан.Правит.Свердл.обл. от 10.11.10 №1616-ПП Спф. л.1, п. 10 | C42: Прибор или аппарат НР (150 руб.): 95% от ФОТ (158 руб.) СП (103 руб.): 65% от ФОТ (158 руб.) | D42: 1 шт. | E42: 6 | F42: 16.3 | G42: 15.65 | J42: 98 | K42: 94
B43: ТЕРм08-03-575-01 Постан.Правит.Свердл.обл. от 10.11.10 №1616-ПП Спф. л.1, п. 11 | C43: Прибор или аппарат НР (150 руб.): 95% от ФОТ (158 руб.) СП (103 руб.): 65% от ФОТ (158 руб.) | D43: 1 шт. | E43: 6 | F43: 16.3 | G43: 15.65 | J43: 98 | K43: 94
B44: ТЕРм08-03-575-01 Постан.Правит.Свердл.обл. от 10.11.10 №1616-ПП Спф. л.1, п. 12 | C44: Прибор или аппарат НР (226 руб.): 95% от ФОТ (238 руб.) СП (155 руб.): 65% от ФОТ (238 руб.) | D44: 1 шт. | E44: 9 | F44: 16.3 | G44: 15.65 | J44: 147 | K44: 141
B45: КОНТАКТОР-М Спф. л.1, п. 13 | C45: Пускатель электромагнитный ПМ12-063 221 220в КОЭФ. К ПОЗИЦИИ: Итого без НДС ПЗ=ПЗ/1,18-ПЗ; приведение к базисному уровню цен на оборудование, мебель, инвентарь ПЗ=ПЗ/4,39-ПЗ; Расходы на комплектацию оборудования - согласно п.4.63 из МДС 81-35.2004 ПЗ=1% (ОЗП=1%; ЭМ=1%; МАТ=1%); Транспортные расходы - согласно п.4.60 из МДС 81-35.2004 ПЗ=3% (ОЗП=3%; ЭМ=3%; МАТ=3%); Заготовительно-складские расходы - согласно п.4.64 из МДС 81-35.2004 ПЗ=1,2% (ОЗП=1,2%; ЭМ=1,2%; МАТ=1,2%) | D45: шт. | E45: 2 | F45: 491.45 | J45: 983
B46: ТЕРм08-03-530-05 Постан.Правит.Свердл.обл. от 10.11.10 №1616-ПП Спф. л.1, п. 13 | C46: Пускатель магнитный общего назначения отдельно стоящий, устанавливаемый на конструкции на стене или колонне, на ток до 100 А НР (162 руб.): 95% от ФОТ (170 руб.) СП (111 руб.): 65% от ФОТ (170 руб.) | D46: 1 шт. | E46: 2 | F46: 278.03 | G46: 50.53 | H46: 4.53 | I46: 0.18 | J46: 556 | K46: 101 | L46: 9
B47: КОНТАКТОР-М Спф. л.1, п. 14 | C47: Пускатель электромагнитный ПМ12-040 220 220в КОЭФ. К ПОЗИЦИИ: Итого без НДС ПЗ=ПЗ/1,18-ПЗ; приведение к базисному уровню цен на оборудование, мебель, инвентарь ПЗ=ПЗ/4,39-ПЗ; Расходы на комплектацию оборудования - согласно п.4.63 из МДС 81-35.2004 ПЗ=1% (ОЗП=1%; ЭМ=1%; МАТ=1%); Транспортные расходы - согласно п.4.60 из МДС 81-35.2004 ПЗ=3% (ОЗП=3%; ЭМ=3%; МАТ=3%); Заготовительно-складские расходы - согласно п.4.64 из МДС 81-35.2004 ПЗ=1,2% (ОЗП=1,2%; ЭМ=1,2%; МАТ=1,2%) | D47: шт. | E47: 2 | F47: 408.62 | J47: 817
B48: ТЕРм08-03-530-04 Постан.Правит.Свердл.обл. от 10.11.10 №1616-ПП Спф. л.1, п. 14 | C48: Пускатель магнитный общего назначения отдельно стоящий, устанавливаемый на конструкции на стене или колонне, на ток до 40 А НР (133 руб.): 95% от ФОТ (140 руб.) СП (91 руб.): 65% от ФОТ (140 руб.) | D48: 1 шт. | E48: 2 | F48: 168.71 | G48: 41.5 | H48: 4.2 | I48: 0.18 | J48: 337 | K48: 83 | L48: 8
B49: КОНТАКТОР-М Спф. л.1, п. 15 | C49: Пускатель электромагнитный ПМ12-025 220 220в КОЭФ. К ПОЗИЦИИ: Итого без НДС ПЗ=ПЗ/1,18-ПЗ; приведение к базисному уровню цен на оборудование, мебель, инвентарь ПЗ=ПЗ/4,39-ПЗ; Расходы на комплектацию оборудования - согласно п.4.63 из МДС 81-35.2004 ПЗ=1% (ОЗП=1%; ЭМ=1%; МАТ=1%); Транспортные расходы - согласно п.4.60 из МДС 81-35.2004 ПЗ=3% (ОЗП=3%; ЭМ=3%; МАТ=3%); Заготовительно-складские расходы - согласно п.4.64 из МДС 81-35.2004 ПЗ=1,2% (ОЗП=1,2%; ЭМ=1,2%; МАТ=1,2%) | D49: шт. | E49: 2 | F49: 246.92 | J49: 494
B50: ТЕРм08-03-530-04 Постан.Правит.Свердл.обл. от 10.11.10 №1616-ПП Спф. л.1, п. 15 | C50: Пускатель магнитный общего назначения отдельно стоящий, устанавливаемый на конструкции на стене или колонне, на ток до 40 А НР (133 руб.): 95% от ФОТ (140 руб.) СП (91 руб.): 65% от ФОТ (140 руб.) | D50: 1 шт. | E50: 2 | F50: 168.71 | G50: 41.5 | H50: 4.2 | I50: 0.18 | J50: 337 | K50: 83 | L50: 8
B51: Прайс-лист ИЭК 2014 г. Спф. л.2, п. 16 | C51: MVA20-3-016-C Авт. выкл. ВА47-29 3Р 16А 4,5кА х-ка С ИЭК КОЭФ. К ПОЗИЦИИ: Итого без НДС ПЗ=ПЗ/1,18-ПЗ; приведение к базисному уровню цен на оборудование, мебель, инвентарь ПЗ=ПЗ/4,39-ПЗ; Расходы на комплектацию оборудования - согласно п.4.63 из МДС 81-35.2004 ПЗ=1% (ОЗП=1%; ЭМ=1%; МАТ=1%); Транспортные расходы - согласно п.4.60 из МДС 81-35.2004 ПЗ=3% (ОЗП=3%; ЭМ=3%; МАТ=3%); Заготовительно-складские расходы - согласно п.4.64 из МДС 81-35.2004 ПЗ=1,2% (ОЗП=1,2%; ЭМ=1,2%; МАТ=1,2%) | D51: шт. | E51: 1 | F51: 25.81 | J51: 26
B52: ТЕРм08-03-526-01 Постан.Правит.Свердл.обл. от 10.11.10 №1616-ПП Спф. л.2, п. 16 | C52: Автомат одно-, двух-, трехполюсный, устанавливаемый на конструкции на стене или колонне, на ток до 25 А НР (34 руб.): 95% от ФОТ (36 руб.) СП (23 руб.): 65% от ФОТ (36 руб.) | D52: 1 шт. | E52: 1 | F52: 174.77 | G52: 20.9 | H52: 1.28 | J52: 175 | K52: 21 | L52: 1
B53: ТЕРм08-03-532-05 Постан.Правит.Свердл.обл. от 10.11.10 №1616-ПП Спф. л.2, п. 17 | C53: Пост управления кнопочный общего назначения, устанавливаемый на конструкции на стене или колонне, количество элементов поста до 6 НР (103 руб.): 95% от ФОТ (108 руб.) СП (70 руб.): 65% от ФОТ (108 руб.) | D53: 1 шт. | E53: 2 | F53: 132.94 | G53: 31.76 | H53: 1.28 | J53: 266 | K53: 64 | L53: 3
B54: ТЕРм08-03-532-04 Постан.Правит.Свердл.обл. от 10.11.10 №1616-ПП Спф. л.2, п. 18 | C54: Пост управления кнопочный общего назначения, устанавливаемый на конструкции на стене или колонне, количество элементов поста до 3 НР (39 руб.): 95% от ФОТ (41 руб.) СП (27 руб.): 65% от ФОТ (41 руб.) | D54: 1 шт. | E54: 1 | F54: 122.2 | G54: 24.12 | H54: 1.28 | J54: 122 | K54: 24 | L54: 1
B55: ТЕРм08-03-545-01 Постан.Правит.Свердл.обл. от 10.11.10 №1616-ПП Спф. л.2, п. 19 | C55: Коробка (ящик) с зажимами для кабелей и проводов сечением до 6 мм2, устанавливаемая на конструкции на стене или колонне, количество зажимов до 10 НР (422 руб.): 95% от ФОТ (444 руб.) СП (289 руб.): 65% от ФОТ (444 руб.) | D55: 1 шт. | E55: 6 | F55: 160.78 | G55: 43.86 | H55: 2.36 | J55: 965 | K55: 263 | L55: 14
B56: ТЕРм08-03-591-04 Постан.Правит.Свердл.обл. от 10.11.10 №1616-ПП Спф. л.2, п. 26 | C56: Выключатель двухклавишный неутопленного типа при открытой проводке НР (21 руб.): 95% от ФОТ (22 руб.) СП (14 руб.): 65% от ФОТ (22 руб.) | D56: 100 шт. | E56: 0,02 2 / 100 | F56: 801.67 | G56: 613.28 | H56: 29.99 | I56: 0.73 | J56: 16 | K56: 12 | L56: 1
B57: ТЕРм08-03-591-08 Постан.Правит.Свердл.обл. от 10.11.10 №1616-ПП Спф. л.2, п. 27 | C57: Розетка штепсельная неутопленного типа при открытой проводке НР (10 руб.): 95% от ФОТ (10 руб.) СП (7 руб.): 65% от ФОТ (10 руб.) | D57: 100 шт. | E57: 0,01 1 / 100 | F57: 813.8 | G57: 603.5 | H57: 29.99 | I57: 0.73 | J57: 8 | K57: 6
B58: ТЕРм08-02-148-05 Постан.Правит.Свердл.обл. от 10.11.10 №1616-ПП Спф. л.2, п. 30 | C58: Кабель до 35 кВ в проложенных трубах, блоках и коробах, масса 1 м кабеля до 9 кг КОЭФ. К ПОЗИЦИИ: 1.8.3.ОП_При производстве работ на высоте свыше расстояний, указанных в вводных указаниях к разделам сборника: при высоте свыше 2 до 8 м ОЗП=1,05; ТЗ=1,05 НР (543 руб.): 95% от ФОТ (572 руб.) СП (372 руб.): 65% от ФОТ (572 руб.) | D58: 100 м кабеля | E58: 0,4704 (48*0.98) / 100 | F58: 2686.44 | G58: 523.57 | H58: 2070.25 | I58: 194.87 | J58: 1264 | K58: 246 | L58: 974 | M58: 92
B59: ТЕРм08-02-148-02 Постан.Правит.Свердл.обл. от 10.11.10 №1616-ПП Спф. л.2, п. 31 | C59: Кабель до 35 кВ в проложенных трубах, блоках и коробах, масса 1 м кабеля до 2 кг КОЭФ. К ПОЗИЦИИ: 1.8.3.ОП_При производстве работ на высоте свыше расстояний, указанных в вводных указаниях к разделам сборника: при высоте свыше 2 до 8 м ОЗП=1,05; ТЗ=1,05 НР (463 руб.): 95% от ФОТ (487 руб.) СП (317 руб.): 65% от ФОТ (487 руб.) | D59: 100 м кабеля | E59: 0,8428 (86*0.98) / 100 | F59: 1123.42 | G59: 260.37 | H59: 775.44 | I59: 82.28 | J59: 947 | K59: 219 | L59: 654 | M59: 69
B60: ТЕРм08-02-147-02 Постан.Правит.Свердл.обл. от 10.11.10 №1616-ПП Спф. л.2, п. 32 | C60: Кабель до 35 кВ по установленным конструкциям и лоткам с креплением на поворотах и в конце трассы, масса 1 м кабеля до 2 кг КОЭФ. К ПОЗИЦИИ: 1.8.3.ОП_При производстве работ на высоте свыше расстояний, указанных в вводных указаниях к разделам сборника: при высоте свыше 2 до 8 м ОЗП=1,05; ТЗ=1,05 НР (173 руб.): 95% от ФОТ (182 руб.) СП (118 руб.): 65% от ФОТ (182 руб.) | D60: 100 м кабеля | E60: 0,3724 (38*0.98) / 100 | F60: 1051.55 | G60: 219.1 | H60: 639.74 | I60: 68.54 | J60: 392 | K60: 82 | L60: 238 | M60: 26
B61: ТЕРм08-02-148-01 Постан.Правит.Свердл.обл. от 10.11.10 №1616-ПП Спф. л.2, п. 33 | C61: Кабель до 35 кВ в проложенных трубах, блоках и коробах, масса 1 м кабеля до 1 кг НР (313 руб.): 95% от ФОТ (329 руб.) СП (214 руб.): 65% от ФОТ (329 руб.) | D61: 100 м кабеля | E61: 0,8624 (88*0.98) / 100 | F61: 798.84 | G61: 168.02 | H61: 544.81 | I61: 57.87 | J61: 689 | K61: 145 | L61: 470 | M61: 50
B62: ТЕРм08-02-148-01 Постан.Правит.Свердл.обл. от 10.11.10 №1616-ПП Спф. л.2, п. 34 | C62: Кабель до 35 кВ в проложенных трубах, блоках и коробах, масса 1 м кабеля до 1 кг НР (101 руб.): 95% от ФОТ (106 руб.) СП (69 руб.): 65% от ФОТ (106 руб.) | D62: 100 м кабеля | E62: 0,2744 (28*0.98) / 100 | F62: 798.84 | G62: 168.02 | H62: 544.81 | I62: 57.87 | J62: 219 | K62: 46 | L62: 149 | M62: 16
B63: ТЕРм08-02-147-01 Постан.Правит.Свердл.обл. от 10.11.10 №1616-ПП Спф. л.2, п. 35 | C63: Кабель до 35 кВ по установленным конструкциям и лоткам с креплением на поворотах и в конце трассы, масса 1 м кабеля до 1 кг НР (386 руб.): 95% от ФОТ (406 руб.) СП (264 руб.): 65% от ФОТ (406 руб.) | D63: 100 м кабеля | E63: 1,1564 (118*0.98) / 100 | F63: 806.06 | G63: 157.18 | H63: 456.3 | I63: 50.35 | J63: 932 | K63: 182 | L63: 528 | M63: 58
B64: ТЕРм08-02-146-01 Постан.Правит.Свердл.обл. от 10.11.10 №1616-ПП Спф. л.2, п. 36 | C64: Кабель до 35 кВ с креплением накладными скобами, масса 1 м кабеля до 0,5 кг НР (70 руб.): 95% от ФОТ (74 руб.) СП (48 руб.): 65% от ФОТ (74 руб.) | D64: 100 м кабеля | E64: 0,1274 (13*0.98) / 100 | F64: 2828.73 | G64: 199.19 | H64: 1292.95 | I64: 147.72 | J64: 360 | K64: 25 | L64: 165 | M64: 19
B65: ТЕРм08-02-401-01 Постан.Правит.Свердл.обл. от 10.11.10 №1616-ПП Спф. л.2, п. 37 | C65: Кабель двух-четырехжильный сечением жилы до 16 мм2 с креплением накладными скобами, полосками с установкой ответвительных коробок КОЭФ. К ПОЗИЦИИ: 1.8.3.ОП_При производстве работ на высоте свыше расстояний, указанных в вводных указаниях к разделам сборника: при высоте свыше 2 до 8 м ОЗП=1,05; ТЗ=1,05 НР (556 руб.): 95% от ФОТ (585 руб.) СП (380 руб.): 65% от ФОТ (585 руб.) | D65: 100 м | E65: 0,3136 (32*0.98) / 100 | F65: 4067.05 | G65: 717.89 | H65: 957.86 | I65: 390.47 | J65: 1275 | K65: 225 | L65: 300 | M65: 122
B66: ТЕРм08-02-148-01 Постан.Правит.Свердл.обл. от 10.11.10 №1616-ПП Спф. л.2, п. 38 | C66: Кабель до 35 кВ в проложенных трубах, блоках и коробах, масса 1 м кабеля до 1 кг НР (313 руб.): 95% от ФОТ (329 руб.) СП (214 руб.): 65% от ФОТ (329 руб.) | D66: 100 м кабеля | E66: 0,8624 (88*0.98) / 100 | F66: 798.84 | G66: 168.02 | H66: 544.81 | I66: 57.87 | J66: 689 | K66: 145 | L66: 470 | M66: 50
B67: ТЕРм08-02-146-01 Постан.Правит.Свердл.обл. от 10.11.10 №1616-ПП Спф. л.3, п. 39, 40 | C67: Кабель до 35 кВ с креплением накладными скобами, масса 1 м кабеля до 0,5 кг НР (143 руб.): 95% от ФОТ (151 руб.) СП (98 руб.): 65% от ФОТ (151 руб.) | D67: 100 м кабеля | E67: 0,2548 ((16+10)*0.98) / 100 | F67: 2828.73 | G67: 199.19 | H67: 1292.95 | I67: 147.72 | J67: 721 | K67: 51 | L67: 329 | M67: 38
B68: ТЕРм08-02-147-01 Постан.Правит.Свердл.обл. от 10.11.10 №1616-ПП Спф. л.3, п. 41 | C68: Кабель до 35 кВ по установленным конструкциям и лоткам с креплением на поворотах и в конце трассы, масса 1 м кабеля до 1 кг НР (247 руб.): 95% от ФОТ (260 руб.) СП (169 руб.): 65% от ФОТ (260 руб.) | D68: 100 м кабеля | E68: 0,735 (75*0.98) / 100 | F68: 806.06 | G68: 157.18 | H68: 456.3 | I68: 50.35 | J68: 592 | K68: 116 | L68: 335 | M68: 37
B69: ТЕРм08-02-148-01 Постан.Правит.Свердл.обл. от 10.11.10 №1616-ПП Спф. л.3, п. 42 | C69: Кабель до 35 кВ в проложенных трубах, блоках и коробах, масса 1 м кабеля до 1 кг НР (534 руб.): 95% от ФОТ (562 руб.) СП (365 руб.): 65% от ФОТ (562 руб.) | D69: 100 м кабеля | E69: 1,47 (150*0.98) / 100 | F69: 798.84 | G69: 168.02 | H69: 544.81 | I69: 57.87 | J69: 1174 | K69: 247 | L69: 801 | M69: 85
... B75: ТЕРм08-02-152-11 Постан.Правит.Свердл.обл. от 10.11.10 №1616-ПП Спф. л.3, п. 50 (прим.) | C75: Подвес для прокладки кабелей под перекрытиями со стойками сдвоенными массой до 4 кг НР (80 руб.): 95% от ФОТ (84 руб.) СП (55 руб.): 65% от ФОТ (84 руб.) | D75: 100 шт. | E75: 0,08 8 / 100 | F75: 1293.34 | G75: 608.4 | H75: 572.87 | I75: 14.56 | J75: 103 | K75: 49 | L75: 46 | M75: 1
B76: ТЕРм08-02-152-10 Постан.Правит.Свердл.обл. от 10.11.10 №1616-ПП Спф. л.3, п. 51 (прим.) | C76: Основание одиночных кабельных полок для закрепления на нем одной кабельной полки НР (87 руб.): 95% от ФОТ (92 руб.) СП (60 руб.): 65% от ФОТ (92 руб.) | D76: 100 шт. | E76: 0,26 26 / 100 | F76: 939.38 | G76: 212.74 | H76: 23.38 | I76: 1.46 | J76: 244 | K76: 55 | L76: 6
B77: ТЕРм08-02-397-01 Постан.Правит.Свердл.обл. от 10.11.10 №1616-ПП Спф. л.3, п. 52 | C77: Профиль перфорированный монтажный длиной 2 м НР (45 руб.): 95% от ФОТ (47 руб.) СП (31 руб.): 65% от ФОТ (47 руб.) | D77: 100 м | E77: 0,144 (36*0,4) / 100 | F77: 1392.25 | G77: 141.78 | H77: 242.87 | I77: 57.25 | J77: 200 | K77: 20 | L77: 35 | M77: 8
B78: ТЕРм08-02-152-10 Постан.Правит.Свердл.обл. от 10.11.10 №1616-ПП Спф. л.3, п. 53 (прим.) | C78: Основание одиночных кабельных полок для закрепления на нем одной кабельной полки НР (247 руб.): 95% от ФОТ (260 руб.) СП (169 руб.): 65% от ФОТ (260 руб.) | D78: 100 шт. | E78: 0,72 72 / 100 | F78: 939.38 | G78: 212.74 | H78: 23.38 | I78: 1.46 | J78: 676 | K78: 153 | L78: 17 | M78: 1
B79: ТЕРм08-02-395-01 Постан.Правит.Свердл.обл. от 10.11.10 №1616-ПП Спф. л.3, п. 54 ... 56 | C79: Лоток металлический штампованный по установленным конструкциям, ширина лотка до 200 мм НР (191 руб.): 95% от ФОТ (201 руб.) СП (131 руб.): 65% от ФОТ (201 руб.) | D79: 1 т | E79: 0,0965 96,5/1000 | F79: 2242.32 | G79: 894.38 | H79: 1248.2 | I79: 337.7 | J79: 216 | K79: 86 | L79: 120 | M79: 33
B80: ТЕРм08-02-144-06 Постан.Правит.Свердл.обл. от 10.11.10 №1616-ПП Спф. л.3, п. 58 | C80: Присоединение к зажимам жил проводов или кабелей сечением до 150 мм2 НР (124 руб.): 95% от ФОТ (130 руб.) СП (85 руб.): 65% от ФОТ (130 руб.) | D80: 100 шт. | E80: 0,2 20 / 100 | F80: 392.52 | G80: 384.82 | J80: 79 | K80: 77
B81: ТЕРм08-02-144-04 Постан.Правит.Свердл.обл. от 10.11.10 №1616-ПП Спф. л.3, п. 59 | C81: Присоединение к зажимам жил проводов или кабелей сечением до 35 мм2 НР (133 руб.): 95% от ФОТ (140 руб.) СП (91 руб.): 65% от ФОТ (140 руб.) | D81: 100 шт. | E81: 0,36 36 / 100 | F81: 236.34 | G81: 231.71 | J81: 85 | K81: 83
B82: ТЕРм08-02-144-03 Постан.Правит.Свердл.обл. от 10.11.10 №1616-ПП Спф. л.3, п. 60 | C82: Присоединение к зажимам жил проводов или кабелей сечением до 16 мм2 НР (67 руб.): 95% от ФОТ (70 руб.) СП (46 руб.): 65% от ФОТ (70 руб.) | D82: 100 шт. | E82: 0,2 20 / 100 | F82: 210.08 | G82: 205.96 | J82: 42 | K82: 41
B83: ТЕРм08-02-144-02 Постан.Правит.Свердл.обл. от 10.11.10 №1616-ПП Спф. л.3, п. 61 | C83: Присоединение к зажимам жил проводов или кабелей сечением до 6 мм2 НР (102 руб.): 95% от ФОТ (107 руб.) СП (70 руб.): 65% от ФОТ (107 руб.) | D83: 100 шт. | E83: 0,36 36 / 100 | F83: 179.67 | G83: 176.15 | J83: 65 | K83: 63
B84: ТЕРм08-02-397-01 Постан.Правит.Свердл.обл. от 10.11.10 №1616-ПП Спф. л.3, п. 62 (применительно) | C84: Профиль перфорированный монтажный длиной 2 м НР 95% от ФОТ СП 65% от ФОТ | D84: 100 м | E84: 0,001 0,1 / 100 | F84: 1392.25 | G84: 141.78 | H84: 242.87 | I84: 57.25 | J84: 1
B85: ТЕР26-02-023-01 Постан.Правит.Свердл.обл. от 10.11.10 №1616-ПП Спф. л.3, п. 64 | C85: Огнезащитное уплотнение пустот кабельных проходок составом =МГКП= 4 434,07 = 117 820,07 - 1300 x 87,22 НР (14 руб.): 100% от ФОТ (14 руб.) СП (10 руб.): 70% от ФОТ (14 руб.) | D85: 1 м3 нагнетенного раствора | E85: 0,003789 7,2 / 1900 | F85: 4434.07 | G85: 2296.76 | H85: 2137.26 | J85: 17 | K85: 9 | L85: 8
A86: Уд | B86: 1. 113-0505 | C86: Состав огнезащитный «Файрекс-600», уплотнительный | D86: кг | E86: 1300 4,926 | F86: 87.22 | J86: 429.65
B87: ТЕР26-02-022-01 Постан.Правит.Свердл.обл. от 10.11.10 №1616-ПП Спф. л.3, п. 65 | C87: Огнезащитное покрытие электрических кабелей материалом огнезащитным терморасширяющимся =МПВО= 1 099,08 = 37 849,08 - 150 x 245,00 НР (121 руб.): 100% от ФОТ (121 руб.) СП (85 руб.): 70% от ФОТ (121 руб.) | D87: 100 м2 | E87: 0,09 14,4 / 160 | F87: 1099.08 | G87: 797.6 | H87: 214.36 | J87: 99 | K87: 72 | L87: 19
A88: Уд | B88: 1. 113-0521 | C88: Краска огнезащитная «КЛ-1» | D88: кг | E88: 150 13,5 | F88: 245 | J88: 3307.5
B89: ТЕРм08-02-158-16 Постан.Правит.Свердл.обл. от 10.11.10 №1616-ПП лист 22 | C89: Заделка концевая сухая для 3-4-жильного кабеля с пластмассовой и резиновой изоляцией напряжением до 1 кВ, сечение одной жилы до 185 мм2 НР (140 руб.): 95% от ФОТ (147 руб.) СП (96 руб.): 65% от ФОТ (147 руб.) | D89: 1 шт. | E89: 4 | F89: 32.51 | G89: 21.41 | H89: 2.92 | I89: 0.18 | J89: 130 | K89: 86 | L89: 12 | M89: 1
B90: ТЕРм08-02-158-14 Постан.Правит.Свердл.обл. от 10.11.10 №1616-ПП лист 22 | C90: Заделка концевая сухая для 3-4-жильного кабеля с пластмассовой и резиновой изоляцией напряжением до 1 кВ, сечение одной жилы до 35 мм2 НР (961 руб.): 95% от ФОТ (1012 руб.) СП (658 руб.): 65% от ФОТ (1012 руб.) | D90: 1 шт. | E90: 38 | F90: 26.56 | G90: 15.58 | H90: 2.92 | I90: 0.18 | J90: 1009 | K90: 592 | L90: 111 | M90: 7
B91: ТЕРм08-02-144-02 Постан.Правит.Свердл.обл. от 10.11.10 №1616-ПП лист 22 | C91: Присоединение к зажимам жил проводов или кабелей сечением до 6 мм2 НР (159 руб.): 95% от ФОТ (167 руб.) СП (109 руб.): 65% от ФОТ (167 руб.) | D91: 100 шт. | E91: 0,56 56 / 100 | F91: 179.67 | G91: 176.15 | J91: 101 | K91: 99
B92: ТЕРм08-02-144-02 Постан.Правит.Свердл.обл. от 10.11.10 №1616-ПП лист 22 | C92: Присоединение к зажимам жил проводов или кабелей сечением до 6 мм2 НР (85 руб.): 95% от ФОТ (89 руб.) СП (58 руб.): 65% от ФОТ (89 руб.) | D92: 100 шт. | E92: 0,3 30 / 100 | F92: 179.67 | G92: 176.15 | J92: 54 | K92: 53
B93: ТЕРм08-02-158-14 Постан.Правит.Свердл.обл. от 10.11.10 №1616-ПП лист 23 | C93: Заделка концевая сухая для 3-4-жильного кабеля с пластмассовой и резиновой изоляцией напряжением до 1 кВ, сечение одной жилы до 35 мм2 НР (405 руб.): 95% от ФОТ (426 руб.) СП (277 руб.): 65% от ФОТ (426 руб.) | D93: 1 шт. | E93: 16 | F93: 26.56 | G93: 15.58 | H93: 2.92 | I93: 0.18 | J93: 425 | K93: 249 | L93: 47 | M93: 3
B94: ТЕРм08-02-158-06 Постан.Правит.Свердл.обл. от 10.11.10 №1616-ПП лист 23 | C94: Заделка концевая сухая для контрольного кабеля сечением одной жилы до 2,5 мм2, количество жил до 10 НР (46 руб.): 95% от ФОТ (48 руб.) СП (31 руб.): 65% от ФОТ (48 руб.) | D94: 1 шт. | E94: 4 | F94: 44.11 | G94: 7.05 | H94: 2.92 | I94: 0.18 | J94: 176 | K94: 28 | L94: 12 | M94: 1
B95: ТЕРм08-02-158-05 Постан.Правит.Свердл.обл. от 10.11.10 №1616-ПП лист 23 | C95: Заделка концевая сухая для контрольного кабеля сечением одной жилы до 2,5 мм2, количество жил до 7 НР (137 руб.): 95% от ФОТ (144 руб.) СП (94 руб.): 65% от ФОТ (144 руб.) | D95: 1 шт. | E95: 16 | F95: 40.06 | G95: 5.15 | H95: 2.92 | I95: 0.18 | J95: 641 | K95: 82 | L95: 47 | M95: 3
B96: ТЕРм08-02-144-02 Постан.Правит.Свердл.обл. от 10.11.10 №1616-ПП лимт 23 | C96: Присоединение к зажимам жил проводов или кабелей сечением до 6 мм2 НР (45 руб.): 95% от ФОТ (47 руб.) СП (31 руб.): 65% от ФОТ (47 руб.) | D96: 100 шт. | E96: 0,16 16 / 100 | F96: 179.67 | G96: 176.15 | J96: 29 | K96: 28
B97: ТЕРм08-02-144-01 Постан.Правит.Свердл.обл. от 10.11.10 №1616-ПП лист 23 | C97: Присоединение к зажимам жил проводов или кабелей сечением до 2,5 мм2 НР (506 руб.): 95% от ФОТ (533 руб.) СП (346 руб.): 65% от ФОТ (533 руб.) | D97: 100 шт. | E97: 1,94 194 / 100 | F97: 165.85 | G97: 162.6 | J97: 322 | K97: 315
A98: Итого по разделу 1 Оборудование и монтажные работы | J98: 73520
A99: Раздел 2. Материалы
B100: Цена поставщика Спф. л.1, п. 6 | C100: Вставка плавкая ПР-2-350 350А (шт) КОЭФ. К ПОЗИЦИИ: Итого без НДС МАТ=МАТ/1,18-МАТ; приведение к базисному уровню цен на материалы МАТ=МАТ/5,73-МАТ | D100: шт. | E100: 6 | F100: 1.48 | J100: 9
B101: Цена поставщика Спф. л.1, п. 7 | C101: Вставка плавкая ПР-2-350 200А (шт) КОЭФ. К ПОЗИЦИИ: Итого без НДС МАТ=МАТ/1,18-МАТ; приведение к базисному уровню цен на материалы МАТ=МАТ/5,73-МАТ | D101: шт. | E101: 6 | F101: 1.48 | J101: 9
B102: Цена поставщика Спф. л.1, п. 8 | C102: Вставка плавкая ПР-2-200 100А (шт) КОЭФ. К ПОЗИЦИИ: Итого без НДС МАТ=МАТ/1,18-МАТ; приведение к базисному уровню цен на материалы МАТ=МАТ/5,73-МАТ | D102: шт. | E102: 6 | F102: 1.48 | J102: 9
B103: Цена поставщика Спф. л.1, п. 9 | C103: Вставка плавкая ПР-2-100 80А (шт) КОЭФ. К ПОЗИЦИИ: Итого без НДС МАТ=МАТ/1,18-МАТ; приведение к базисному уровню цен на материалы МАТ=МАТ/5,73-МАТ | D103: шт. | E103: 6 | F103: 1.48 | J103: 9
B104: Цена поставщика Спф. л.1, п. 10 | C104: Вставка плавкая ПР-2-60 35А (шт) КОЭФ. К ПОЗИЦИИ: Итого без НДС МАТ=МАТ/1,18-МАТ; приведение к базисному уровню цен на материалы МАТ=МАТ/5,73-МАТ | D104: шт. | E104: 6 | F104: 0.74 | J104: 4
B105: Цена поставщика Спф. л.1, п. 11 | C105: Вставка плавкая ПР-2-60 20А (шт) КОЭФ. К ПОЗИЦИИ: Итого без НДС МАТ=МАТ/1,18-МАТ; приведение к базисному уровню цен на материалы МАТ=МАТ/5,73-МАТ | D105: шт. | E105: 6 | F105: 0.74 | J105: 4
B106: Цена поставщика Спф. л.1, п. 12 | C106: Вставка плавкая ПР-2-15 6А (шт) КОЭФ. К ПОЗИЦИИ: Итого без НДС МАТ=МАТ/1,18-МАТ; приведение к базисному уровню цен на материалы МАТ=МАТ/5,73-МАТ | D106: шт. | E106: 9 | F106: 0.74 | J106: 7
B107: ЭНЕРГОЦЕНТР-ЕК Спф. л.2, п. 17 | C107: Пост управления ПКУ 15-21141-40 КОЭФ. К ПОЗИЦИИ: Итого без НДС МАТ=МАТ/1,18-МАТ; приведение к базисному уровню цен на материалы МАТ=МАТ/5,73-МАТ | D107: шт. | E107: 2 | F107: 91.7 | J107: 183
B108: ЭНЕРГОЦЕНТР-ЕК Спф. л.2, п. 18 | C108: Пост управления ПКУ 15-21121-40 КОЭФ. К ПОЗИЦИИ: Итого без НДС МАТ=МАТ/1,18-МАТ; приведение к базисному уровню цен на материалы МАТ=МАТ/5,73-МАТ | D108: шт. | E108: 1 | F108: 59.16 | J108: 59
B109: ВУДСТОК-УРАЛ Спф. л.2, п. 19 | C109: Коробка КЗНА08-10У3 IP31 КОЭФ. К ПОЗИЦИИ: Итого без НДС МАТ=МАТ/1,18-МАТ; приведение к базисному уровню цен на материалы МАТ=МАТ/5,73-МАТ | D109: шт. | E109: 6 | F109: 61.43 | J109: 369
B110: Прайс-лист ДКС 2014 г. Спф. л.2, п. 20 | C110: 53800 Коробка ответвит. с кабельными вводами, IP55, 100х100х50мм КОЭФ. К ПОЗИЦИИ: Итого без НДС МАТ=МАТ/1,18-МАТ; приведение к базисному уровню цен на материалы МАТ=МАТ/5,73-МАТ | D110: шт. | E110: 1 | F110: 15.94 | J110: 16
B111: Прайс-лист ИЭК Спф. л.2, п. 26 | C111: EVO20-K01-10-DC ВС20-2-0-ОБ Выключатель 2кл 10А откр.уст. ОКТАВА (белый) КОЭФ. К ПОЗИЦИИ: Итого без НДС МАТ=МАТ/1,18-МАТ; приведение к базисному уровню цен на материалы МАТ=МАТ/5,73-МАТ | D111: шт. | E111: 2 | F111: 3.77 | J111: 8
... B133: Прайс ЗАО "ДКС" Спф. л.3, п. 53 | C133: 34101 BBL5010 Консоль с опорой ML осн. 100 КОЭФ. К ПОЗИЦИИ: Итого без НДС МАТ=МАТ/1,18-МАТ; приведение к базисному уровню цен на материалы МАТ=МАТ/5,73-МАТ | D133: шт. | E133: 72 | F133: 22.37 | J133: 1611
B134: Прайс ЗАО "ДКС" Спф. л.3, п. 54 | C134: 35012 Лоток 100х50 L 2000 КОЭФ. К ПОЗИЦИИ: Итого без НДС МАТ=МАТ/1,18-МАТ; приведение к базисному уровню цен на материалы МАТ=МАТ/5,73-МАТ | D134: м | E134: 50 25*2 | F134: 32.18 | J134: 1609
...

Sheet 04-40703-0-0-АС.ЛС изм.1
A1: СОГЛАСОВАНО: | J1: УТВЕРЖДАЮ:
A4: ________________ | J4: ________________
A5: " _____ " ________________ 2011 г. | J5: "______ " _______________2011 г.
E7: (наименование стройки)
D9: ЛОКАЛЬНЫЙ СМЕТНЫЙ РАСЧЕТ № 04-40703-0-0-АС.ЛС изм.1
D10: (локальная смета)
B12: на | C12: Архитектурно-строительные решения
E13: (наименование работ и затрат, наименование объекта)
C15: Основание: РД 04-40703-0-0-АС, замечания экспертизы УРЦЭиЦ
C16: Сметная стоимость строительных работ _______________________________________________________________________________________________ | E16: ___________________________195,999 | G16: тыс. руб.
C17: Средства на оплату труда _______________________________________________________________________________________________ | E17: ___________________________26,092 | G17: тыс. руб.
C18: Сметная трудоемкость _______________________________________________________________________________________________ | E18: _______________________________________________________________________________________________1768,33 | G18: чел.час
C19: Составлен(а) в текущих (прогнозных) ценах по состоянию на _______2011 г.
A22: № пп | B22: Обоснование | C22: Наименование | D22: Ед. изм. | E22: Кол. | F22: Стоимость единицы, руб. | J22: Общая стоимость, руб.
F23: Всего | G23: В том числе | J23: Всего | K23: В том числе
G24: Осн.З/п | H24: Эк.Маш. | I24: З/пМех | K24: Осн.З/п | L24: Эк.Маш. | M24: З/пМех
A25: 1 | B25: 2 | C25: 3 | D25: 4 | E25: 5 | F25: 6 | G25: 7 | H25: 8 | I25: 9 | J25: 10 | K25: 11 | L25: 12 | M25: 13
A26: Раздел 1. Лист 8. Схема расположения кирпичной перегородки на отм.-3,500 между осями 7-8 и Р-Т. Разрезы 1-1 - 3-3. Узлы
A27: Окраска металлических конструкций, эксплуатируемых на открытиом воздухе (лист 7. 3. Технические требования, поз. 3.5)
A28: Цинотан
B29: ТЕР13-03-002-01 Постан.Правит.Свердл.обл. от 10.11.10 №1616-ПП прим.= Огрунтовка металлических поверхностей за один раз грунтовкой Цинотан | C29: Огрунтовка металлических поверхностей за один раз грунтовкой ХС-068 КОЭФ. К ПОЗИЦИИ: ПЗ=2 (ОЗП=2; ЭМ=2 к расх.; ЗПМ=2; МАТ=2 к расх.; ТЗ=2; ТЗМ=2) НР (275 руб.): 90% от ФОТ (306 руб.) СП (214 руб.): 70% от ФОТ (306 руб.) | D29: 100 м2 окрашиваемой поверхности | E29: 1,5 150 / 100 | F29: 888.16 | G29: 120.9 | H29: 22.48 | I29: 0.32 | J29: 1332 | K29: 181 | L29: 34
B30: ТСЦ-113-0031 Постан.Правит.Свердл.обл. от 10.11.10 №1616-ПП | C30: Грунтовка ХС-068 красно-коричневая | D30: т | E30: -0.0477 | F30: 17433.5 | J30: -832
B31: цена поставщика | C31: Композиция антикоррозионная грунтовочная ЦИНОТАН (расход 390 г/м2, 335 руб./кг) КОЭФ. К ПОЗИЦИИ: Итого без НДС МАТ=МАТ/1,18-МАТ; приведение к базисному уровню цен на материалы МАТ=МАТ/5,73-МАТ | D31: кг | E31: 47.7 | F31: 49.55 | J31: 2364
A32: Политон-УР
B33: ТЕР13-03-004-09 Постан.Правит.Свердл.обл. от 10.11.10 №1616-ПП прим. = Окраска металлических огрунтованных поверхностей эмалью Политон-Ур | C33: Окраска металлических огрунтованных поверхностей эмалью ЭП-773 КОЭФ. К ПОЗИЦИИ: ПЗ=2 (ОЗП=2; ЭМ=2 к расх.; ЗПМ=2; МАТ=2 к расх.; ТЗ=2; ТЗМ=2) НР (145 руб.): 90% от ФОТ (161 руб.) СП (113 руб.): 70% от ФОТ (161 руб.) | D33: 100 м2 окрашиваемой поверхности | E33: 1,5 150 / 100 | F33: 961.56 | G33: 63.14 | H33: 20.3 | I33: 0.32 | J33: 1442 | K33: 95 | L33: 30
B34: ТСЦ-113-0210 Постан.Правит.Свердл.обл. от 10.11.10 №1616-ПП | C34: Эмаль эпоксидная ЭП-733 зеленая | D34: т | E34: -0.03 | F34: 39311.65 | J34: -1179
B35: цена поставщика | C35: Эмаль полиуретановая защитно-декоративная "Политон-УР" (расход 180 г/м2, 320 руб./кг) КОЭФ. К ПОЗИЦИИ: Итого без НДС МАТ=МАТ/1,18-МАТ; приведение к базисному уровню цен на материалы МАТ=МАТ/5,73-МАТ | D35: кг | E35: 30 | F35: 47.33 | J35: 1420
A36: Окраска металлических конструкций внутри здания (лист 7. 3. Технические требования, поз. 3.6)
B37: ТЕР13-03-002-04 Постан.Правит.Свердл.обл. от 10.11.10 №1616-ПП | C37: Огрунтовка металлических поверхностей за один раз грунтовкой ГФ-021 НР (38 руб.): 90% от ФОТ (42 руб.) СП (29 руб.): 70% от ФОТ (42 руб.) | D37: 100 м2 окрашиваемой поверхности | E37: 0,32 32 / 100 | F37: 417.46 | G37: 79.65 | H37: 10.15 | I37: 0.16 | J37: 134 | K37: 25 | L37: 3
B38: ТЕР13-03-004-26 Постан.Правит.Свердл.обл. от 10.11.10 №1616-ПП | C38: Окраска металлических огрунтованных поверхностей эмалью ПФ-115 КОЭФ. К ПОЗИЦИИ: ПЗ=2 (ОЗП=2; ЭМ=2 к расх.; ЗПМ=2; МАТ=2 к расх.; ТЗ=2; ТЗМ=2) НР (47 руб.): 90% от ФОТ (52 руб.) СП (36 руб.): 70% от ФОТ (52 руб.) | D38: 100 м2 окрашиваемой поверхности | E38: 0,32 32 / 100 | F38: 1261.82 | G38: 97.9 | H38: 13.36 | I38: 0.32 | J38: 404 | K38: 31 | L38: 4
A39: Тт, поз. 2
B40: ТЕР09-03-039-05 Постан.Правит.Свердл.обл. от 10.11.10 №1616-ПП прим.=Демонтаж кронштейнов с сущ. стоек | C40: Монтаж опорных конструкций этажерочного типа КОЭФ. К ПОЗИЦИИ: 5.Прил.9.3_Разборка (демонтаж) металлических конструкций ОЗП=0,7; ЭМ=0,7 к расх.; ЗПМ=0,7; МАТ=0 к расх.; ТЗ=0,7; ТЗМ=0,7 НР (8 руб.): 90% от ФОТ (9 руб.) СП (8 руб.): 85% от ФОТ (9 руб.) | D40: 1 т конструкций | E40: 0,03 30/1000 | F40: 403.73 | G40: 179.75 | H40: 223.98 | I40: 17.79 | J40: 12 | K40: 5 | L40: 7 | M40: 1
B41: ФССЦпг01-01-01-041 И1-Пр. Минрегион от 05.05.12 №189 | C41: Погрузочные работы при автомобильных перевозках: мусора строительного с погрузкой вручную КОЭФ. К ПОЗИЦИИ: ОП п.1.1.9 Прил.1 Прил.1_Поясной коэффициент: Пермский край (кроме Красновишерского, Чердынского, Гайнского, Косинского, Кочевского районов), Республика Башкортостан, Республика Алтай, Вологодская, Кемеровская, Кировская, Курганская, Омская, Оренбургская, Новосибирская, Свердловская, Челябинская области ПЗ=1,1 (ОЗП=1,1; ЭМ=1,1; ЗПМ=1,1; МАТ=1,1) НР 0% от ФОТ СП 0% от ФОТ | D41: 1 т груза | E41: 0,03 ОКР(30/1000; 4) | F41: 47.28 | G41: 47.28 | J41: 1 | K41: 1
B42: ФССЦпг03-21-01-043 Пр. Минрегион от 20.07.11 №354 | C42: Перевозка грузов автомобилями-самосвалами грузоподъемностью 10 т, работающих вне карьера, на расстояние: до 43 км I класс груза КОЭФ. К ПОЗИЦИИ: 15_Поясные коэффициенты к сметным ценам на перевозку грузов автомобильным транспортом: Республика Башкортостан, Алтайский край, Вологодская, Кемеровская, Кировская, Курганская, Омская, Оренбургская, Новосибирская, Свердловская, Челябинская и Пермская области (за исключением Коми-Пермяцкого автономного округа). ПЗ=1,1 (ОЗП=1,1; ЭМ=1,1; ЗПМ=1,1; МАТ=1,1) НР 0% от ФОТ СП 0% от ФОТ | D42: 1 т груза | E42: 0,03 30/1000 | F42: 26.85 | H42: 26.85 | J42: 1 | L42: 1
A43: Тт, поз. 3
B44: ФЕР09-04-012-01 И4-Пр. Минрегион от 13.07.11 №339 Установка дверного блока Д1 (2100х1000 мм) | C44: Установка металлических дверных блоков в готовые проемы КОЭФ. К ПОЗИЦИИ: Приведение расценок ФЕР к ТЕР (Письмо УРЦЦС Ц-297 от 12.04.2011) ОЗП=1,41; ЭМ=1,242; ЗПМ=1,41; МАТ=1,052 НР (107 руб.): 90% от ФОТ (119 руб.) СП (101 руб.): 85% от ФОТ (119 руб.) | D44: 1 м2 проема | E44: 2,1 2,1*1*1 | F44: 84.31 | G44: 33.57 | H44: 23.68 | J44: 177 | K44: 70 | L44: 50
B45: цена поставщика прим. | C45: Дверь металлическая (9915 руб./шт) КОЭФ. К ПОЗИЦИИ: Итого без НДС МАТ=МАТ/1,18-МАТ; приведение к базисному уровню цен на материалы МАТ=МАТ/5,73-МАТ | D45: шт | E45: 1 | F45: 1466.41 | J45: 1466
B46: ФЕР09-04-012-02 И4-Пр. Минрегион от 13.07.11 №339 | C46: Установка дверного доводчика к металлическим дверям КОЭФ. К ПОЗИЦИИ: Приведение расценок ФЕР к ТЕР (Письмо УРЦЦС Ц-297 от 12.04.2011) ОЗП=1,41; ЭМ=1,242; ЗПМ=1,41; МАТ=1,052 НР (25 руб.): 90% от ФОТ (28 руб.) СП (24 руб.): 85% от ФОТ (28 руб.) | D46: 1 шт. | E46: 1 | F46: 19.84 | G46: 15.52 | H46: 3.56 | J46: 20 | K46: 16 | L46: 4
B47: ФССЦ-101-0961 Приказ Минстроя РФ от 30.01.14 №31/пр | C47: Закрыватель дверной гидравлический рычажный в алюминиевом корпусе КОЭФ. К ПОЗИЦИИ: Приведение расценок ФЕР к ТЕР (Письмо УРЦЦС Ц-297 от 12.04.2011) ОЗП=1,41; ЭМ=1,242; ЗПМ=1,41; МАТ=1,052 | D47: шт. | E47: 1 | F47: 450.54 | J47: 451
A48: Тт, поз. 4
B49: ТЕР11-01-027-01 Постан.Правит.Свердл.обл. от 10.11.10 №1616-ПП Разборка покрытий полов | C49: Устройство покрытий на цементном растворе из плиток бетонных, цементных или мозаичных КОЭФ. К ПОЗИЦИИ: МДС 81-36.2004 п.п.3.3.1._Демонтаж (разборка) конструкций ОЗП=0,8; ЭМ=0,8 к расх.; ЗПМ=0,8; МАТ=0 к расх.; ТЗ=0,8; ТЗМ=0,8 НР (149 руб.): 123% от ФОТ (121 руб.) СП (91 руб.): 75% от ФОТ (121 руб.) | D49: 100 м2 покрытия | E49: 0,09 9 / 100 | F49: 940.07 | G49: 761.71 | H49: 178.36 | I49: 36.62 | J49: 85 | K49: 69 | L49: 16 | M49: 3
B50: ТЕР46-04-009-01 Постан.Правит.Свердл.обл. от 10.11.10 №1616-ПП прим.= Разборка оснований под полы | C50: Разборка бетонных оснований под полы на гравии НР (426 руб.): 110% от ФОТ (387 руб.) СП (271 руб.): 70% от ФОТ (387 руб.) | D50: 1 м3 | E50: 1.8 | F50: 495.3 | G50: 114.13 | H50: 381.17 | I50: 35.3 | J50: 892 | K50: 205 | L50: 687 | M50: 64
B51: ФССЦпг01-01-01-041 И1-Пр. Минрегион от 05.05.12 №189 | C51: Погрузочные работы при автомобильных перевозках: мусора строительного с погрузкой вручную КОЭФ. К ПОЗИЦИИ: ОП п.1.1.9 Прил.1 Прил.1_Поясной коэффициент: Пермский край (кроме Красновишерского, Чердынского, Гайнского, Косинского, Кочевского районов), Республика Башкортостан, Республика Алтай, Вологодская, Кемеровская, Кировская, Курганская, Омская, Оренбургская, Новосибирская, Свердловская, Челябинская области ПЗ=1,1 (ОЗП=1,1; ЭМ=1,1; ЗПМ=1,1; МАТ=1,1) НР 0% от ФОТ СП 0% от ФОТ | D51: 1 т груза | E51: 5,616 ОКР(9*(0,04+0,02)*2,4+1,8*2,4; 4) | F51: 47.28 | G51: 47.28 | J51: 266 | K51: 266
B52: ФССЦпг03-21-01-043 Пр. Минрегион от 20.07.11 №354 | C52: Перевозка грузов автомобилями-самосвалами грузоподъемностью 10 т, работающих вне карьера, на расстояние: до 43 км I класс груза КОЭФ. К ПОЗИЦИИ: 15_Поясные коэффициенты к сметным ценам на перевозку грузов автомобильным транспортом: Республика Башкортостан, Алтайский край, Вологодская, Кемеровская, Кировская, Курганская, Омская, Оренбургская, Новосибирская, Свердловская, Челябинская и Пермская области (за исключением Коми-Пермяцкого автономного округа). ПЗ=1,1 (ОЗП=1,1; ЭМ=1,1; ЗПМ=1,1; МАТ=1,1) НР 0% от ФОТ СП 0% от ФОТ | D52: 1 т груза | E52: 5,616 9*0,26*2,4 | F52: 26.85 | H52: 26.85 | J52: 151 | L52: 151
A53: Тт, поз. 5
B54: ТЕР08-02-002-03 Постан.Правит.Свердл.обл. от 10.11.10 №1616-ПП | C54: Кладка перегородок из кирпича армированных толщиной в 1/2 кирпича при высоте этажа до 4 м НР (1181 руб.): 122% от ФОТ (968 руб.) СП (774 руб.): 80% от ФОТ (968 руб.) | D54: 100 м2 перегородок (за вычетом проемов) | E54: 0,27 27 / 100 | F54: 10332.14 | G54: 2043.74 | H54: 1064 | I54: 74.8 | J54: 2790 | K54: 552 | L54: 287 | M54: 20
B55: ТСЦ-402-0012 Постан.Правит.Свердл.обл. от 10.11.10 №1616-ПП | C55: Раствор готовый кладочный цементно-известковый марки 25 | D55: м3 | E55: -0.621 | F55: 624.81 | J55: -388
B56: ТСЦ-402-0013 Постан.Правит.Свердл.обл. от 10.11.10 №1616-ПП | C56: Раствор готовый кладочный цементно-известковый марки 50 | D56: м3 | E56: 0.621 | F56: 650.34 | J56: 404
B57: ТСЦ-204-0100 Постан.Правит.Свердл.обл. от 10.11.10 №1616-ПП | C57: Горячекатаная арматурная сталь класса А-I, А-II, А-III | D57: т | E57: -0.0243 | F57: 7601.69 | J57: -185
B58: ТСЦ-204-0100 Постан.Правит.Свердл.обл. от 10.11.10 №1616-ПП поз.1 | C58: Горячекатаная арматурная сталь класса А-I, А-II, А-III | D58: т | E58: 0,007 ОКР(48*0,14/1000; 3) | F58: 7601.69 | J58: 53
B59: ТСЦ-204-0084 Постан.Правит.Свердл.обл. от 10.11.10 №1616-ПП поз.6 | C59: Сетка из проволоки холоднотянутой | D59: т | E59: 0,04 ОКР(400*0,099/1000; 3) | F59: 7390 | J59: 296
B60: ТСЦ-101-1986 Постан.Правит.Свердл.обл. от 10.11.10 №1616-ПП поз.12 | C60: Проволока стальная низкоуглеродистая общего назначения диаметром 0,8 мм | D60: кг | E60: 0,356 ОКР(90*0,00395; 3) | F60: 11.39 | J60: 4
B61: ТЕР15-02-016-03 Постан.Правит.Свердл.обл. от 10.11.10 №1616-ПП | C61: Штукатурка поверхностей внутри здания цементно-известковым или цементным раствором по камню и бетону улучшенная стен НР (1164 руб.): 105% от ФОТ (1109 руб.) СП (610 руб.): 55% от ФОТ (1109 руб.) | D61: 100 м2 оштукатуриваемой поверхности | E61: 0,54 (27*2) / 100 | F61: 2722.42 | G61: 1137.38 | H61: 182.31 | I61: 78.56 | J61: 1470 | K61: 614 | L61: 98 | M61: 42
A62: Тт поз. 6
B63: ФЕР15-04-007-01 И4-Пр. Минрегион от 13.07.11 №339 | C63: Окраска водно-дисперсионными акриловыми составами улучшенная: по штукатурке стен КОЭФ. К ПОЗИЦИИ: Приведение расценок ФЕР к ТЕР (Письмо УРЦЦС Ц-297 от 12.04.2011) ОЗП=1,41; ЭМ=1,242; ЗПМ=1,41; МАТ=1,052 НР (516 руб.): 105% от ФОТ (491 руб.) СП (270 руб.): 55% от ФОТ (491 руб.) | D63: 100 м2 окрашиваемой поверхности | E63: 0,54 54 / 100 | F63: 1690.52 | G63: 536.8 | H63: 16.93 | I63: 0.32 | J63: 913 | K63: 290 | L63: 9
A64: Тт, поз. 8
B65: ТЕР06-01-001-22 Постан.Правит.Свердл.обл. от 10.11.10 №1616-ПП | C65: Устройство ленточных фундаментов железобетонных при ширине по верху до 1000 мм НР (55 руб.): 105% от ФОТ (52 руб.) СП (34 руб.): 65% от ФОТ (52 руб.) | D65: 100 м3 бетона, бутобетона и железобетона в деле | E65: 0,005 0,5 / 100 | F65: 79747.23 | G65: 5566.58 | H65: 8517.37 | I65: 523.04 | J65: 399 | K65: 28 | L65: 43 | M65: 3
B66: ТСЦ-204-0084 Постан.Правит.Свердл.обл. от 10.11.10 №1616-ПП поз.7 | C66: Сетка из проволоки холоднотянутой | D66: т | E66: 0,006 6*1/1000 | F66: 7390 | J66: 44
B67: ТЕР11-01-017-02 Постан.Правит.Свердл.обл. от 10.11.10 №1616-ПП | C67: Устройство покрытий мозаичных терраццо толщиной 20 мм без рисунка НР (207 руб.): 123% от ФОТ (168 руб.) СП (126 руб.): 75% от ФОТ (168 руб.) | D67: 100 м2 покрытия | E67: 0,045 (0,5*9) / 100 | F67: 4671.9 | G67: 2201.03 | H67: 339.3 | I67: 32.65 | J67: 210 | K67: 99 | L67: 15 | M67: 1
B68: ТЕР11-01-017-04 Постан.Правит.Свердл.обл. от 10.11.10 №1616-ПП | C68: Устройство покрытий мозаичных на каждые 5 мм изменения толщины добавлять сверх 20 мм к расценкам 11-01-017-02, 11-01-017-003 КОЭФ. К ПОЗИЦИИ: ПЗ=20 (ОЗП=20; ЭМ=20 к расх.; ЗПМ=20; МАТ=20 к расх.; ТЗ=20; ТЗМ=20) НР (413 руб.): 123% от ФОТ (336 руб.) СП (252 руб.): 75% от ФОТ (336 руб.) | D68: 100 м2 покрытия | E68: 0,045 4,5 / 100 | F68: 14356.4 | G68: 4405.4 | H68: 134.4 | I68: 15.6 | J68: 646 | K68: 198 | L68: 6 | M68: 1
B69: ТЕР11-01-039-02 Постан.Правит.Свердл.обл. от 10.11.10 №1616-ПП | C69: Устройство плинтусов цементных НР (47 руб.): 123% от ФОТ (38 руб.) СП (29 руб.): 75% от ФОТ (38 руб.) | D69: 100 м плинтуса | E69: 0,16 16 / 100 | F69: 267.38 | G69: 140.92 | H69: 4.37 | J69: 43 | K69: 23 | L69: 1
B70: ТСЦ-402-0006 Постан.Правит.Свердл.обл. от 10.11.10 №1616-ПП | C70: Раствор готовый кладочный цементный марки 200 | D70: м3 | E70: -0,03 ОКР(-0,0256; 2) | F70: 763.06 | J70: -23
B71: ТСЦ-402-0005 Постан.Правит.Свердл.обл. от 10.11.10 №1616-ПП | C71: Раствор готовый кладочный цементный марки 150 | D71: м3 | E71: 0,03 ОКР(0,0256; 2) | F71: 707.88 | J71: 21
B72: ТЕР15-04-025-08 Постан.Правит.Свердл.обл. от 10.11.10 №1616-ПП прим.= Окраска плинтусов эмалью ПФ-115 | C72: Улучшенная окраска масляными составами по штукатурке стен НР (24 руб.): 105% от ФОТ (23 руб.) СП (13 руб.): 55% от ФОТ (23 руб.) | D72: 100 м2 окрашиваемой поверхности | E72: 0,02 2 / 100 | F72: 2387.62 | G72: 651.91 | H72: 12.41 | I72: 0.16 | J72: 48 | K72: 13
B73: ТСЦ-101-0456 Постан.Правит.Свердл.обл. от 10.11.10 №1616-ПП | C73: Краски цветные, готовые к применению для внутренних работ МА-25 розово-бежевая, светло-бежевая, светло-серая | D73: т | E73: -0.0004 | F73: 16871.82 | J73: -7
B74: ТСЦ-113-8029 Постан.Правит.Свердл.обл. от 10.11.10 №1616-ПП | C74: Эмаль ПФ-115 цветная | D74: кг | E74: 0.4 | F74: 35.7 | J74: 14
A75: Тт, поз. 9
B76: ТЕР09-05-006-01 Постан.Правит.Свердл.обл. от 10.11.10 №1616-ПП прим.= Резка гильз Г1-Г4 вдоль пополам | C76: Резка стального профилированного настила НР (22 руб.): 90% от ФОТ (24 руб.) СП (20 руб.): 85% от ФОТ (24 руб.) | D76: 1 м реза | E76: 3,2 2*0,16*(4+3+1+2) | F76: 4.99 | G76: 4.29 | H76: 0.7 | J76: 16 | K76: 14 | L76: 2
B77: ТЕР06-01-092-11 Постан.Правит.Свердл.обл. от 10.11.10 №1616-ПП | C77: Установка закладных деталей при массе элементов до 5 кг НР (28 руб.): 120% от ФОТ (23 руб.) СП (18 руб.): 77% от ФОТ (23 руб.) | D77: 1 т арматуры, закладных деталей | E77: 0,013 ОКР(4*1,74/1000+3*0,72/1000+1*3,22/1000+2*0,39/1000; 3) | F77: 1240.97 | G77: 1013.93 | H77: 176.49 | I77: 12.38 | J77: 16 | K77: 13 | L77: 2
B78: ТСЦ-201-0775 Постан.Правит.Свердл.обл. от 10.11.10 №1616-ПП Г1 - Г4 | C78: Конструктивные элементы вспомогательного назначения с преобладанием профильного проката без отверстий и сборосварочных операций | D78: т | E78: 0,013 ОКР(4*1,74/1000+3*0,72/1000+1*3,22/1000+2*0,39/1000; 3) | F78: 9744.43 | J78: 127
B79: ТЕР46-01-013-01 Постан.Правит.Свердл.обл. от 10.11.10 №1616-ПП прим.= После монтажа гильзы заварить | C79: Усиление сварных швов (наплавкой) НР (163 руб.): 110% от ФОТ (148 руб.) СП (104 руб.): 70% от ФОТ (148 руб.) | D79: 1 м шва | E79: 3.2 | F79: 84.47 | G79: 32.27 | H79: 21.01 | J79: 270 | K79: 103 | L79: 67
B81: ТЕР06-01-015-06 Постан.Правит.Свердл.обл. от 10.11.10 №1616-ПП Установка поз.2 | C81: Установка стальных конструкций, остающихся в теле бетона НР (59 руб.): 105% от ФОТ (56 руб.) СП (36 руб.): 65% от ФОТ (56 руб.) | D81: 1 т | E81: 0,049 2*24,5/1000 | F81: 11035.04 | G81: 627.77 | H81: 589.31 | I81: 31.85 | J81: 541 | K81: 31 | L81: 29 | M81: 2
B82: ТЕРр56-23-1 Постан.Правит.Свердл.обл. от 10.11.10 №1616-ПП прим. | C82: Обрамление проемов угловой сталью НР (103 руб.): 82% от ФОТ (126 руб.) СП (78 руб.): 62% от ФОТ (126 руб.) | D82: 1 т | E82: 0,154 ОКР(12,5*12,3/1000; 3) | F82: 6931.96 | G82: 555.72 | H82: 30.09 | I82: 5.94 | J82: 1068 | K82: 86 | L82: 5 | M82: 1
B83: цена поставщика | C83: 369263 Металлический рамный анкер HT 10X72 (11,40 руб./шт) КОЭФ. К ПОЗИЦИИ: приведение к базисному уровню цен на материалы МАТ=МАТ/5,73-МАТ | D83: шт | E83: 8 | F83: 1.99 | J83: 16
A84: Итого по разделу 1 Лист 8. Схема расположения кирпичной перегородки на отм.-3,500 между осями 7-8 и Р-Т. Разрезы 1-1 - 3-3. Узлы | J84: 28386
A85: Раздел 2. Лист 9. Схема расположения отверстий в стенах, перегородках и в плитах перекрытия на отм.+0,010 между осями 2-12 и Р-Т. Разрезы 1-1 и Р-Т
A86: Тт, поз. 3
B87: ТЕР11-01-027-03 Постан.Правит.Свердл.обл. от 10.11.10 №1616-ПП Разборка покрытий полов | C87: Устройство покрытий на цементном растворе из плиток керамических для полов одноцветных с красителем КОЭФ. К ПОЗИЦИИ: МДС 81-36.2004 п.п.3.3.1._Демонтаж (разборка) конструкций ОЗП=0,8; ЭМ=0,8 к расх.; ЗПМ=0,8; МАТ=0 к расх.; ТЗ=0,8; ТЗМ=0,8 НР (27 руб.): 123% от ФОТ (22 руб.) СП (17 руб.): 75% от ФОТ (22 руб.) | D87: 100 м2 покрытия | E87: 0,01 1 / 100 | F87: 1301.29 | G87: 1180.55 | H87: 120.74 | I87: 33.24 | J87: 13 | K87: 12 | L87: 1
B88: ТЕР11-01-027-01 Постан.Правит.Свердл.обл. от 10.11.10 №1616-ПП Разборка покрытий полов | C88: Устройство покрытий на цементном растворе из плиток бетонных, цементных или мозаичных КОЭФ. К ПОЗИЦИИ: МДС 81-36.2004 п.п.3.3.1._Демонтаж (разборка) конструкций ОЗП=0,8; ЭМ=0,8 к расх.; ЗПМ=0,8; МАТ=0 к расх.; ТЗ=0,8; ТЗМ=0,8 НР (30 руб.): 123% от ФОТ (24 руб.) СП (18 руб.): 75% от ФОТ (24 руб.) | D88: 100 м2 покрытия | E88: 0,017 1,7 / 100 | F88: 940.07 | G88: 761.71 | H88: 178.36 | I88: 36.62 | J88: 16 | K88: 13 | L88: 3 | M88: 1
B89: ФССЦпг01-01-01-041 И1-Пр. Минрегион от 05.05.12 №189 | C89: Погрузочные работы при автомобильных перевозках: мусора строительного с погрузкой вручную КОЭФ. К ПОЗИЦИИ: ОП п.1.1.9 Прил.1 Прил.1_Поясной коэффициент: Пермский край (кроме Красновишерского, Чердынского, Гайнского, Косинского, Кочевского районов), Республика Башкортостан, Республика Алтай, Вологодская, Кемеровская, Кировская, Курганская, Омская, Оренбургская, Новосибирская, Свердловская, Челябинская области ПЗ=1,1 (ОЗП=1,1; ЭМ=1,1; ЗПМ=1,1; МАТ=1,1) НР 0% от ФОТ СП 0% от ФОТ | D89: 1 т груза | E89: 0,215 ОКР(0,052+1,7*0,04*2,4; 3) | F89: 47.28 | G89: 47.28 | J89: 10 | K89: 10
B90: ФССЦпг03-21-01-043 Пр. Минрегион от 20.07.11 №354 | C90: Перевозка грузов автомобилями-самосвалами грузоподъемностью 10 т, работающих вне карьера, на расстояние: до 43 км I класс груза КОЭФ. К ПОЗИЦИИ: 15_Поясные коэффициенты к сметным ценам на перевозку грузов автомобильным транспортом: Республика Башкортостан, Алтайский край, Вологодская, Кемеровская, Кировская, Курганская, Омская, Оренбургская, Новосибирская, Свердловская, Челябинская и Пермская области (за исключением Коми-Пермяцкого автономного округа). ПЗ=1,1 (ОЗП=1,1; ЭМ=1,1; ЗПМ=1,1; МАТ=1,1) НР 0% от ФОТ СП 0% от ФОТ | D90: 1 т груза | E90: 0.215 | F90: 26.85 | H90: 26.85 | J90: 6 | L90: 6
B91: ТЕР07-01-044-03 Постан.Правит.Свердл.обл. от 10.11.10 №1616-ПП Установка доп. балок поз. 1-10 | C91: Установка монтажных изделий массой до 20 кг НР (122 руб.): 130% от ФОТ (94 руб.) СП (80 руб.): 85% от ФОТ (94 руб.) | D91: 1 т стальных элементов | E91: 0,0904 2*8,2/1000+2*2,3/1000+2*7,4/1000+1*1,6/1000+2*7,2/1000+1*3,6/1000+20*0,2/1000+20*0,02/1000+2*6,8/1000+2*8,5/1000 | F91: 13769.84 | G91: 614.03 | H91: 303.06 | J91: 1245 | K91: 56 | L91: 27
B92: ТЕР06-01-015-07 Постан.Правит.Свердл.обл. от 10.11.10 №1616-ПП поз.11 | C92: Установка закладных деталей весом до 4 кг НР (6 руб.): 105% от ФОТ (6 руб.) СП (4 руб.): 65% от ФОТ (6 руб.) | D92: 1 т | E92: 0,00132 6*0,22/1000 | F92: 9942.61 | G92: 2758.18 | H92: 42.05 | I92: 2.73 | J92: 13 | K92: 4
A93: Тт, поз. 7
B94: ТЕР46-04-003-01 Постан.Правит.Свердл.обл. от 10.11.10 №1616-ПП прим.= Отбивка с сущ. балок перекрытия бетона | C94: Разборка бетонных конструкций объемом более 1 м3 при помощи отбойных молотков из бетона марки 100 НР (90 руб.): 110% от ФОТ (82 руб.) СП (57 руб.): 70% от ФОТ (82 руб.) | D94: 1 м3 | E94: 0.3 | F94: 876.8 | G94: 116.14 | H94: 760.66 | I94: 70.45 | J94: 263 | K94: 35 | L94: 228 | M94: 21
B95: ФССЦпг01-01-01-041 И1-Пр. Минрегион от 05.05.12 №189 | C95: Погрузочные работы при автомобильных перевозках: мусора строительного с погрузкой вручную КОЭФ. К ПОЗИЦИИ: ОП п.1.1.9 Прил.1 Прил.1_Поясной коэффициент: Пермский край (кроме Красновишерского, Чердынского, Гайнского, Косинского, Кочевского районов), Республика Башкортостан, Республика Алтай, Вологодская, Кемеровская, Кировская, Курганская, Омская, Оренбургская, Новосибирская, Свердловская, Челябинская области ПЗ=1,1 (ОЗП=1,1; ЭМ=1,1; ЗПМ=1,1; МАТ=1,1) НР 0% от ФОТ СП 0% от ФОТ | D95: 1 т груза | E95: 0,72 ОКР(0,3*2,4; 3) | F95: 47.28 | G95: 47.28 | J95: 34 | K95: 34
B96: ФССЦпг03-21-01-043 Пр. Минрегион от 20.07.11 №354 | C96: Перевозка грузов автомобилями-самосвалами грузоподъемностью 10 т, работающих вне карьера, на расстояние: до 43 км I класс груза КОЭФ. К ПОЗИЦИИ: 15_Поясные коэффициенты к сметным ценам на перевозку грузов автомобильным транспортом: Республика Башкортостан, Алтайский край, Вологодская, Кемеровская, Кировская, Курганская, Омская, Оренбургская, Новосибирская, Свердловская, Челябинская и Пермская области (за исключением Коми-Пермяцкого автономного округа). ПЗ=1,1 (ОЗП=1,1; ЭМ=1,1; ЗПМ=1,1; МАТ=1,1) НР 0% от ФОТ СП 0% от ФОТ | D96: 1 т груза | E96: 0.72 | F96: 26.85 | H96: 26.85 | J96: 19 | L96: 19
B97: ТЕР46-03-017-01 Постан.Правит.Свердл.обл. от 10.11.10 №1616-ПП прим.= Восстановление разрушенного бетона | C97: Заделка отверстий, гнезд и борозд в перекрытиях железобетонных площадью до 0,1 м2 НР (299 руб.): 110% от ФОТ (272 руб.) СП (190 руб.): 70% от ФОТ (272 руб.) | D97: 1 м3 заделки | E97: 0.3 | F97: 1976.9 | G97: 628.82 | H97: 27.05 | J97: 593 | K97: 189 | L97: 8
A98: Тт, поз. 8
B99: ТЕР46-03-017-01 Постан.Правит.Свердл.обл. от 10.11.10 №1616-ПП прим. | C99: Заделка отверстий, гнезд и борозд в перекрытиях железобетонных площадью до 0,1 м2 НР (100 руб.): 110% от ФОТ (91 руб.) СП (64 руб.): 70% от ФОТ (91 руб.) | D99: 1 м3 заделки | E99: 0.1 | F99: 1976.9 | G99: 628.82 | H99: 27.05 | J99: 198 | K99: 63 | L99: 3
A100: Тт, поз. 9
B101: ТЕР46-03-017-05 Постан.Правит.Свердл.обл. от 10.11.10 №1616-ПП прим. | C101: Заделка отверстий, гнезд и борозд в стенах и перегородках бетонных площадью до 0,1 м2 НР (68 руб.): 110% от ФОТ (62 руб.) СП (43 руб.): 70% от ФОТ (62 руб.) | D101: 1 м3 заделки | E101: 0.05 | F101: 2078.32 | G101: 857.51 | H101: 44.07 | J101: 104 | K101: 43 | L101: 2
B102: ТСЦ-401-0066 Постан.Правит.Свердл.обл. от 10.11.10 №1616-ПП | C102: Бетон тяжелый, крупность заполнителя 20 мм, класс В15 (М200) | D102: м3 | E102: -0.052 | F102: 593.48 | J102: -31
B103: ТСЦ-402-0004 Постан.Правит.Свердл.обл. от 10.11.10 №1616-ПП | C103: Раствор готовый кладочный цементный марки 100 | D103: м3 | E103: 0.052 | F103: 673.2 | J103: 35
A104: Тт, поз. 10
B105: ТЕР11-01-017-02 Постан.Правит.Свердл.обл. от 10.11.10 №1616-ПП | C105: Устройство покрытий мозаичных терраццо толщиной 20 мм без рисунка НР (80 руб.): 123% от ФОТ (65 руб.) СП (49 руб.): 75% от ФОТ (65 руб.) | D105: 100 м2 покрытия | E105: 0,017 ОКР((0,05/0,03) / 100; 3) | F105: 4671.9 | G105: 2201.03 | H105: 339.3 | I105: 32.65 | J105: 79 | K105: 37 | L105: 6 | M105: 1
B106: ТЕР11-01-017-04 Постан.Правит.Свердл.обл. от 10.11.10 №1616-ПП | C106: Устройство покрытий мозаичных на каждые 5 мм изменения толщины добавлять сверх 20 мм к расценкам 11-01-017-02, 11-01-017-003 КОЭФ. К ПОЗИЦИИ: ПЗ=2 (ОЗП=2; ЭМ=2 к расх.; ЗПМ=2; МАТ=2 к расх.; ТЗ=2; ТЗМ=2) НР (14 руб.): 123% от ФОТ (11 руб.) СП (8 руб.): 75% от ФОТ (11 руб.) | D106: 100 м2 покрытия | E106: 0,017 ОКР((0,05/0,03) / 100; 3) | F106: 1435.64 | G106: 440.54 | H106: 13.44 | I106: 1.56 | J106: 24 | K106: 7
A107: Тт, поз. 11
B108: ТЕР26-02-002-02 Постан.Правит.Свердл.обл. от 10.11.10 №1616-ПП | C108: Огнезащитное покрытие несущих металлоконструкций балок перекрытий, покрытий и ферм составом «Файрекс-400» с пределом огнестойкости 0,75 часа НР (166 руб.): 100% от ФОТ (166 руб.) СП (116 руб.): 70% от ФОТ (166 руб.) | D108: 100 м2 обрабатываемой поверхности | E108: 0,045 4,5 / 100 | F108: 51766.07 | G108: 2186.92 | H108: 1400.63 | J108: 2329 | K108: 98 | L108: 63
A109: отверстия (ВР поз. 22)
...

Sheet 04-40703-0-0-ХС.ЛС изм.1
A1: СОГЛАСОВАНО: | J1: УТВЕРЖДАЮ:
A4: ________________ | J4: ________________
A5: " _____ " ________________ 2011 г. | J5: "______ " _______________2011 г.
E7: (наименование стройки)
D9: ЛОКАЛЬНЫЙ СМЕТНЫЙ РАСЧЕТ № 04-40703-0-0-ХС.ЛС изм.1
D10: (локальная смета)
B12: на | C12: Холодоснабжение
E13: (наименование работ и затрат, наименование объекта)
C15: Основание: РД 04-40703-0-0-ХС
C16: Сметная стоимость _______________________________________________________________________________________________ | E16: ___________________________8940,806 | G16: тыс. руб.
C17: строительных работ _______________________________________________________________________________________________ | E17: _______________________________________________________________________________________________345,787 | G17: тыс. руб.
C18: монтажных работ _______________________________________________________________________________________________ | E18: _______________________________________________________________________________________________755,904 | G18: тыс. руб.
C19: оборудования _______________________________________________________________________________________________ | E19: _______________________________________________________________________________________________7839,115 | G19: тыс. руб.
C20: Средства на оплату труда _______________________________________________________________________________________________ | E20: ___________________________131,839 | G20: тыс. руб.
C21: Сметная трудоемкость _______________________________________________________________________________________________ | E21: _______________________________________________________________________________________________8347,1 | G21: чел.час
C22: Составлен(а) в текущих (прогнозных) ценах по состоянию на _______2011 г.
A25: № пп | B25: Обоснование | C25: Наименование | D25: Ед. изм. | E25: Кол. | F25: Стоимость единицы, руб. | J25: Общая стоимость, руб.
F26: Всего | G26: В том числе | J26: Всего | K26: В том числе
G27: Осн.З/п | H27: Эк.Маш. | I27: З/пМех | K27: Осн.З/п | L27: Эк.Маш. | M27: З/пМех
A28: 1 | B28: 2 | C28: 3 | D28: 4 | E28: 5 | F28: 6 | G28: 7 | H28: 8 | I28: 9 | J28: 10 | K28: 11 | L28: 12 | M28: 13
A29: Раздел 1. Внешний контур. Оборудование и монтажные работы
B30: КП ООО "КЛИМАТ-КОНТРОЛЬ-ИНЖИНИРИНГ " №К/162-14 от 10.09.2014г. лист 1 поз.1 | C30: Машина холодильная (чиллер) с винтовыми компрессорами _x000D_ R134A и гликолеохлаждающим конденсатором_x000D_ с микропроцессорным управлением Prodialog Plus_x000D_ фирмы «Carrier» 30XW--0452 04-40703-0-0-ХС.ОЛ1 КОЭФ. К ПОЗИЦИИ: Итого без НДС ПЗ=ПЗ/1,18-ПЗ; приведение к базисному уровню цен на оборудование, мебель, инвентарь ПЗ=ПЗ/4,48-ПЗ; Расходы на комплектацию оборудования - согласно п.4.63 из МДС 81-35.2004 ПЗ=1% (ОЗП=1%; ЭМ=1%; МАТ=1%); Заготовительно-складские расходы - согласно п.4.64 из МДС 81-35.2004 ПЗ=1,2% (ОЗП=1,2%; ЭМ=1,2%; МАТ=1,2%) | D30: шт | E30: 2 | F30: 196345*49,95 | J30: 3792514
B31: ТЕРм07-01-035-04 Постан.Правит.Свердл.обл. от 10.11.10 №1616-ПП | C31: Агрегат или машина компрессорно-конденсаторная, масса 2,6 т НР (2525 руб.): 80% от ФОТ (3156 руб.) СП (1894 руб.): 60% от ФОТ (3156 руб.) | D31: 1 шт. | E31: 2 | F31: 1477.25 | G31: 913.64 | H31: 323.48 | I31: 19.84 | J31: 2955 | K31: 1827 | L31: 647 | M31: 40
B32: КП ООО "КЛИМАТ-КОНТРОЛЬ-ИНЖИНИРИНГ " №К/162-14 от 10.09.2014г. лист 1 поз.2 | C32: «Сухой» охладитель (драй-кулер) 04-40703-0-0-ХС.ОЛ2_x000D_ 09GHCA-194-8 09-6-H-264-1DN 125 КОЭФ. К ПОЗИЦИИ: Итого без НДС ПЗ=ПЗ/1,18-ПЗ; приведение к базисному уровню цен на оборудование, мебель, инвентарь ПЗ=ПЗ/4,48-ПЗ; Расходы на комплектацию оборудования - согласно п.4.63 из МДС 81-35.2004 ПЗ=1% (ОЗП=1%; ЭМ=1%; МАТ=1%); Заготовительно-складские расходы - согласно п.4.64 из МДС 81-35.2004 ПЗ=1,2% (ОЗП=1,2%; ЭМ=1,2%; МАТ=1,2%) | D32: шт | E32: 2 | F32: 103275*49,95 | J32: 1994815
B33: ТЕРм37-01-014-07 Постан.Правит.Свердл.обл. от 10.11.10 №1616-ПП | C33: Монтаж оборудования в помещении, масса оборудования 2 т НР (5220 руб.): 80% от ФОТ (6525 руб.) СП (3915 руб.): 60% от ФОТ (6525 руб.) | D33: 1 шт. | E33: 2 | F33: 4891.85 | G33: 1669.5 | H33: 2157.88 | I33: 260.42 | J33: 9784 | K33: 3339 | L33: 4316 | M33: 521
B34: Прайс ООО "ВИЛО РУС " от 07.10.2014 лист 1 поз.3 | C34: Насос стандартный с сухим ротором_x000D_ Wilo-CronoLine-Il 80/160-15/2 (2-полюсный) КОЭФ. К ПОЗИЦИИ: Итого без НДС ПЗ=ПЗ/1,18-ПЗ; приведение к базисному уровню цен на оборудование, мебель, инвентарь ПЗ=ПЗ/4,48-ПЗ; Расходы на комплектацию оборудования - согласно п.4.63 из МДС 81-35.2004 ПЗ=1% (ОЗП=1%; ЭМ=1%; МАТ=1%); Транспортные расходы - согласно п.4.60 из МДС 81-35.2004 ПЗ=3% (ОЗП=3%; ЭМ=3%; МАТ=3%); Заготовительно-складские расходы - согласно п.4.64 из МДС 81-35.2004 ПЗ=1,2% (ОЗП=1,2%; ЭМ=1,2%; МАТ=1,2%) | D34: шт | E34: 2 | F34: 2614*49,95 | J34: 52006
B35: ТЕРм07-04-001-02 Постан.Правит.Свердл.обл. от 10.11.10 №1616-ПП | C35: Агрегат насосный лопастный центробежный одноступенчатый, многоступенчатый объемный, вихревой, поршневой, приводной, роторный на общей фундаментной плите или моноблочный, масса 0,17 т НР (1130 руб.): 80% от ФОТ (1412 руб.) СП (847 руб.): 60% от ФОТ (1412 руб.) | D35: 1 шт. | E35: 2 | F35: 698.22 | G35: 416.05 | H35: 77.12 | I35: 1.82 | J35: 1396 | K35: 832 | L35: 154 | M35: 4
B36: Прайс ООО "ВИЛО РУС " от 10.09.2014 лист 1 поз.4 | C36: Насос Wilo-CronoLine-IL 40/170-5,5/2 N=5,5 кВт КОЭФ. К ПОЗИЦИИ: Итого без НДС ПЗ=ПЗ/1,18-ПЗ; приведение к базисному уровню цен на оборудование, мебель, инвентарь ПЗ=ПЗ/4,48-ПЗ; Расходы на комплектацию оборудования - согласно п.4.63 из МДС 81-35.2004 ПЗ=1% (ОЗП=1%; ЭМ=1%; МАТ=1%); Транспортные расходы - согласно п.4.60 из МДС 81-35.2004 ПЗ=3% (ОЗП=3%; ЭМ=3%; МАТ=3%); Заготовительно-складские расходы - согласно п.4.64 из МДС 81-35.2004 ПЗ=1,2% (ОЗП=1,2%; ЭМ=1,2%; МАТ=1,2%) | D36: шт | E36: 1 | F36: 1547*49,95 | J36: 15389
B37: ТЕРм07-04-001-02 Постан.Правит.Свердл.обл. от 10.11.10 №1616-ПП | C37: Агрегат насосный лопастный центробежный одноступенчатый, многоступенчатый объемный, вихревой, поршневой, приводной, роторный на общей фундаментной плите или моноблочный, масса 0,17 т КОЭФ. К ПОЗИЦИИ: МДС81-37.2004 п.п.4.3.1 т.2._Коэффициент изменения массы оборудования 0,51-0,6 ПЗ=0,8 (ОЗП=0,8; ЭМ=0,8 к расх.; ЗПМ=0,8; МАТ=0,8 к расх.; ТЗ=0,8; ТЗМ=0,8) НР (450 руб.): 80% от ФОТ (563 руб.) СП (338 руб.): 60% от ФОТ (563 руб.) | D37: 1 шт. | E37: 1 | F37: 558.58 | G37: 332.84 | H37: 61.7 | I37: 1.46 | J37: 559 | K37: 333 | L37: 62 | M37: 1
B38: Прайс "VERNAX " лист1 поз.5 | C38: Бак расширительный мембранного типа фирмы Wester Line_x000D_ (экспанзомат) WRV 200 (V=200 л), Рр 0,5 МПа КОЭФ. К ПОЗИЦИИ: Итого без НДС ПЗ=ПЗ/1,18-ПЗ; приведение к базисному уровню цен на оборудование, мебель, инвентарь ПЗ=ПЗ/4,48-ПЗ; Транспортные расходы - согласно п.4.60 из МДС 81-35.2004 ПЗ=3% (ОЗП=3%; ЭМ=3%; МАТ=3%); Заготовительно-складские расходы - согласно п.4.64 из МДС 81-35.2004 ПЗ=1,2% (ОЗП=1,2%; ЭМ=1,2%; МАТ=1,2%) | D38: шт | E38: 1 | J38: 2376
B39: КП ООО"САМСОН-УРАЛ" лист 2 поз.7 | C39: Регулятор температуры прямого действия тип 4 PN16 DN 80, фирмы «Samson» КОЭФ. К ПОЗИЦИИ: приведение к базисному уровню цен на оборудование, мебель, инвентарь ПЗ=ПЗ/4,48-ПЗ; Расходы на комплектацию оборудования - согласно п.4.63 из МДС 81-35.2004 ПЗ=1% (ОЗП=1%; ЭМ=1%; МАТ=1%); Транспортные расходы - согласно п.4.60 из МДС 81-35.2004 ПЗ=3% (ОЗП=3%; ЭМ=3%; МАТ=3%); Заготовительно-складские расходы - согласно п.4.64 из МДС 81-35.2004 ПЗ=1,2% (ОЗП=1,2%; ЭМ=1,2%; МАТ=1,2%) | D39: шт | E39: 2 | F39: 8907*49,95 | J39: 209102
B40: ТЕРм37-01-014-01 Постан.Правит.Свердл.обл. от 10.11.10 №1616-ПП | C40: Монтаж оборудования в помещении, масса оборудования 0,03 т НР (1151 руб.): 80% от ФОТ (1439 руб.) СП (863 руб.): 60% от ФОТ (1439 руб.) | D40: 1 шт. | E40: 2 | F40: 1078.66 | G40: 368.35 | H40: 510.77 | I40: 56.85 | J40: 2157 | K40: 737 | L40: 1022 | M40: 114
B41: КП ООО"САМСОН-УРАЛ" лист 2 поз.8 | C41: Грязеуловитель с фланцами Тип 2 N фирмы «Samson»_x000D_ фирмы «Samson», из нержавеющей стали, с двумя отверстиями_x000D_ для подключения манометра (G1/2) PN 16, DN 150 КОЭФ. К ПОЗИЦИИ: приведение к базисному уровню цен на оборудование, мебель, инвентарь ПЗ=ПЗ/4,48-ПЗ; Расходы на комплектацию оборудования - согласно п.4.63 из МДС 81-35.2004 ПЗ=1% (ОЗП=1%; ЭМ=1%; МАТ=1%); Транспортные расходы - согласно п.4.60 из МДС 81-35.2004 ПЗ=3% (ОЗП=3%; ЭМ=3%; МАТ=3%); Заготовительно-складские расходы - согласно п.4.64 из МДС 81-35.2004 ПЗ=1,2% (ОЗП=1,2%; ЭМ=1,2%; МАТ=1,2%) | D41: шт | E41: 1 | F41: 3965*49,95 | J41: 46541
B42: ТЕРм37-01-014-03 Постан.Правит.Свердл.обл. от 10.11.10 №1616-ПП | C42: Монтаж оборудования в помещении, масса оборудования 0,1 т КОЭФ. К ПОЗИЦИИ: МДС81-37.2004 п.п.4.3.1 т.2._Коэффициент изменения массы оборудования 0,51-0,6 ПЗ=0,8 (ОЗП=0,8; ЭМ=0,8 к расх.; ЗПМ=0,8; МАТ=0,8 к расх.; ТЗ=0,8; ТЗМ=0,8) НР (566 руб.): 80% от ФОТ (707 руб.) СП (424 руб.): 60% от ФОТ (707 руб.) | D42: 1 шт. | E42: 1 | F42: 977.82 | G42: 365.7 | H42: 451.07 | I42: 51.63 | J42: 978 | K42: 366 | L42: 451 | M42: 52
B43: Калькуляция №04-12/2291 от06.11.2014 ОАО"ЦПТИ" лист 2 поз.9 | C43: Емкость V=1 м3 КОЭФ. К ПОЗИЦИИ: Итого без НДС ПЗ=ПЗ/1,18-ПЗ; приведение к базисному уровню цен на оборудование, мебель, инвентарь ПЗ=ПЗ/4,48-ПЗ; Расходы на комплектацию оборудования - согласно п.4.63 из МДС 81-35.2004 ПЗ=1% (ОЗП=1%; ЭМ=1%; МАТ=1%); Транспортные расходы - согласно п.4.60 из МДС 81-35.2004 ПЗ=3% (ОЗП=3%; ЭМ=3%; МАТ=3%); Заготовительно-складские расходы - согласно п.4.64 из МДС 81-35.2004 ПЗ=1,2% (ОЗП=1,2%; ЭМ=1,2%; МАТ=1,2%); МДС 81-35.2004 п.4.58._Стоимость тары и упаковки - для крупного технологического оборудования ПЗ=1,005 (ОЗП=1,005; ЭМ=1,005; МАТ=1,005; ТЗ=1,005) | D43: шт | E43: 3 | J43: 247259
B44: ТЕРм37-01-002-04 Постан.Правит.Свердл.обл. от 10.11.10 №1616-ПП | C44: Монтаж оборудования без механизмов в помещении, масса оборудования 0,5 т КОЭФ. К ПОЗИЦИИ: МДС81-37.2004 п.п.4.3.1 т.2._Коэффициент изменения массы оборудования 0,51-0,6 ПЗ=0,8 (ОЗП=0,8; ЭМ=0,8 к расх.; ЗПМ=0,8; МАТ=0,8 к расх.; ТЗ=0,8; ТЗМ=0,8) НР (1202 руб.): 80% от ФОТ (1503 руб.) СП (902 руб.): 60% от ФОТ (1503 руб.) | D44: 1 шт. | E44: 3 | F44: 911.3 | G44: 286.75 | H44: 116.1 | I44: 10.05 | J44: 2734 | K44: 860 | L44: 348 | M44: 30
B45: Прайс ЗАО Торговый дом УТЗПК лист 2 поз.10 | C45: Клапан обратный двойной DС2 PN10 DN 50 КОЭФ. К ПОЗИЦИИ: приведение к базисному уровню цен на материалы МАТ=МАТ/5,73-МАТ | D45: шт | E45: 1 | F45: 4008.9 | J45: 4009
B46: ТЕРм12-12-001-07 Постан.Правит.Свердл.обл. от 10.11.10 №1616-ПП лист 2 поз.10 | C46: Арматура фланцевая с ручным приводом или без привода водопроводная на условное давление до 4 МПа, диаметр условного прохода 50 мм НР (71 руб.): 80% от ФОТ (89 руб.) СП (53 руб.): 60% от ФОТ (89 руб.) | D46: 1 шт. | E46: 1 | F46: 112.92 | G46: 47.29 | H46: 59.84 | I46: 6.19 | J46: 113 | K46: 47 | L46: 60 | M46: 6
B47: Прайс ЗАО Торговый дом УТЗПК лист 2 поз.11 | C47: Клапан обратный двойной DС2 PN10 DN1 50 КОЭФ. К ПОЗИЦИИ: приведение к базисному уровню цен на материалы МАТ=МАТ/5,73-МАТ | D47: шт | E47: 2 | F47: 2311.19 | J47: 4622
B48: ТЕРм12-12-001-12 Постан.Правит.Свердл.обл. от 10.11.10 №1616-ПП лист 2 поз.11 | C48: Арматура фланцевая с ручным приводом или без привода водопроводная на условное давление до 4 МПа, диаметр условного прохода 150 мм НР (268 руб.): 80% от ФОТ (335 руб.) СП (201 руб.): 60% от ФОТ (335 руб.) | D48: 1 шт. | E48: 2 | F48: 289.01 | G48: 79.81 | H48: 183.43 | I48: 18.75 | J48: 578 | K48: 160 | L48: 367 | M48: 38
B49: Прайс "КВО-АРМ " от 30.06.2014 лист 3 поз.12 | C49: Блок водопроводный упругий (компенсатор) 41.2.40 КОЭФ. К ПОЗИЦИИ: Итого без НДС МАТ=МАТ/1,18-МАТ; приведение к базисному уровню цен на материалы МАТ=МАТ/5,73-МАТ | D49: шт | E49: 2 | F49: 124.23 | J49: 248
B50: ТЕРм12-12-001-06 Постан.Правит.Свердл.обл. от 10.11.10 №1616-ПП лист 3 поз.12 | C50: Арматура фланцевая с ручным приводом или без привода водопроводная на условное давление до 4 МПа, диаметр условного прохода 40 мм НР (118 руб.): 80% от ФОТ (148 руб.) СП (89 руб.): 60% от ФОТ (148 руб.) | D50: 1 шт. | E50: 2 | F50: 49.66 | G50: 43.36 | H50: 1.09 | J50: 99 | K50: 87 | L50: 2
B51: Прайс "КВО-АРМ " от 30.06.2014 лист3 поз.13 | C51: Блок водопроводный упругий (компенсатор) 41.2.80 КОЭФ. К ПОЗИЦИИ: Итого без НДС МАТ=МАТ/1,18-МАТ; приведение к базисному уровню цен на материалы МАТ=МАТ/5,73-МАТ | D51: шт | E51: 4 | F51: 238.12 | J51: 952
B52: ТЕРм12-12-001-09 Постан.Правит.Свердл.обл. от 10.11.10 №1616-ПП лист 3 поз.13 | C52: Арматура фланцевая с ручным приводом или без привода водопроводная на условное давление до 4 МПа, диаметр условного прохода 80 мм НР (381 руб.): 80% от ФОТ (476 руб.) СП (286 руб.): 60% от ФОТ (476 руб.) | D52: 1 шт. | E52: 4 | F52: 180.32 | G52: 59.08 | H52: 111.04 | I52: 11.47 | J52: 721 | K52: 236 | L52: 444 | M52: 46
B53: Прайс ООО "Грация " лист 3 поз.14 | C53: Комплект В2 Vario PP-DL, 1000 мм, арт.0205-022 КОЭФ. К ПОЗИЦИИ: приведение к базисному уровню цен на оборудование, мебель, инвентарь ПЗ=ПЗ/4,48-ПЗ; Транспортные расходы - согласно п.4.60 из МДС 81-35.2004 ПЗ=3% (ОЗП=3%; ЭМ=3%; МАТ=3%); Заготовительно-складские расходы - согласно п.4.64 из МДС 81-35.2004 ПЗ=1,2% (ОЗП=1,2%; ЭМ=1,2%; МАТ=1,2%) | D53: шт | E53: 1 | F53: 428,48*49,95 | J53: 4980
B54: Прайс ЗАО Торговый дом УТЗПК лист 3 поз.15 | C54: Затвор поворотный с двойным фланцем серии "F012-А" PN10 DN 125 КОЭФ. К ПОЗИЦИИ: приведение к базисному уровню цен на материалы МАТ=МАТ/5,73-МАТ | D54: шт | E54: 8 | F54: 5861.37 | J54: 46891
B55: ТЕРм12-12-001-11 Постан.Правит.Свердл.обл. от 10.11.10 №1616-ПП лист 3 поз.15 | C55: Арматура фланцевая с ручным приводом или без привода водопроводная на условное давление до 4 МПа, диаметр условного прохода 125 мм НР (1063 руб.): 80% от ФОТ (1329 руб.) СП (797 руб.): 60% от ФОТ (1329 руб.) | D55: 1 шт. | E55: 8 | F55: 284.71 | G55: 79.81 | H55: 180.61 | I55: 18.56 | J55: 2278 | K55: 638 | L55: 1445 | M55: 148
B56: КП №823/14 от 07.10.2014 "КВО-АРМ " лист 3 поз.17 | C56: Кран шаровый фланцевый, 11.211.50_x000D_ PN16 DN 50 КОЭФ. К ПОЗИЦИИ: Итого без НДС МАТ=МАТ/1,18-МАТ; приведение к базисному уровню цен на материалы МАТ=МАТ/5,73-МАТ | D56: шт | E56: 11 | F56: 510.25 | J56: 5613
B57: ТЕРм12-12-001-07 Постан.Правит.Свердл.обл. от 10.11.10 №1616-ПП лист 3 поз.17 | C57: Арматура фланцевая с ручным приводом или без привода водопроводная на условное давление до 4 МПа, диаметр условного прохода 50 мм НР (796 руб.): 80% от ФОТ (995 руб.) СП (597 руб.): 60% от ФОТ (995 руб.) | D57: 1 шт. | E57: 11 | F57: 112.92 | G57: 47.29 | H57: 59.84 | I57: 6.19 | J57: 1242 | K57: 520 | L57: 658 | M57: 68
B58: КП №823/14 от 07.10.2014 "КВО-АРМ " лист 3 поз.18 | C58: Кран шаровый фланцевый, 11.211.150_x000D_ PN16 DN 150 КОЭФ. К ПОЗИЦИИ: Итого без НДС МАТ=МАТ/1,18-МАТ; приведение к базисному уровню цен на материалы МАТ=МАТ/5,73-МАТ | D58: шт | E58: 8 | F58: 4271.16 | J58: 34169
B59: ТЕРм12-12-001-12 Постан.Правит.Свердл.обл. от 10.11.10 №1616-ПП лист 3 поз.18 | C59: Арматура фланцевая с ручным приводом или без привода водопроводная на условное давление до 4 МПа, диаметр условного прохода 150 мм НР (1066 руб.): 80% от ФОТ (1333 руб.) СП (800 руб.): 60% от ФОТ (1333 руб.) | D59: 1 шт. | E59: 8 | F59: 289.01 | G59: 79.81 | H59: 183.43 | I59: 18.75 | J59: 2312 | K59: 638 | L59: 1467 | M59: 150
B60: Прайс ООО "АвтоматикаКИП " лист 4 поз.19 | C60: Кран трехходовой натяжной муфтовый с фланцем для контрольного манометра (DN 15 мм PN1,6 МПа) 11Б18бк КОЭФ. К ПОЗИЦИИ: Итого без НДС МАТ=МАТ/1,18-МАТ; приведение к базисному уровню цен на материалы МАТ=МАТ/5,73-МАТ | D60: шт | E60: 6 | F60: 17.75 | J60: 107
B61: ТЕРм12-12-009-02 Постан.Правит.Свердл.обл. от 10.11.10 №1616-ПП | C61: Арматура муфтовая с ручным приводом или без привода водопроводная на условное давление до 10 МПа, диаметр условного прохода 15 мм НР (527 руб.): 80% от ФОТ (659 руб.) СП (395 руб.): 60% от ФОТ (659 руб.) | D61: 1 шт. | E61: 6 | F61: 75.11 | G61: 65.04 | H61: 5.02 | J61: 451 | K61: 390 | L61: 30
B62: Прайс ООО "ГИРАС " лист 4 поз.20 | C62: Кран шаровый муфтовый КШ.М.15.016-00.000_x000D_ PN16 DN15 КОЭФ. К ПОЗИЦИИ: приведение к базисному уровню цен на материалы МАТ=МАТ/5,73-МАТ | D62: шт | E62: 18 | F62: 221.29 | J62: 3983
B63: ТЕРм12-12-009-02 Постан.Правит.Свердл.обл. от 10.11.10 №1616-ПП | C63: Арматура муфтовая с ручным приводом или без привода водопроводная на условное давление до 10 МПа, диаметр условного прохода 15 мм НР (1584 руб.): 80% от ФОТ (1980 руб.) СП (1188 руб.): 60% от ФОТ (1980 руб.) | D63: 1 шт. | E63: 18 | F63: 75.11 | G63: 65.04 | H63: 5.02 | J63: 1352 | K63: 1171 | L63: 90
B64: Прайс ОАО "Манотомь " лист 4 поз.21 | C64: Манометр показывающий МП-3У (0…10) кгс/см2_x000D_ с радиальным штуцером без фланца (М20х1,5-8g) КОЭФ. К ПОЗИЦИИ: Итого без НДС ПЗ=ПЗ/1,18-ПЗ; приведение к базисному уровню цен на оборудование, мебель, инвентарь ПЗ=ПЗ/4,48-ПЗ; Расходы на комплектацию оборудования - согласно п.4.63 из МДС 81-35.2004 ПЗ=1% (ОЗП=1%; ЭМ=1%; МАТ=1%); Транспортные расходы - согласно п.4.60 из МДС 81-35.2004 ПЗ=3% (ОЗП=3%; ЭМ=3%; МАТ=3%); Заготовительно-складские расходы - согласно п.4.64 из МДС 81-35.2004 ПЗ=1,2% (ОЗП=1,2%; ЭМ=1,2%; МАТ=1,2%); МДС 81-35.2004 п.4.58._Стоимость тары и упаковки - для крупного технологического оборудования ПЗ=1,005 (ОЗП=1,005; ЭМ=1,005; МАТ=1,005; ТЗ=1,005) | D64: шт | E64: 5 | J64: 590
B65: ТЕРм11-02-022-01 Постан.Правит.Свердл.обл. от 10.11.10 №1616-ПП лист 4 поз.21 | C65: Ротаметр показывающий, диаметр условного прохода до 10 мм; счетчик, диаметр условного прохода до 40 мм, устанавливаемые на резьбовых (муфтовых) соединениях НР (86 руб.): 80% от ФОТ (107 руб.) СП (64 руб.): 60% от ФОТ (107 руб.) | D65: 1 шт. | E65: 5 | F65: 12.94 | G65: 12.69 | J65: 65 | K65: 63
B66: Прайс ООО "АвтоматикаКИП " лист 4 поз.22 | C66: Оправа защитная металлическая для технических _x000D_ стеклянных термометров 2П 215/100 6,3 КОЭФ. К ПОЗИЦИИ: Итого без НДС МАТ=МАТ/1,18-МАТ; приведение к базисному уровню цен на материалы МАТ=МАТ/5,73-МАТ | D66: шт | E66: 8 | F66: 20.71 | J66: 166
B67: Прайс ООО "АвтоматикаКИП " лист 4 поз.23 | C67: Бобышка для защитных оправ _x000D_ БШ 35 М27х2 КОЭФ. К ПОЗИЦИИ: Итого без НДС МАТ=МАТ/1,18-МАТ; приведение к базисному уровню цен на материалы МАТ=МАТ/5,73-МАТ | D67: шт | E67: 8 | F67: 13.31 | J67: 106
B68: ТЕРм12-10-001-01 Постан.Правит.Свердл.обл. от 10.11.10 №1616-ПП лист 4 поз.23 | C68: Бобышки, штуцеры на условное давление до 10 МПа 1 607,75 = 3 444,75 - 100 x 9,40 - 100 x 3,57 - 100 x 5,40 НР (96 руб.): 80% от ФОТ (120 руб.) СП (72 руб.): 60% от ФОТ (120 руб.) | D68: 100 шт. | E68: 0,08 8 / 100 | F68: 1607.75 | G68: 886.17 | H68: 492.2 | J68: 129 | K68: 71 | L68: 39
A69: Уд | B69: 1. 108-0081 | C69: Бобышки скошенные | D69: шт. | E69: 100 8 | F69: 9.4 | J69: 75.2
A70: Уд | B70: 2. 301-3240 | C70: Колпачки-заглушки 1" | D70: шт. | E70: 100 8 | F70: 3.57 | J70: 28.56
A71: Уд | B71: 3. 507-2630 | C71: Пробки П-М27х2 | D71: шт. | E71: 100 8 | F71: 5.4 | J71: 43.2
B72: Прайс ООО "АвтоматикаКИП " лист 4 поз.24 | C72: Термометр технический жидкостный ТУ 25-2022.0006.90_x000D_ ТТЖ-М исп.1П-2 КОЭФ. К ПОЗИЦИИ: Итого без НДС МАТ=МАТ/1,18-МАТ; приведение к базисному уровню цен на материалы МАТ=МАТ/5,73-МАТ | D72: шт | E72: 8 | F72: 14.05 | J72: 112
B73: ТЕРм11-02-001-01 Постан.Правит.Свердл.обл. от 10.11.10 №1616-ПП | C73: Прибор, устанавливаемый на резьбовых соединениях, масса до 1,5 кг НР (155 руб.): 80% от ФОТ (194 руб.) СП (116 руб.): 60% от ФОТ (194 руб.) | D73: 1 шт. | E73: 8 | F73: 15.88 | G73: 14.39 | J73: 127 | K73: 115
B74: Прайс лист4 поз.25 | C74: Передвижная лестница-подмость с односторонним подъемом _x000D_ Z600 (высота площадки 2,09 м) каталог «ZARGES» кат. № 40068 КОЭФ. К ПОЗИЦИИ: Итого без НДС ПЗ=ПЗ/1,18-ПЗ; приведение к базисному уровню цен на оборудование, мебель, инвентарь ПЗ=ПЗ/4,48-ПЗ; Транспортные расходы - согласно п.4.60 из МДС 81-35.2004 ПЗ=3% (ОЗП=3%; ЭМ=3%; МАТ=3%); Заготовительно-складские расходы - согласно п.4.64 из МДС 81-35.2004 ПЗ=1,2% (ОЗП=1,2%; ЭМ=1,2%; МАТ=1,2%) | D74: шт | E74: 1 | F74: 858,4*49,95 | J74: 8454
B75: Прайс лист4 поз.26 | C75: Складная подставка Z600 каталог «ZARGES» кат. № 41921 КОЭФ. К ПОЗИЦИИ: Итого без НДС ПЗ=ПЗ/1,18-ПЗ; приведение к базисному уровню цен на оборудование, мебель, инвентарь ПЗ=ПЗ/4,48-ПЗ; Транспортные расходы - согласно п.4.60 из МДС 81-35.2004 ПЗ=3% (ОЗП=3%; ЭМ=3%; МАТ=3%); Заготовительно-складские расходы - согласно п.4.64 из МДС 81-35.2004 ПЗ=1,2% (ОЗП=1,2%; ЭМ=1,2%; МАТ=1,2%) | D75: шт | E75: 1 | F75: 358,9*49,95 | J75: 3535
B76: Прайс "HILTI " лист 4 поз.27 | C76: 371806 Анкер высоких нагруз. HSL-3-G M20/60 КОЭФ. К ПОЗИЦИИ: приведение к базисному уровню цен на материалы МАТ=МАТ/5,73-МАТ | D76: шт | E76: 36 | F76: 17.45 | J76: 628
B77: Прайс "HILTI " лист 4 поз.28 | C77: 2004156 Анкер-шпилька HSA M12 35/20/- КОЭФ. К ПОЗИЦИИ: приведение к базисному уровню цен на материалы МАТ=МАТ/5,73-МАТ | D77: шт | E77: 32 | F77: 9.58 | J77: 307
B78: ТЕР09-03-039-02 Постан.Правит.Свердл.обл. от 10.11.10 №1616-ПП лист 5 поз.29 | C78: Монтаж опорных конструкций для крепления трубопроводов внутри зданий и сооружений массой до 0,5 т=подставка НР (846 руб.): 90% от ФОТ (940 руб.) СП (799 руб.): 85% от ФОТ (940 руб.) | D78: 1 т конструкций | E78: 0,8766 146,1*6/1000 | F78: 918.68 | G78: 632.48 | H78: 146.49 | I78: 2 | J78: 805 | K78: 554 | L78: 128 | M78: 2
B79: ТСЦ-201-0779 Постан.Правит.Свердл.обл. от 10.11.10 №1616-ПП лист 5 поз.29 | C79: Прочие индивидуальные сварные конструкции, масса сборочной единицы от 0,1 до 0,5 т | D79: т | E79: 0,8766 146,1*6/1000 | F79: 13506.5 | J79: 11840
B80: ТЕР09-03-039-01 Постан.Правит.Свердл.обл. от 10.11.10 №1616-ПП лист 5 поз.30,31 | C80: Монтаж опорных конструкций для крепления трубопроводов внутри зданий и сооружений массой до 0,1 т=рамы НР (39 руб.): 90% от ФОТ (43 руб.) СП (37 руб.): 85% от ФОТ (43 руб.) | D80: 1 т конструкций | E80: 0,0249 (19,1+5,8)/1000 | F80: 1711.14 | G80: 1025.21 | H80: 386.58 | I80: 2 | J80: 43 | K80: 26 | L80: 10
B81: ТСЦ-201-0778 Постан.Правит.Свердл.обл. от 10.11.10 №1616-ПП лист 5 поз.30,31 | C81: Прочие индивидуальные сварные конструкции, масса сборочной единицы до 0,1 т | D81: т | E81: 0,0249 (19,1+5,8)/1000 | F81: 13506.5 | J81: 336
B82: ТЕРм12-01-004-04 Постан.Правит.Свердл.обл. от 10.11.10 №1616-ПП лист 8 поз.9, лист 6 поз.57 | C82: Трубопровод в помещениях или на открытых площадках в пределах цехов, монтируемый из труб и готовых деталей, на условное давление не более 2,5 МПа, диаметр труб наружный 32 мм НР (212 руб.): 80% от ФОТ (265 руб.) СП (159 руб.): 60% от ФОТ (265 руб.) | D82: 100 м трубопровода | E82: 0,066 (0,06*10+6) / 100 | F82: 6992.06 | G82: 2005.4 | H82: 4783.13 | I82: 381.99 | J82: 461 | K82: 132 | L82: 316 | M82: 25
B83: ТСЦ-507-2420 Постан.Правит.Свердл.обл. от 10.11.10 №1616-ПП +лист 5 поз.36,37 | C83: Узлы трубопроводов с установкой необходимых деталей из бесшовных труб, сталь 20, диаметром условного прохода 25 мм, толщиной стенки 2,5 мм | D83: т | E83: 0,017624 (0,2*10+0,14*15+0,29*9+1,819*6)/1000 | F83: 34560.01 | J83: 609
B84: ТЕРм12-01-004-07 Постан.Правит.Свердл.обл. от 10.11.10 №1616-ПП лист 5 поз.45,44, лист 6 поз.58,64,65, лист 8 поз.92 | C84: Трубопровод в помещениях или на открытых площадках в пределах цехов, монтируемый из труб и готовых деталей, на условное давление не более 2,5 МПа, диаметр труб наружный 57 мм НР (2629 руб.): 80% от ФОТ (3286 руб.) СП (1972 руб.): 60% от ФОТ (3286 руб.) | D84: 100 м трубопровода | E84: 0,6664 (0,015*30+0,118*25+0,045*2+0,06*2+0,015*2+63) / 100 | F84: 8434.11 | G84: 2466.1 | H84: 5591.02 | I84: 451.62 | J84: 5620 | K84: 1643 | L84: 3726 | M84: 301
B85: ТСЦ-507-2432 Постан.Правит.Свердл.обл. от 10.11.10 №1616-ПП +лист 6 поз.69 хомут | C85: Узлы трубопроводов с установкой необходимых деталей из бесшовных труб, сталь 20, диаметром условного прохода 50 мм, толщиной стенки 4,0 мм | D85: т | E85: 0,369929 (2,06*30+0,6*25+0,2*4+0,141*9+4,62*63)/1000 | F85: 23414 | J85: 8662
B86: ТСЦ-507-2427 Постан.Правит.Свердл.обл. от 10.11.10 №1616-ПП лист 5 поз.44 | C86: Узлы трубопроводов с установкой необходимых деталей из бесшовных труб, сталь 20, диаметром условного прохода 40 мм, толщиной стенки 2,5 мм | D86: т | E86: 0,00342 1,71*2/1000 | F86: 31968 | J86: 109
B87: ТЕРм12-01-004-09 Постан.Правит.Свердл.обл. от 10.11.10 №1616-ПП лист 5 поз.45, лист 6 поз.59, лист 8 поз.93 | C87: Трубопровод в помещениях или на открытых площадках в пределах цехов, монтируемый из труб и готовых деталей, на условное давление не более 2,5 МПа, диаметр труб наружный 89 мм НР (274 руб.): 80% от ФОТ (343 руб.) СП (206 руб.): 60% от ФОТ (343 руб.) | D87: 100 м трубопровода | E87: 0,062664 (0,017*8+0,1884*6+5) / 100 | F87: 9626.37 | G87: 2723.55 | H87: 6552.91 | I87: 530.55 | J87: 603 | K87: 171 | L87: 411 | M87: 33
B88: ТСЦ-507-2444 Постан.Правит.Свердл.обл. от 10.11.10 №1616-ПП | C88: Узлы трубопроводов с установкой необходимых деталей из бесшовных труб, сталь 20, диаметром условного прохода 80 мм, толщиной стенки 5,0 мм | D88: т | E88: 0,08262 (3,19*8+1,7*6+9,38*5)/1000 | F88: 21806.01 | J88: 1802
B89: ТЕРм12-01-004-11 Постан.Правит.Свердл.обл. от 10.11.10 №1616-ПП лист 5 поз.47,лист 6 поз.60, лист 8 поз.94 | C89: Трубопровод в помещениях или на открытых площадках в пределах цехов, монтируемый из труб и готовых деталей, на условное давление не более 2,5 МПа, диаметр труб наружный 133 мм НР (2605 руб.): 80% от ФОТ (3256 руб.) СП (1954 руб.): 60% от ФОТ (3256 руб.) | D89: 100 м трубопровода | E89: 0,50642 (0,021*2+0,3*12+47) / 100 | F89: 11154.05 | G89: 3224.9 | H89: 7372.81 | I89: 577.85 | J89: 5649 | K89: 1633 | L89: 3734 | M89: 293
B90: ТСЦ-507-2458 Постан.Правит.Свердл.обл. от 10.11.10 №1616-ПП +лист 6 поз.71 хомут, лист 5 поз.38 | C90: Узлы трубопроводов с установкой необходимых деталей из бесшовных труб, сталь 20, диаметром условного прохода 125 мм, толщиной стенки 4,0 мм | D90: т | E90: 0,67746 (5,4*2+3,8*12+0,725*6+9,2*2+12,73*47)/1000 | F90: 19974 | J90: 13532
B91: ТЕРм12-01-004-12 Постан.Правит.Свердл.обл. от 10.11.10 №1616-ПП лист 5 поз.48, лист 6 поз.61,62,66,67, лист 8 поз.95 | C91: Трубопровод в помещениях или на открытых площадках в пределах цехов, монтируемый из труб и готовых деталей, на условное давление не более 2,5 МПа, диаметр труб наружный 159 мм НР (6047 руб.): 80% от ФОТ (7559 руб.) СП (4535 руб.): 60% от ФОТ (7559 руб.) | D91: 100 м трубопровода | E91: 1,103614 (0,021*20+0,3534*17+0,1767*8+0,13*4+102) / 100 | F91: 12314.23 | G91: 3414.6 | H91: 8066.83 | I91: 637.41 | J91: 13590 | K91: 3768 | L91: 8903 | M91: 703
B92: ТСЦ-507-2468 Постан.Правит.Свердл.обл. от 10.11.10 №1616-ПП +лист 5 поз.32-34,39, стойки, лист 6 поз.70 хомут, лист 8 поз.99 уголок | C92: Узлы трубопроводов с установкой необходимых деталей из бесшовных труб, сталь 20, диаметром условного прохода 150 мм, толщиной стенки 4,5 мм | D92: т | E92: 2,454596 (6,92*20+6,1*17+3,05*8+2,3*4+0,827*18+4,81*17+38*5+45,5*2+48,5+0,86*4+17,15*102)/1000 | F92: 18789 | J92: 46119
B93: ТЕРм12-01-001-02 Постан.Правит.Свердл.обл. от 10.11.10 №1616-ПП лист 8 поз.97 | C93: Трубопровод из водогазопроводных труб с фитингами на резьбе, диаметр условного прохода 32-50 мм НР (42 руб.): 80% от ФОТ (53 руб.) СП (32 руб.): 60% от ФОТ (53 руб.) | D93: 100 м | E93: 0,01 1 / 100 | F93: 3740.47 | G93: 3089.4 | H93: 564.61 | I93: 89.55 | J93: 37 | K93: 31 | L93: 6 | M93: 1
B94: ТСЦ-103-0051 Постан.Правит.Свердл.обл. от 10.11.10 №1616-ПП | C94: Трубы стальные сварные водогазопроводные с резьбой оцинкованные обыкновенные, диаметр условного прохода 25 мм, толщина стенки 3,2 мм | D94: м | E94: 1 | F94: 32.82 | J94: 33
B95: ТСЦ-509-0966 Постан.Правит.Свердл.обл. от 10.11.10 №1616-ПП лист 16 поз.50,51,55 | C95: Прокладки из паронита , толщиной 1 мм, диаметром 50 мм | D95: 1000 шт. | E95: 0,042 (4+30+8) / 1000 | F95: 1428 | J95: 60
B96: ТСЦ-509-0967 Постан.Правит.Свердл.обл. от 10.11.10 №1616-ПП лист 16 поз.52 | C96: Прокладки из паронита , толщиной 1 мм, диаметром 100 мм | D96: 1000 шт. | E96: 0,012 12 / 1000 | F96: 2975 | J96: 36
B97: ТСЦ-509-0968 Постан.Правит.Свердл.обл. от 10.11.10 №1616-ПП лист 16 поз.53,54 | C97: Прокладки из паронита , толщиной 1 мм, диаметром 150 мм | D97: 1000 шт. | E97: 0,025 (2+23) / 1000 | F97: 4760 | J97: 119
B98: ТСЦ-101-0093 Постан.Правит.Свердл.обл. от 10.11.10 №1616-ПП лист 6 поз.74 | C98: Болты с шестигранной головкой диаметром резьбы 20 (22) мм | D98: т | E98: 0,034304 0,268*128/1000 | F98: 12536.55 | J98: 430
B99: ТСЦ-101-0092 Постан.Правит.Свердл.обл. от 10.11.10 №1616-ПП лист 6 поз.72,73 | C99: Болты с шестигранной головкой диаметром резьбы 16 (18) мм | D99: т | E99: 0,027956 (0,129*136+0,137*76)/1000 | F99: 12718.24 | J99: 356
B100: ТСЦ-101-0091 Постан.Правит.Свердл.обл. от 10.11.10 №1616-ПП лист 7 поз.76 | C100: Болты с шестигранной головкой диаметром резьбы 12 (14) мм | D100: т | E100: 0,000408 0,068*6/1000 | F100: 13785.67 | J100: 6
B101: ТСЦ-101-0090 Постан.Правит.Свердл.обл. от 10.11.10 №1616-ПП лист 7 поз.75 | C101: Болты с шестигранной головкой диаметром резьбы 10 мм | D101: т | E101: 0,000123 0,041*3/1000 | F101: 14444.22 | J101: 2
B102: ТСЦ-101-0122 Постан.Правит.Свердл.обл. от 10.11.10 №1616-ПП лист 7 поз.80 | C102: Гайки шестигранные диаметр резьбы 10 мм | D102: т | E102: 0,00021 0,01*21/1000 | F102: 19039.99 | J102: 4
B103: ТСЦ-101-0123 Постан.Правит.Свердл.обл. от 10.11.10 №1616-ПП лист 7 поз.81 | C103: Гайки шестигранные диаметр резьбы 12-14 мм | D103: т | E103: 6E-5 0,010*6/1000 | F103: 18302.2 | J103: 1
B104: ТСЦ-101-0124 Постан.Правит.Свердл.обл. от 10.11.10 №1616-ПП лист 7 поз.82 | C104: Гайки шестигранные диаметр резьбы 16-18 мм | D104: т | E104: 0,010079 0,03761*268/1000 | F104: 18059 | J104: 182
B105: ТСЦ-101-0125 Постан.Правит.Свердл.обл. от 10.11.10 №1616-ПП лист 7 поз.83 | C105: Гайки шестигранные диаметр резьбы 20-22 мм | D105: т | E105: 0,01008 0,063*160/1000 | F105: 16853.97 | J105: 170
B106: ТСЦ-101-2044 Постан.Правит.Свердл.обл. от 10.11.10 №1616-ПП лист 5 поз.42,43, лист 7 поз.89,90 | C106: Шайбы оцинкованные, диаметр 12 мм | D106: кг | E106: 0,267 0,003*9+0,012*3+0,034*6 | F106: 19.52 | J106: 5
... B108: ТСЦ-101-1394 Постан.Правит.Свердл.обл. от 10.11.10 №1616-ПП лист 7 поз.79 | C108: Шпильки оцинкованные стяжные диаметром 16 мм длиной 150 мм | D108: т | E108: 0,00608 0,38*16/1000 | F108: 14356.77 | J108: 87
B109: ТСЦ-302-1239 Постан.Правит.Свердл.обл. от 10.11.10 №1616-ПП лист 7 поз.85-87 | C109: Сгоны стальные с муфтой и контргайкой, диаметром 32 мм | D109: шт. | E109: 1 | F109: 23.09 | J109: 23
...

Sheet 04-40703-0-0-АК.ЛС1ПНР
A1: СОГЛАСОВАНО: | J1: УТВЕРЖДАЮ:
A4: ________________ | J4: ________________
A5: " _____ " ________________ 2011 г. | J5: "______ " _______________2011 г.
E7: (наименование стройки)
D9: ЛОКАЛЬНЫЙ СМЕТНЫЙ РАСЧЕТ №
D10: (локальная смета)
B12: на | C12: 04-40703-0-0-АК.ЛС1 Автоматизация комплексная. Пусконаладочные работы.
E13: (наименование работ и затрат, наименование объекта)
C15: Основание: Расчет коэффициента технической сложности
C16: Сметная стоимость прочих _______________________________________________________________________________________________ | E16: ___________________________10,908 | G16: тыс. руб.
C17: Средства на оплату труда _______________________________________________________________________________________________ | E17: ___________________________5,321 | G17: тыс. руб.
C18: Сметная трудоемкость _______________________________________________________________________________________________ | E18: _______________________________________________________________________________________________244,57 | G18: чел.час
C19: Составлен(а) в текущих (прогнозных) ценах по состоянию на _______2011 г.
A22: № пп | B22: Обоснование | C22: Наименование | D22: Ед. изм. | E22: Кол. | F22: Стоимость единицы, руб. | J22: Общая стоимость, руб.
F23: Всего | G23: В том числе | J23: Всего | K23: В том числе
G24: Осн.З/п | H24: Эк.Маш. | I24: З/пМех | K24: Осн.З/п | L24: Эк.Маш. | M24: З/пМех
A25: 1 | B25: 2 | C25: 3 | D25: 4 | E25: 5 | F25: 6 | G25: 7 | H25: 8 | I25: 9 | J25: 10 | K25: 11 | L25: 12 | M25: 13
A26: Раздел 1.
A27: Автоматизированные системы управления II категории технической сложности
B28: ТЕРп02-01-002-05 Постан.Правит.Свердл.обл. от 10.11.10 №1616-ПП | C28: Автоматизированная система управления II категории технической сложности с количеством каналов (Кобщ) 20 КОЭФ. К ПОЗИЦИИ: Коэффициент технической сложности работ ОЗП=1,269; ТЗ=1,269 НР (2412 руб.): 65% от ФОТ (3710 руб.) СП (1484 руб.): 40% от ФОТ (3710 руб.) | D28: 1 система | E28: 1 | F28: 4445.27 | G28: 4445.27 | J28: 4445 | K28: 4445
B29: ТЕРп02-01-002-06 Постан.Правит.Свердл.обл. от 10.11.10 №1616-ПП | C29: Автоматизированная система управления II категории технической сложности с количеством каналов (Кобщ) за каждый канал свыше 20 до 39 добавлять к расценке 02-01-002-05 КОЭФ. К ПОЗИЦИИ: Коэффициент технической сложности работ ОЗП=1,269; ТЗ=1,269 НР (1047 руб.): 65% от ФОТ (1610 руб.) СП (644 руб.): 40% от ФОТ (1610 руб.) | D29: 1 канал | E29: 9 29-20 | F29: 214.32 | G29: 214.32 | J29: 1929 | K29: 1929
A30: Итого по разделу 1 | J30: 10908
A31: ИТОГИ ПО СМЕТЕ:
A32: Итого прямые затраты по смете в ценах 2001г. | J32: 6374 | K32: 6374
A33: Итого прямые затраты по смете с учетом коэффициентов к итогам | J33: 5321 | K33: 5321
A34: Накладные расходы | J34: 3459
A35: Сметная прибыль | J35: 2128
A36: Итоги по смете:
A37: Пусконаладочные работы: 'вхолостую' - 80%, 'под нагрузкой' - 20%:
A38: Итого Поз. | J38: 6374 | K38: 6374
A39: Всего с учетом районного к-та 4,34% | J39: 6651 | K39: 6651
A40: Всего с учетом "Пусконаладочные работы: 'вхолостую' - 80% ПЗ=0,8 (ОЗП=0,8; ЭМ=0,8; ЗПМ=0,8; МАТ=0,8; ТЗ=0,8; ТЗМ=0,8)" | J40: 5321 | K40: 5321
A41: Накладные расходы 65% ФОТ (от 5 321) | J41: 3459
A42: Сметная прибыль 40% ФОТ (от 5 321) | J42: 2128
A43: Итого c накладными и см. прибылью | J43: 10908
A44: Итого | J44: 10908
A45: В том числе:
A46: ФОТ | J46: 5321
A47: Накладные расходы | J47: 3459
A48: Сметная прибыль | J48: 2128
A49: ВСЕГО по смете | J49: 10908
A53: Составил: ___________________________А.Ю.Буравова
A54: (должность, подпись, расшифровка)

Sheet 04-40703-0-0-ОВ.ЛС1ПНР
A1: СОГЛАСОВАНО: | J1: УТВЕРЖДАЮ:
A4: ________________ | J4: ________________
A5: " _____ " ________________ 2011 г. | J5: "______ " _______________2011 г.
E7: (наименование стройки)
D9: ЛОКАЛЬНЫЙ СМЕТНЫЙ РАСЧЕТ №
D10: (локальная смета)
B12: на | C12: 04-40703-0-0-ОВ.ЛС1 Вентиляция. Пусконаладочные работы
E13: (наименование работ и затрат, наименование объекта)
C15: Основание: 04-40703-0-0-ОВ.ВР1
C16: Сметная стоимость прочих _______________________________________________________________________________________________ | E16: ___________________________3,822 | G16: тыс. руб.
C17: Средства на оплату труда _______________________________________________________________________________________________ | E17: ___________________________1,864 | G17: тыс. руб.
C18: Сметная трудоемкость _______________________________________________________________________________________________ | E18: _______________________________________________________________________________________________94,5 | G18: чел.час
C19: Составлен(а) в текущих (прогнозных) ценах по состоянию на _______2011 г.
A22: № пп | B22: Обоснование | C22: Наименование | D22: Ед. изм. | E22: Кол. | F22: Стоимость единицы, руб. | J22: Общая стоимость, руб.
F23: Всего | G23: В том числе | J23: Всего | K23: В том числе
G24: Осн.З/п | H24: Эк.Маш. | I24: З/пМех | K24: Осн.З/п | L24: Эк.Маш. | M24: З/пМех
A25: 1 | B25: 2 | C25: 3 | D25: 4 | E25: 5 | F25: 6 | G25: 7 | H25: 8 | I25: 9 | J25: 10 | K25: 11 | L25: 12 | M25: 13
A26: Раздел 1.
B27: ТЕРп03-01-002-01 Постан.Правит.Свердл.обл. от 10.11.10 №1616-ПП | C27: Вентилятор осевой с входными элементами сети, установленный в воздуховоде, шахте, проеме или крышечного типа № 4-8 НР (141 руб.): 65% от ФОТ (217 руб.) СП (87 руб.): 40% от ФОТ (217 руб.) | D27: 1 устройство | E27: 3 1+1+1 | F27: 92.24 | G27: 92.24 | J27: 277 | K27: 277
B28: ТЕРп03-01-011-01 Постан.Правит.Свердл.обл. от 10.11.10 №1616-ПП | C28: Регулировочно-запорное устройство клапан воздушный проходной с электрическим, пневматическим приводом НР (146 руб.): 65% от ФОТ (224 руб.) СП (90 руб.): 40% от ФОТ (224 руб.) | D28: 1 устройство | E28: 10 5+5 | F28: 28.59 | G28: 28.59 | J28: 286 | K28: 286
B29: ТЕРп03-01-022-01 Постан.Правит.Свердл.обл. от 10.11.10 №1616-ПП | C29: Сеть систем вентиляции и кондиционирования воздуха при количестве сечений до 5 НР (387 руб.): 65% от ФОТ (596 руб.) СП (238 руб.): 40% от ФОТ (596 руб.) | D29: 1 вентиляционная сеть | E29: 4 | F29: 190.58 | G29: 190.58 | J29: 762 | K29: 762
B30: ТЕРп03-01-022-03 Постан.Правит.Свердл.обл. от 10.11.10 №1616-ПП | C30: Сеть систем вентиляции и кондиционирования воздуха при количестве сечений до 15 НР (194 руб.): 65% от ФОТ (299 руб.) СП (120 руб.): 40% от ФОТ (299 руб.) | D30: 1 вентиляционная сеть | E30: 1 | F30: 381.16 | G30: 381.16 | J30: 381 | K30: 381
B31: ТЕРп03-01-041-05 Постан.Правит.Свердл.обл. от 10.11.10 №1616-ПП | C31: Определение потерь (подсосов) воздуха в вентиляционной сети переносным вентилятором при суммарной длине воздуховода до 30 м, площадь сечения воздуховода в месте присоединения переносного вентилятора до 0,5 м2 НР (198 руб.): 65% от ФОТ (305 руб.) СП (122 руб.): 40% от ФОТ (305 руб.) | D31: 1 участок вентиляционной сети | E31: 1 | F31: 389.72 | G31: 389.72 | J31: 390 | K31: 390
B32: ТЕРп03-01-045-02 Постан.Правит.Свердл.обл. от 10.11.10 №1616-ПП | C32: Система воздухораспределения в одном помещении для регулирования метеорологических условий в рабочей зоне при количестве приточных насадков (воздухораспределителей) до 10 НР (146 руб.): 65% от ФОТ (224 руб.) СП (90 руб.): 40% от ФОТ (224 руб.) | D32: 1 помещение | E32: 3 1+2 | F32: 95.29 | G32: 95.29 | J32: 286 | K32: 286
A33: Итого по разделу 1 | J33: 3822
A34: ИТОГИ ПО СМЕТЕ:
A35: Итого прямые затраты по смете в ценах 2001г. | J35: 2382 | K35: 2382
A36: Итого прямые затраты по смете с учетом коэффициентов к итогам | J36: 1864 | K36: 1864
A37: Накладные расходы | J37: 1212
A38: Сметная прибыль | J38: 746
A39: Итоги по смете:
A40: Пусконаладочные работы: 'вхолостую' - 75%, 'под нагрузкой' - 25%:
A41: Итого Поз. | J41: 2382 | K41: 2382
A42: Всего с учетом районного к-та 4,34% | J42: 2485 | K42: 2485
A43: Всего с учетом "Пусконаладочные работы: 'вхолостую' - 75% ПЗ=0,75 (ОЗП=0,75; ЭМ=0,75; ЗПМ=0,75; МАТ=0,75; ТЗ=0,75; ТЗМ=0,75)" | J43: 1864 | K43: 1864
A44: Накладные расходы 65% ФОТ (от 1 864) | J44: 1212
A45: Сметная прибыль 40% ФОТ (от 1 864) | J45: 746
A46: Итого c накладными и см. прибылью | J46: 3822
A47: Итого | J47: 3822
A48: В том числе:
A49: ФОТ | J49: 1864
A50: Накладные расходы | J50: 1212
A51: Сметная прибыль | J51: 746
A52: ВСЕГО по смете | J52: 3822

Sheet 04-40703-0-0-ХС.ЛС1ПНР
A1: СОГЛАСОВАНО: | J1: УТВЕРЖДАЮ:
A4: ________________ | J4: ________________
A5: " _____ " ________________ 2011 г. | J5: "______ " _______________2011 г.
E7: (наименование стройки)
D9: ЛОКАЛЬНЫЙ СМЕТНЫЙ РАСЧЕТ №
D10: (локальная смета)
B12: на | C12: 04-40703-0-0-ХС.ЛС1 Пусконаладочные работы вхолостую
E13: (наименование работ и затрат, наименование объекта)
C15: Основание: РД 04-40703-0-0-ХС.ВР2
C16: Сметная стоимость прочих _______________________________________________________________________________________________ | E16: ___________________________38,784 | G16: тыс. руб.
C17: Средства на оплату труда _______________________________________________________________________________________________ | E17: ___________________________18,919 | G17: тыс. руб.
C18: Сметная трудоемкость _______________________________________________________________________________________________ | E18: _______________________________________________________________________________________________965,58 | G18: чел.час
C19: Составлен(а) в текущих (прогнозных) ценах по состоянию на _______2011 г.
A22: № пп | B22: Обоснование | C22: Наименование | D22: Ед. изм. | E22: Кол. | F22: Стоимость единицы, руб. | J22: Общая стоимость, руб.
F23: Всего | G23: В том числе | J23: Всего | K23: В том числе
G24: Осн.З/п | H24: Эк.Маш. | I24: З/пМех | K24: Осн.З/п | L24: Эк.Маш. | M24: З/пМех
A25: 1 | B25: 2 | C25: 3 | D25: 4 | E25: 5 | F25: 6 | G25: 7 | H25: 8 | I25: 9 | J25: 10 | K25: 11 | L25: 12 | M25: 13
A26: Раздел 1.
A27: 1 | B27: ТЕРп06-01-015-07 Постан.Правит.Свердл.обл. от 10.11.10 №1616-ПП | C27: Холодильная установка безнасосная для искусственного охлаждения хладоносителем с одним одноступенчатым компрессором, холодопроизводительность до 781 кВт (700 тыс. ккал/ч) НР (12297 руб.): 65% от ФОТ (18919 руб.) СП (7568 руб.): 40% от ФОТ (18919 руб.) | D27: 1 установка | E27: 2 | F27: 15904.88 | G27: 15904.88 | J27: 31810 | K27: 31810
A28: Итого по разделу 1 | J28: 38784
A29: ИТОГИ ПО СМЕТЕ:
A30: Итого прямые затраты по смете в ценах 2001г. | J30: 31810 | K30: 31810
A31: Итого прямые затраты по смете с учетом коэффициентов к итогам | J31: 18919 | K31: 18919
A32: Накладные расходы | J32: 12297
A33: Сметная прибыль | J33: 7568
A34: Итоги по смете:
A35: Пусконаладочные работы: 'вхолостую' - 57%, 'под нагрузкой' - 43%:
A36: Итого Поз. 1 | J36: 31810 | K36: 31810
A37: Всего с учетом районного к-та 4,34% | J37: 33191 | K37: 33191
A38: Всего с учетом "Пусконаладочные работы: 'вхолостую' - 57%, ' ОЗП=0,57; ТЗ=0,57" | J38: 18919 | K38: 18919
A39: Накладные расходы 65% ФОТ (от 18 919) | J39: 12297
A40: Сметная прибыль 40% ФОТ (от 18 919) | J40: 7568
A41: Итого c накладными и см. прибылью | J41: 38784
A42: Итого | J42: 38784
A43: В том числе:
A44: ФОТ | J44: 18919
A45: Накладные расходы | J45: 12297
A46: Сметная прибыль | J46: 7568
A47: ВСЕГО по смете | J47: 38784

Sheet 04-40703-0-0-ЭМ.ЛС1ПНР
A1: ________________ | J1: ________________
A2: " _____ " ________________ 2011 г. | J2: "______ " _______________2011 г.
E4: (наименование стройки)
D6: ЛОКАЛЬНЫЙ СМЕТНЫЙ РАСЧЕТ №
D7: (локальная смета)
B9: на | C9: 04-40703-0-0-ЭМ.ЛС1 Силовое электрооборудование. Пусконаладочные работы
E10: (наименование работ и затрат, наименование объекта)
C12: Основание: 04-40703-0-0-ЭМ.ВР1 (34653И)
C13: Сметная стоимость прочих _______________________________________________________________________________________________ | E13: ___________________________3,741 | G13: тыс. руб.
C14: Средства на оплату труда _______________________________________________________________________________________________ | E14: ___________________________1,825 | G14: тыс. руб.
C15: Сметная трудоемкость _______________________________________________________________________________________________ | E15: _______________________________________________________________________________________________97,17 | G15: чел.час
C16: Составлен(а) в текущих (прогнозных) ценах по состоянию на _______2011 г.
A19: № пп | B19: Обоснование | C19: Наименование | D19: Ед. изм. | E19: Кол. | F19: Стоимость единицы, руб. | J19: Общая стоимость, руб.
F20: Всего | G20: В том числе | J20: Всего | K20: В том числе
G21: Осн.З/п | H21: Эк.Маш. | I21: З/пМех | K21: Осн.З/п | L21: Эк.Маш. | M21: З/пМех
A22: 1 | B22: 2 | C22: 3 | D22: 4 | E22: 5 | F22: 6 | G22: 7 | H22: 8 | I22: 9 | J22: 10 | K22: 11 | L22: 12 | M22: 13
A23: Раздел 1. Пуско-наладочные работы
B24: ТЕРп01-05-015-02 Постан.Правит.Свердл.обл. от 10.11.10 №1616-ПП л.1, п. 1 | C24: Устройство АВР линии напряжением ниже 1 кВ без схемы восстановления напряжения КОЭФ. К ПОЗИЦИИ: МДС81-40.2006 т.2 п.5._В электроустановках, находящихся под напряжением с оформлением при этом наряда-допуска или распоряжения (с учетом письма Госстроя от 14.02.2006 № СК-481/02) ОЗП=1,3; ТЗ=1,3 НР (189 руб.): 65% от ФОТ (291 руб.) СП (116 руб.): 40% от ФОТ (291 руб.) | D24: 1 устройство | E24: 1 | F24: 348.66 | G24: 348.66 | J24: 349 | K24: 349
B25: ТЕРп01-11-028-01 Постан.Правит.Свердл.обл. от 10.11.10 №1616-ПП л.1, п. 2 | C25: Измерение сопротивления изоляции мегаомметром кабельных и других линий напряжением до 1 кВ, предназначенных для передачи электроэнергии к распределительным устройствам, щитам, шкафам, коммутационным аппаратам и электропотребителям НР (129 руб.): 65% от ФОТ (198 руб.) СП (79 руб.): 40% от ФОТ (198 руб.) | D25: 1 линия | E25: 33 | F25: 7.22 | G25: 7.22 | J25: 238 | K25: 238
B26: ТЕРп01-11-013-01 Постан.Правит.Свердл.обл. от 10.11.10 №1616-ПП л.1, п. 3 | C26: Замер полного сопротивления цепи «фаза-нуль» КОЭФ. К ПОЗИЦИИ: МДС81-40.2006 т.2 п.5._В электроустановках, находящихся под напряжением с оформлением при этом наряда-допуска или распоряжения (с учетом письма Госстроя от 14.02.2006 № СК-481/02) ОЗП=1,3; ТЗ=1,3 НР (382 руб.): 65% от ФОТ (588 руб.) СП (235 руб.): 40% от ФОТ (588 руб.) | D26: 1 токоприемник | E26: 20 | F26: 35.18 | G26: 35.18 | J26: 704 | K26: 704
B27: ТЕРп01-11-011-01 Постан.Правит.Свердл.обл. от 10.11.10 №1616-ПП л.1, п. 4 | C27: Проверка наличия цепи между заземлителями и заземленными элементами НР (57 руб.): 65% от ФОТ (87 руб.) СП (35 руб.): 40% от ФОТ (87 руб.) | D27: 100 точек | E27: 0,36 36 / 100 | F27: 288.64 | G27: 288.64 | J27: 104 | K27: 104
B28: ТЕРп01-11-024-01 Постан.Правит.Свердл.обл. от 10.11.10 №1616-ПП л.1, п. 5 | C28: Фазировка электрической линии или трансформатора с сетью напряжением до 1 кВ НР (196 руб.): 65% от ФОТ (302 руб.) СП (121 руб.): 40% от ФОТ (302 руб.) | D28: 1 фазировка | E28: 20 | F28: 18.04 | G28: 18.04 | J28: 361 | K28: 361
B29: ТЕРп01-12-029-01 Постан.Правит.Свердл.обл. от 10.11.10 №1616-ПП | C29: Испытание цепи вторичной коммутации НР (111 руб.): 65% от ФОТ (170 руб.) СП (68 руб.): 40% от ФОТ (170 руб.) | D29: 1 испытание | E29: 6 | F29: 33.95 | G29: 33.95 | J29: 204 | K29: 204
B30: ТЕРп01-09-001-01 Постан.Правит.Свердл.обл. от 10.11.10 №1616-ПП | C30: Датчик контактный механический с числом цепей управления до 2 НР (123 руб.): 65% от ФОТ (189 руб.) СП (76 руб.): 40% от ФОТ (189 руб.) | D30: 1 шт. | E30: 6 | F30: 37.73 | G30: 37.73 | J30: 226 | K30: 226
A31: Итого по разделу 1 Пуско-наладочные работы | J31: 3741
A32: ИТОГИ ПО СМЕТЕ:
A33: Итого прямые затраты по смете в ценах 2001г. | J33: 2186 | K33: 2186
A34: Итого прямые затраты по смете с учетом коэффициентов к итогам | J34: 1825 | K34: 1825
A35: Накладные расходы | J35: 1186
A36: Сметная прибыль | J36: 730
A37: Итоги по смете:
A38: Пусконаладочные работы: 'вхолостую' - 80%, 'под нагрузкой' - 20%:
A39: Итого Поз. | J39: 2186 | K39: 2186
A40: Всего с учетом районного к-та 4,34% | J40: 2281 | K40: 2281
A41: Всего с учетом "Пусконаладочные работы: 'вхолостую' - 80% ПЗ=0,8 (ОЗП=0,8; ЭМ=0,8; ЗПМ=0,8; МАТ=0,8; ТЗ=0,8; ТЗМ=0,8)" | J41: 1825 | K41: 1825
A42: Накладные расходы 65% ФОТ (от 1 825) | J42: 1186
A43: Сметная прибыль 40% ФОТ (от 1 825) | J43: 730
A44: Итого c накладными и см. прибылью | J44: 3741
A45: Итого | J45: 3741
A46: В том числе:
A47: ФОТ | J47: 1825
A48: Накладные расходы | J48: 1186
A49: Сметная прибыль | J49: 730
A50: ВСЕГО по смете | J50: 3741
A54: Составил: ___________________________А.Ю.Буравова
A55: (должность, подпись, расшифровка)

Sheet СМР
A1: Расчет начальной (максимальной) цены на
A2: на выполнение строительно-монтажных работ попо техперевооружению системы оборотного водоснабжения системы охлаждения технологического оборудования здания №3 производства 001.
A4: Наименование глав ССР, объектный сметных расчетов, локальных сметных расчетов, видов прочих работ | B4: Сметная стоимость строительства в базисном уровне цен на 01.01.2000г. по ССР | F4: Остаток сметной стоимости в базисном уровне цен на 01.01.2015 | J4: Сметная стоимость строительства в базисном уровне цен на 01.01.2000г., выставленная на конкурс | N4: Текущая стоимость на момент определения начальной (максимальной) цены | O4: № обосновывающего расчета | P4: 2015 год | S4: 2016 год
B5: Всего | C5: СМР | D5: Оборудование | E5: Прочие | F5: Всего | G5: СМР | H5: Оборудование | I5: Прочие | J5: Всего | K5: СМР | L5: Оборудование | M5: Прочие | P5: СМР | Q5: Оборудование | R5: Прочие | S5: СМР | T5: Оборудование | U5: Прочие
A6: 1 | B6: 2 | C6: 3 | D6: 4 | E6: 5 | F6: 6 | G6: 7 | H6: 8 | I6: 9 | J6: 10 | K6: 11 | L6: 12 | M6: 13 | N6: 14 | O6: 15 | P6: 16 | Q6: 17 | R6: 18 | S6: 19 | T6: 20 | U6: 21
A7: Автоматизация комплексная | B7: =SUM(C7:E7) -> 418834 | C7: =12960+19173 -> 32133 | D7: 386701 | F7: =SUM(G7:I7) -> 418834 | G7: =C7 -> 32133 | H7: =D7 -> 386701 | I7: =E7 -> 0 | J7: =SUM(K7:M7) -> 418834 | K7: =G7 -> 32133 | L7: =H7 -> 386701 | M7: =R7 -> 0 | N7: =SUM(P7:U7) -> 1916863 | O7: 04-40703-0-0-АК.ЛС (913см3) | P7: =ROUND(G7*5.74,0) -> 184443 | Q7: =ROUND(H7*4.48,0) -> 1732420 | R7: =ROUND(I7*10,0) -> 0
A8: Вентиляция | B8: =SUM(C8:E8) -> 67147 | C8: ='04-40703-0-0-ОВ.ЛС'!J174 -> 67147 | D8: 0 | E8: 0 | F8: =SUM(G8:I8) -> 67147 | G8: =C8 -> 67147 | H8: =D8 -> 0 | I8: =E8 -> 0 | J8: =SUM(K8:M8) -> 67147 | K8: =G8 -> 67147 | L8: =H8 -> 0 | M8: =I8 -> 0 | N8: =SUM(P8:U8) -> 405851 | O8: 04-40703-00-ОВ.ЛС (913см4) | Q8: =ROUND(H8*4.48,0) -> 0 | R8: =ROUND(I8*10.05,0) -> 0 | S8: =ROUND(K8*5.74*1.053,0) -> 405851
A9: Силовое электрооборудование | B9: =SUM(C9:E9) -> 125448 | C9: =45948+55124 -> 101072 | D9: 24376 | F9: =SUM(G9:I9) -> 125448 | G9: =C9 -> 101072 | H9: =D9 -> 24376 | I9: =E9 -> 0 | J9: =SUM(K9:M9) -> 125448 | K9: =G9 -> 101072 | L9: =H9 -> 24376 | M9: =I9 -> 0 | N9: =SUM(P9:U9) -> 725893 | O9: 04-40703-0-0-ЭМ.ЛС изм.1 (913см5) | R9: =ROUND(I9*10.05,0) -> 0 | S9: =ROUND(K9*5.74*1.053,0) -> 610901 | T9: =ROUND(L9*4.48*1.053,0) -> 114992
A10: Архитектурно-строительные решения | B10: =SUM(C10:E10) -> 195999 | C10: ='04-40703-0-0-АС.ЛС изм.1'!J950 -> 195999 | F10: =SUM(G10:I10) -> 195999 | G10: =C10 -> 195999 | H10: =D10 -> 0 | I10: =E10 -> 0 | J10: =SUM(K10:M10) -> 195999 | K10: =G10 -> 195999 | L10: =Q10 -> 0 | M10: =I10 -> 0 | N10: =SUM(P10:U10) -> 1184661 | O10: 04-40703-0-0-АС.ЛС изм.1 (913см6) | Q10: =ROUND(H10*4.48,0) -> 0 | R10: =ROUND(I10*10.05,0) -> 0 | S10: =ROUND(K10*5.74*1.053,0) -> 1184661 | T10: =ROUND(L10*4.48*1.053,0) -> 0
A11: Холодоснабжение | B11: =SUM(C11:E11) -> 8940806 | C11: =345787+755904 -> 1101691 | D11: =7839115 -> 7839115 | F11: =SUM(G11:I11) -> 8940806 | G11: =C11 -> 1101691 | H11: =D11 -> 7839115 | I11: =E11 -> 0 | J11: =SUM(K11:M11) -> 8940806 | K11: =G11 -> 1101691 | L11: =H11 -> 7839115 | M11: =I11 -> 0 | N11: =SUM(P11:U11) -> 43639418 | O11: 04-40703-0-0-ХС.ЛС изм.1 (913см7) | R11: =ROUND(I11*10.05,0) -> 0 | S11: =ROUND(K11*5.74*1.053,0) -> 6658863 | T11: =ROUND(L11*4.48*1.053,0) -> 36980555
A12: Автоматизация комплексная. Пусконаладочные работы. | B12: =SUM(C12:E12) -> 10908 | E12: ='04-40703-0-0-АК.ЛС1ПНР'!J49 -> 10908 | F12: =SUM(G12:I12) -> 10908 | I12: =E12 -> 10908 | J12: =SUM(K12:M12) -> 10908 | M12: =I12 -> 10908 | N12: =SUM(P12:U12) -> 115436 | O12: 04-40703-0-0-АК.ЛС1 | U12: =ROUND(M12*10.05*1.053,0) -> 115436
A13: Вентиляция. Пусконаладочные работы | B13: =SUM(C13:E13) -> 3822 | E13: ='04-40703-0-0-ОВ.ЛС1ПНР'!J52 -> 3822 | F13: =SUM(G13:I13) -> 3822 | I13: =E13 -> 3822 | J13: =SUM(K13:M13) -> 3822 | M13: =I13 -> 3822 | N13: =SUM(P13:U13) -> 40447 | O13: 04-40703-0-0-ОВ.ЛС1 | U13: =ROUND(M13*10.05*1.053,0) -> 40447
A14: Пусконаладочные работы вхолостую | B14: =SUM(C14:E14) -> 38784 | E14: ='04-40703-0-0-ХС.ЛС1ПНР'!J47 -> 38784 | F14: =SUM(G14:I14) -> 38784 | I14: =E14 -> 38784 | J14: =SUM(K14:M14) -> 38784 | M14: =I14 -> 38784 | N14: =SUM(P14:U14) -> 410437 | O14: 04-40703-0-0-ХС.ЛС1 | U14: =ROUND(M14*10.05*1.053,0) -> 410437
A15: Силовое электрооборудование. Пусконаладочные работы | B15: =SUM(C15:E15) -> 3741 | E15: ='04-40703-0-0-ЭМ.ЛС1ПНР'!J50 -> 3741 | F15: =SUM(G15:I15) -> 3741 | I15: =E15 -> 3741 | J15: =SUM(K15:M15) -> 3741 | M15: =I15 -> 3741 | N15: =SUM(P15:U15) -> 39590 | O15: 04-40703-0-0-ЭМ.ЛС1 | U15: =ROUND(M15*10.05*1.053,0) -> 39590
A16: Итого в ценах 2000 года: | B16: =SUM(B7:B15) -> 9805489 | C16: =SUM(C7:C11) -> 1498042 | D16: =SUM(D7:D11) -> 8250192 | E16: =SUM(E7:E15) -> 57255 | F16: =SUM(F7:F15) -> 9805489 | G16: =SUM(G7:G11) -> 1498042 | H16: =SUM(H7:H11) -> 8250192 | I16: =SUM(I7:I15) -> 57255 | J16: =SUM(J7:J15) -> 9805489 | K16: =SUM(K7:K11) -> 1498042 | L16: =SUM(L7:L11) -> 8250192 | M16: =SUM(M7:M15) -> 57255 | N16: =SUM(P16:U16) -> 48478596 | P16: =SUM(P7:P11) -> 184443 | Q16: =SUM(Q7:Q11) -> 1732420 | R16: =SUM(R7:R15) -> 0 | S16: =SUM(S7:S11) -> 8860276 | T16: =SUM(T9:T11) -> 37095547 | U16: =SUM(U7:U15) -> 605910
A17: Итого с индексом инфляции**: | N17: =SUM(P17:U17) -> 48478596 | P17: =P16 -> 184443 | Q17: =Q16 -> 1732420 | R17: =R16 -> 0 | S17: =S16 -> 8860276 | T17: =T16 -> 37095547 | U17: =U16 -> 605910
A18: НДС 18% | N18: =SUM(P18:U18) -> 8726147.3 | P18: =ROUND(P16*18%,2) -> 33199.74 | Q18: =ROUND(Q16*18%,2) -> 311835.6 | R18: =ROUND(R16*18%,2) -> 0 | S18: =ROUND(S17*18%,2) -> 1594849.7 | T18: =ROUND(T17*18%,2) -> 6677198.5 | U18: =ROUND(U17*18%,2) -> 109063.8
A19: Всего: | N19: =SUM(N17:N18) -> 57204743 | P19: =SUM(P17:P18) -> 217642.74 | Q19: =SUM(Q17:Q18) -> 2044255.6 | R19: =SUM(R17:R18) -> 0 | S19: =SUM(S17:S18) -> 10455126 | T19: =SUM(T17:T18) -> 43772745 | U19: =SUM(U17:U18) -> 714973.8
P20: 60000000
A21: * В расчете использованы индексы:
A22: - 5,74 индекс изменения сметной стоимости СМР к ТЕР 2001 (Письмо Минстроя от 26.02.2015 №19823-ЮР/08, приложение 1 прочие объекты).
A23: - 4,48 индекс изменения сметной стоимости оборудования к ТЕР 2001 (Письмо Минстроя от 26.02.2015 №19823-ЮР/08, приложение 5 Нефтеперерабатывающая, химическая и нефтехимическая промышленность).
A24: - 10,05 индекс изменения сметной стоимости пусконаладочных работ к ТЕР 2001 (Письмо Минстроя от 26.02.2015 №19823-ЮР/08, приложение 1 Пусконаладочные работы.
A25: ** В расчете использован индекс-дефлятор по инвестициям в основной капитал 2016/2015 - 1,053 по письму Госкорпорации "Росатом" от 09.09.2014 № 1-12.8/34083
A27: И.о. начальника отдела капитального строительства
A28: ФГУП "Комбинат "Электрохимприбор" | H28: С.С. Батаев
A30: Инженер по проектно-сметной работе | H30: Н.А. Басова
A32: Согласовано | H32: отд. 028

Sheet НМЦ договора
A3: Определение начальной (максимальной) цены договора генерального подряда
A4: на выполнение строительно-монтажных работ по техперевооружению системы оборотного водоснабжения системы охлаждения технологического оборудования здания №3 производства 001.
A5: на 2015, 2016 год
A6: Способ закупки: открытый конкурс
F8: ц.2000г./текущие цены, руб.
A9: Наименование услуг и работ (затрат) | C9: Сметная стоимость строительства в базисном уровне цен на 01.01.2000 г. | D9: Сметная стоимость строительства в текущем уровне цен, пресчитанная на момент проведения процедуры закупки | F9: Начальная (максимальная) цена | G9: в том числе по годам строительства | H9: в том числе по годам строительства
G12: 2015 г. | H12: 2016 г.
A16: 1 | C16: 2 | D16: 3 | F16: 4 | G16: 5 | H16: 6
A17: СМР | C17: =СМР!K16 -> 1498042 | D17: =СМР!P17+СМР!S17 -> 9044719 | F17: =SUM(G17:H17) -> 9044719 | G17: =СМР!P17 -> 184443 | H17: =СМР!S17 -> 8860276
A18: Оборудование | C18: =СМР!L16 -> 8250192 | D18: =СМР!Q17+СМР!T17 -> 38827967 | F18: =SUM(G18:H18) -> 38827967 | G18: =СМР!Q17 -> 1732420 | H18: =СМР!T17 -> 37095547
A19: Прочие затраты | C19: =СМР!M16 -> 57255 | D19: =F19 -> 605910 | F19: =SUM(G19:H19) -> 605910 | G19: =СМР!R17 -> 0 | H19: =СМР!U17 -> 605910
A20: Всего: | C20: =СМР!J16 -> 9805489 | D20: =SUM(D17:E19) -> 48478596 | F20: =SUM(G20:H20) -> 48478596 | G20: =SUM(G17:G19) -> 1916863 | H20: =СМР!S17+СМР!T17+СМР!U17 -> 46561733
A21: НДС | D21: =СМР!N18 -> 8726147.3 | F21: =SUM(G21:H21) -> 8726147.3 | G21: =СМР!P18+СМР!Q18+СМР!R18 -> 345035.34 | H21: =СМР!S18+СМР!T18+СМР!U18 -> 8381111.9
A22: Итого с НДС | D22: =СМР!N19 -> 57204743 | F22: =SUM(G22:H22) -> 57204743 | G22: =SUM(G20:G21) -> 2261898.3 | H22: =SUM(H20:H21) -> 54942845
A24: В расчете использованы индексы:
A26: - 5,74 индекс изменения сметной стоимости СМР к ТЕР 2001 (Письмо Минстроя от 26.02.2015 №19823-ЮР/08, приложение 1 прочие объекты). - 4,48 индекс изменения сметной стоимости оборудования к ТЕР 2001 (Письмо Минстроя от 26.02.2015 №19823-ЮР/08, приложение 5 Нефтеперерабатывающая, химическая и нефтехимическая промышленность). - 10,05 индекс изменения сметной стоимости пусконаладочных работ к ТЕР 2001 (Письмо Минстроя от 26.02.2015 №19823-ЮР/08, приложение 1 Пусконаладочные работы. ** В расчете использован индекс-дефлятор по инвестициям в основной капитал 2016/2015- 1,053 по письму Госкорпорации "Росатом" от 09.09.2014 № 1-12.8/34083
A28: И.о. начальника отдела капитального строительства
A29: ФГУП "Комбинат "Электрохимприбор" | G29: С.С. Батаев
A31: Инженер по проектно-сметной работе | G31: Н.А. Басова
A33: Согласовано | G33: отд. 028
